Workbook
Name \a: #REF!
Name \b: #REF!
Name \c: #REF!
Name \eliminar: #REF!
Name \eliminar1: #REF!
Name \i: #REF!
Name \m: #REF!
Name \o: #REF!
Name \q: #REF!
Name \r: #REF!
Name \t: #REF!
Name \x: #REF!
Name \z: #REF!
Name _: #REF!
Name _________________________________apu1: #REF!
Name ________________________________apu1: #REF!
Name _______________________________apu1: #REF!
Name ______________________________apu1: #REF!
Name ____________________________apu1: #REF!
Name ___________________________apu1: #REF!
Name __________________________apu1: #REF!
Name _________________________apu1: #REF!
Name ________________________apu1: #REF!
Name _______________________apu1: #REF!
Name _____________________apu1: #REF!
Name ____________________apu1: #REF!
Name ___________________apu1: #REF!
Name __________________apu1: #REF!
Name _________________apu1: #REF!
Name ________________apu1: #REF!
Name _______________apu1: #REF!
Name _______________EST1: #REF!
Name _______________EST10: #REF!
Name _______________EST11: #REF!
Name _______________EST12: #REF!
Name _______________EST13: #REF!
Name _______________EST14: #REF!
Name _______________EST15: #REF!
Name _______________EST16: #REF!
Name _______________EST17: #REF!
Name _______________EST18: #REF!
Name _______________EST19: #REF!
Name _______________EST2: #REF!
Name _______________EST3: #REF!
Name _______________EST4: #REF!
Name _______________EST5: #REF!
Name _______________EST6: #REF!
Name _______________EST7: #REF!
Name _______________EST8: #REF!
Name _______________EST9: #REF!
Name _______________EXC1: #REF!
Name _______________EXC10: #REF!
Name _______________EXC11: #REF!
Name _______________EXC12: #REF!
Name _______________EXC2: #REF!
Name _______________EXC3: #REF!
Name _______________EXC4: #REF!
Name _______________EXC5: #REF!
Name _______________EXC6: #REF!
Name _______________EXC7: #REF!

Sheet CAPITULOS
A1: MUNICIPIO DE DABEIBA – ANTIOQUIA | B1: MUNICIPIO DE DABEIBA – ANTIOQUIA | C1: MUNICIPIO DE DABEIBA – ANTIOQUIA | D1: MUNICIPIO DE DABEIBA – ANTIOQUIA | E1: MUNICIPIO DE DABEIBA – ANTIOQUIA
A2: CONSTRUCCIÓN DE AULA Y MEJORAMIENTO DE INFRAESTRUCTURA EXISTENTE DE LA INSTITUCIÓN EDUCATIVA DE LA VEREDA EL RETIRO DEL MUNICIPIO DE DABEIBA, ANTIOQUIA | B2: CONSTRUCCIÓN DE AULA Y MEJORAMIENTO DE INFRAESTRUCTURA EXISTENTE DE LA INSTITUCIÓN EDUCATIVA DE LA VEREDA EL RETIRO DEL MUNICIPIO DE DABEIBA, ANTIOQUIA | C2: CONSTRUCCIÓN DE AULA Y MEJORAMIENTO DE INFRAESTRUCTURA EXISTENTE DE LA INSTITUCIÓN EDUCATIVA DE LA VEREDA EL RETIRO DEL MUNICIPIO DE DABEIBA, ANTIOQUIA | D2: CONSTRUCCIÓN DE AULA Y MEJORAMIENTO DE INFRAESTRUCTURA EXISTENTE DE LA INSTITUCIÓN EDUCATIVA DE LA VEREDA EL RETIRO DEL MUNICIPIO DE DABEIBA, ANTIOQUIA | E2: CONSTRUCCIÓN DE AULA Y MEJORAMIENTO DE INFRAESTRUCTURA EXISTENTE DE LA INSTITUCIÓN EDUCATIVA DE LA VEREDA EL RETIRO DEL MUNICIPIO DE DABEIBA, ANTIOQUIA
A4: COMPONENTE | B4: CAPÍTULO | C4: DESCRIPCIÓN | D4: VALOR | E4: % COSTO DIRECTO
A5: 1 | C5: CONSTRUCCIÓN DE AULA | D5: =ROUND(ACTIVIDADES!$H$82,0) -> 314940879 | E5: =IFERROR(D5/$D$44,0) -> 0.48337892
A6: 1 | B6: 1 | C6: PRELIMINARES | D6: =ROUND(ACTIVIDADES!$H$10,0) -> 2672875 | E6: =IFERROR(D6/$D$44,0) -> 0.0041023936
A7: 1 | B7: 2 | C7: CIMENTACIÓN | D7: =ROUND(ACTIVIDADES!$H$32,0) -> 123692782 | E7: =IFERROR(D7/$D$44,0) -> 0.18984669
A8: 1 | B8: 3 | C8: PISOS | D8: =ROUND(ACTIVIDADES!$H$36,0) -> 24435515 | E8: =IFERROR(D8/$D$44,0) -> 0.037504223
A9: 1 | B9: 4 | C9: ACERO DE REFUERZO | D9: =ROUND(ACTIVIDADES!$H$40,0) -> 65161995 | E9: =IFERROR(D9/$D$44,0) -> 0.10001221
A10: 1 | B10: 5 | C10: MAMPOSTERÍA | D10: =ROUND(ACTIVIDADES!$H$47,0) -> 15079367 | E10: =IFERROR(D10/$D$44,0) -> 0.023144179
A11: 1 | B11: 6 | C11: ESTRUCTURA DE CUBIERTA Y CUBIERTA | D11: =ROUND(ACTIVIDADES!$H$52,0) -> 58188657 | E11: =IFERROR(D11/$D$44,0) -> 0.089309366
A12: 1 | B12: 7 | C12: IMPERMEABILIZACIONES | D12: =ROUND(ACTIVIDADES!$H$55,0) -> 2646275 | E12: =IFERROR(D12/$D$44,0) -> 0.0040615672
A13: 1 | B13: 8 | C13: INSTALACIONES ELÉCTRICAS | D13: =ROUND(ACTIVIDADES!$H$68,0) -> 14757276 | E13: =IFERROR(D13/$D$44,0) -> 0.022649826
A14: 1 | B14: 9 | C14: ILUMINACIÓN | D14: =ROUND(ACTIVIDADES!$H$72,0) -> 1484940 | E14: =IFERROR(D14/$D$44,0) -> 0.002279122
A15: 1 | B15: 10 | C15: CARPINTERÍA METÁLICA | D15: =ROUND(ACTIVIDADES!$H$75,0) -> 2636771 | E15: =IFERROR(D15/$D$44,0) -> 0.0040469803
A16: 1 | B16: 11 | C16: PINTURA | D16: =ROUND(ACTIVIDADES!$H$78,0) -> 3810176 | E16: =IFERROR(D16/$D$44,0) -> 0.0058479508
A17: 1 | B17: 12 | C17: ASEO OBRA | D17: =ROUND(ACTIVIDADES!$H$81,0) -> 374250 | E17: =IFERROR(D17/$D$44,0) -> 0.000574408
A18: 2 | C18: BATERÍA SANITARIA | D18: =ROUND(ACTIVIDADES!$H$143,0) -> 82603534 | E18: =IFERROR(D18/$D$44,0) -> 0.12678191
A19: 2 | B19: 1 | C19: PRELIMINARES | D19: =ROUND(ACTIVIDADES!$H$87,0) -> 251650 | E19: =IFERROR(D19/$D$44,0) -> 0.00038623854
A20: 2 | B20: 2 | C20: EXCAVACIONES Y LLENOS | D20: =ROUND(ACTIVIDADES!$H$91,0) -> 641619 | E20: =IFERROR(D20/$D$44,0) -> 0.00098477245
A21: 2 | B21: 3 | C21: CONCRETOS | D21: =ROUND(ACTIVIDADES!$H$99,0) -> 15289358 | E21: =IFERROR(D21/$D$44,0) -> 0.023466479
A22: 2 | B22: 4 | C22: MAMPOSTERÍA | D22: =ROUND(ACTIVIDADES!$H$104,0) -> 6184061 | E22: =IFERROR(D22/$D$44,0) -> 0.0094914472
A23: 2 | B23: 5 | C23: INSTALACIONES ELÉCTRICAS | D23: =ROUND(ACTIVIDADES!$H$108,0) -> 1102810 | E23: =IFERROR(D23/$D$44,0) -> 0.0016926196
A24: 2 | B24: 6.1 | C24: INSTALACIONES HIDRÁULICAS | D24: =ROUND(ACTIVIDADES!$H$113,0) -> 1684982 | E24: =IFERROR(D24/$D$44,0) -> 0.0025861514
A25: 2 | B25: 6.2 | C25: INSTALACIONES SANITARIAS Y APARATOS | D25: =ROUND(ACTIVIDADES!$H$129,0) -> 27006943 | E25: =IFERROR(D25/$D$44,0) -> 0.041450913
A26: 2 | B26: 7 | C26: CARPINTERÍA METÁLICA | D26: =ROUND(ACTIVIDADES!$H$133,0) -> 5711834 | E26: =IFERROR(D26/$D$44,0) -> 0.0087666617
A27: 2 | B27: 8 | C27: PINTURA | D27: =ROUND(ACTIVIDADES!$H$137,0) -> 1142914 | E27: =IFERROR(D27/$D$44,0) -> 0.0017541722
A28: 2 | B28: 9 | C28: CUBIERTA | D28: =ROUND(ACTIVIDADES!$H$142,0) -> 23587363 | E28: =IFERROR(D28/$D$44,0) -> 0.036202458
A29: COSTO DIRECTO DE OBRA | D29: =ROUND(ACTIVIDADES!$H$145,0) -> 397544413 | E29: =IFERROR(D29/$D$44,0) -> 0.61016083
A31: COSTO OBRA CIVIL E INSTALACIONES ANTES DE A.U. | D31: =ROUND(D29,0) -> 397544413 | E31: =IFERROR(D31/$D$44,0) -> 0.61016083
A33: ADMINISTRACIÓN | D33: =ROUND('FORM-AU'!$K$57,0) -> 142153792 | E33: =IFERROR(D33/$D$44,0) -> 0.2181811
A34: UTILIDAD | D34: =ROUND('FORM-AU'!$K$59,0) -> 19877221 | E34: =IFERROR(D34/$D$44,0) -> 0.030508042
A36: SUBTOTAL COSTO DIRECTO + A + U | D36: =ROUND(SUM(D31,D33:D34),0) -> 559575426 | E36: =IFERROR(D36/$D$44,0) -> 0.85884997
A38: PGIO | D38: =ROUND(PGIO!$F$35,0) -> 11634058 | E38: =IFERROR(D38/$D$44,0) -> 0.017856235
A39: PÓLIZAS | D39: =ROUND(POLIZAS!G44,0) -> 4731360 | E39: =IFERROR(D39/$D$44,0) -> 0.0072618064
A40: INTERVENTORÍA | D40: =ROUND('FORM-INTER'!$H$32,0) -> 75599522 | E40: =IFERROR(D40/$D$44,0) -> 0.11603199 | H40: =+D40/D44 -> 0.11603199
A41: OTROS | D41: 0 | E41: =IFERROR(D41/$D$44,0) -> 0
A42: TOTAL COSTOS INDIRECTOS / REEMBOLSABLES | D42: =ROUND(SUM(D38:D41),0) -> 91964940 | E42: =IFERROR(D42/$D$44,0) -> 0.14115003
A44: COSTO TOTAL DEL PROYECTO | D44: =ROUND(D36+D42,0) -> 651540366 | E44: =IFERROR(D44/$D$44,0) -> 1
A46: FUENTES DE FINANCIACIÓN DEL PROYECTO
A47: GOBERNACIÓN DE ANTIOQUIA | D47: =ROUND(D44*E47,0) -> 456078256 | E47: =70% -> 0.7
A48: MUNICIPIO DE DABEIBA | D48: =ROUND(D44-D47,0) -> 195462110 | E48: =30% -> 0.3
A49: TOTAL FINANCIACIÓN | D49: =SUM(D47:D48) -> 651540366 | E49: =SUM(E47:E48) -> 1

Sheet ACTIVIDADES
A1: MUNICIPIO DE DABEIBA – ANTIOQUIA | B1: MUNICIPIO DE DABEIBA – ANTIOQUIA | C1: MUNICIPIO DE DABEIBA – ANTIOQUIA | D1: MUNICIPIO DE DABEIBA – ANTIOQUIA | E1: MUNICIPIO DE DABEIBA – ANTIOQUIA | F1: MUNICIPIO DE DABEIBA – ANTIOQUIA | G1: MUNICIPIO DE DABEIBA – ANTIOQUIA | H1: MUNICIPIO DE DABEIBA – ANTIOQUIA
A2: CONSTRUCCIÓN DE AULA Y MEJORAMIENTO DE INFRAESTRUCTURA EXISTENTE DE LA INSTITUCIÓN EDUCATIVA DE LA VEREDA EL RETIRO DEL MUNICIPIO DE DABEIBA, ANTIOQUIA | B2: CONSTRUCCIÓN DE AULA Y MEJORAMIENTO DE INFRAESTRUCTURA EXISTENTE DE LA INSTITUCIÓN EDUCATIVA DE LA VEREDA EL RETIRO DEL MUNICIPIO DE DABEIBA, ANTIOQUIA | C2: CONSTRUCCIÓN DE AULA Y MEJORAMIENTO DE INFRAESTRUCTURA EXISTENTE DE LA INSTITUCIÓN EDUCATIVA DE LA VEREDA EL RETIRO DEL MUNICIPIO DE DABEIBA, ANTIOQUIA | D2: CONSTRUCCIÓN DE AULA Y MEJORAMIENTO DE INFRAESTRUCTURA EXISTENTE DE LA INSTITUCIÓN EDUCATIVA DE LA VEREDA EL RETIRO DEL MUNICIPIO DE DABEIBA, ANTIOQUIA | E2: CONSTRUCCIÓN DE AULA Y MEJORAMIENTO DE INFRAESTRUCTURA EXISTENTE DE LA INSTITUCIÓN EDUCATIVA DE LA VEREDA EL RETIRO DEL MUNICIPIO DE DABEIBA, ANTIOQUIA | F2: CONSTRUCCIÓN DE AULA Y MEJORAMIENTO DE INFRAESTRUCTURA EXISTENTE DE LA INSTITUCIÓN EDUCATIVA DE LA VEREDA EL RETIRO DEL MUNICIPIO DE DABEIBA, ANTIOQUIA | G2: CONSTRUCCIÓN DE AULA Y MEJORAMIENTO DE INFRAESTRUCTURA EXISTENTE DE LA INSTITUCIÓN EDUCATIVA DE LA VEREDA EL RETIRO DEL MUNICIPIO DE DABEIBA, ANTIOQUIA | H2: CONSTRUCCIÓN DE AULA Y MEJORAMIENTO DE INFRAESTRUCTURA EXISTENTE DE LA INSTITUCIÓN EDUCATIVA DE LA VEREDA EL RETIRO DEL MUNICIPIO DE DABEIBA, ANTIOQUIA
A3: PRESUPUESTO DE ACTIVIDADES | B3: PRESUPUESTO DE ACTIVIDADES | C3: PRESUPUESTO DE ACTIVIDADES | D3: PRESUPUESTO DE ACTIVIDADES | E3: PRESUPUESTO DE ACTIVIDADES | F3: PRESUPUESTO DE ACTIVIDADES | G3: PRESUPUESTO DE ACTIVIDADES | H3: PRESUPUESTO DE ACTIVIDADES
A5: COMP. | B5: CAPÍTULO | C5: ÍTEM | D5: DESCRIPCIÓN | E5: UNIDAD | F5: CANTIDAD | G5: VALOR UNITARIO | H5: VALOR PARCIAL
A6: COMPONENTE 1. CONSTRUCCIÓN DE AULA | B6: COMPONENTE 1. CONSTRUCCIÓN DE AULA | C6: COMPONENTE 1. CONSTRUCCIÓN DE AULA | D6: COMPONENTE 1. CONSTRUCCIÓN DE AULA | E6: COMPONENTE 1. CONSTRUCCIÓN DE AULA | F6: COMPONENTE 1. CONSTRUCCIÓN DE AULA | G6: COMPONENTE 1. CONSTRUCCIÓN DE AULA | H6: COMPONENTE 1. CONSTRUCCIÓN DE AULA
A7: 1 | B7: 1 | D7: PRELIMINARES
A8: 1 | B8: 1 | C8: 1.1.1 | D8: LOCALIZACIÓN, TRAZADO Y REPLANTEO. Incluye demarcación con pintura, línea de trazado, corte de piso, libretas y planos. | E8: m² | F8: 125 | G8: =ROUND(APU!$G$22,0) -> 7190 | H8: =ROUND(F8*G8,0) -> 898750
A9: 1 | B9: 1 | C9: 1.1.2 | D9: SUMINISTRO, INSTALACIÓN, MANTENIMIENTO Y DESMONTE DE CERRAMIENTO PROVISIONAL EN TELA NARANJA DE 2,00 m DE ALTURA, CON ESTRUCTURA EN MADERA Y ANCLAJES EN CONCRETO DE 17,5 MPa. INCLUYE EXCAVACIÓN PUNTUAL, ACOPIO INTERNO Y TODOS LOS ELEMENTOS NECESARIOS PARA SU CORRECTA EJECUCIÓN. | E9: m | F9: 57 | G9: =ROUND(APU!$G$38,0) -> 31125 | H9: =ROUND(F9*G9,0) -> 1774125
A10: SUBTOTAL 1. PRELIMINARES | B10: SUBTOTAL 1. PRELIMINARES | C10: SUBTOTAL 1. PRELIMINARES | D10: SUBTOTAL 1. PRELIMINARES | E10: SUBTOTAL 1. PRELIMINARES | F10: SUBTOTAL 1. PRELIMINARES | G10: SUBTOTAL 1. PRELIMINARES | H10: =ROUND(SUM(H8:H9),0) -> 2672875
A11: 1 | B11: 2 | D11: CONCRETOS
A12: 1 | B12: 2 | C12: 2.1.1 | D12: EXCAVACIÓN MANUAL DE MATERIAL HETEROGÉNEO ENTRE 0 Y 2 m DE PROFUNDIDAD, BAJO CUALQUIER GRADO DE HUMEDAD. INCLUYE ROCA DESCOMPUESTA, BOLAS DE ROCA MENORES A 0,35 m³, CARGUE Y ACOPIO O TRASIEGO INTERNO. NO INCLUYE ENTIBADO, TRANSPORTE EXTERNO NI DISPOSICIÓN FINAL. | E12: m³ | F12: 139.97 | G12: =ROUND(APU!$G$48,0) -> 79360 | H12: =ROUND(F12*G12,0) -> 11108019
A13: 1 | B13: 2 | C13: 2.2.3 | D13: LLENO CON MATERIAL PROVENIENTE DE LA EXCAVACIÓN, COMPACTADO MECÁNICAMENTE HASTA ALCANZAR EL 95 % DE LA DENSIDAD MÁXIMA DEL ENSAYO PRÓCTOR MODIFICADO. INCLUYE TRANSPORTE INTERNO. MEDIDA EN SITIO COMPACTADO. | E13: m³ | F13: 85 | G13: =ROUND(APU!$G$60,0) -> 64239 | H13: =ROUND(F13*G13,0) -> 5460315
A14: 1 | B14: 2 | C14: 2.3.1 | D14: SUMINISTRO E INSTALACIÓN DE CONCRETO POBRE DE LIMPIEZA DE 2.000 PSI PARA SOLADO, ESPESOR 0,05 m. INCLUYE TRANSPORTE, COLOCACIÓN, NIVELACIÓN, CURADO Y TODO LO NECESARIO PARA SU CORRECTA EJECUCIÓN. NO INCLUYE REFUERZO. | E14: m² | F14: 20.06 | G14: =ROUND(APU!$G$75,0) -> 55079 | H14: =ROUND(F14*G14,0) -> 1104885
A15: 1 | B15: 2 | C15: 2.3.2 | D15: SUMINISTRO E INSTALACIÓN DE CONCRETO DE 3.000 PSI PARA ZAPATAS DE FUNDACIÓN. INCLUYE FORMALETA Y CURADO. NO INCLUYE ACERO DE REFUERZO. | E15: m³ | F15: 2.35 | G15: =ROUND(APU!$G$95,0) -> 1191123 | H15: =ROUND(F15*G15,0) -> 2799139
A16: 1 | B16: 2 | C16: 2.3.3 | D16: SUMINISTRO E INSTALACIÓN DE CONCRETO DE 3.000 PSI PARA COLUMNAS. INCLUYE FORMALETA, VIBRADO Y CURADO. NO INCLUYE ACERO DE REFUERZO. | E16: m³ | F16: 3.04 | G16: =ROUND(APU!$G$115,0) -> 1498064 | H16: =ROUND(F16*G16,0) -> 4554115
A17: 1 | B17: 2 | C17: 2.3.4 | D17: SUMINISTRO E INSTALACIÓN DE CONCRETO DE 3.000 PSI PARA VIGAS DE CIMENTACIÓN. INCLUYE FORMALETA, VIBRADO Y CURADO. NO INCLUYE ACERO DE REFUERZO. | E17: m³ | F17: 5.76 | G17: =ROUND(APU!$G$135,0) -> 1283205 | H17: =ROUND(F17*G17,0) -> 7391261
A18: 1 | B18: 2 | C18: 2.3.5 | D18: SUMINISTRO E INSTALACIÓN DE CONCRETO DE 3.000 PSI PARA VIGA DE ANDÉN. INCLUYE FORMALETA, VIBRADO Y CURADO. NO INCLUYE ACERO DE REFUERZO. | E18: m³ | F18: 1.8 | G18: =ROUND(APU!$G$155,0) -> 1498064 | H18: =ROUND(F18*G18,0) -> 2696515
A19: 1 | B19: 2 | C19: 2.3.6 | D19: SUMINISTRO E INSTALACIÓN DE CONCRETO DE 3.000 PSI PARA VIGA DE AMARRE SUPERIOR. INCLUYE FORMALETA, VIBRADO Y CURADO. NO INCLUYE ACERO DE REFUERZO. | E19: m³ | F19: 5.98 | G19: =ROUND(APU!$G$175,0) -> 1390635 | H19: =ROUND(F19*G19,0) -> 8315997
A20: 1 | B20: 2 | C20: 2.3.7 | D20: SUMINISTRO E INSTALACIÓN DE CONCRETO DE 3.000 PSI PARA VIGA CINTA. INCLUYE FORMALETA, VIBRADO Y CURADO. NO INCLUYE ACERO DE REFUERZO. | E20: m³ | F20: 0.82 | G20: =ROUND(APU!$G$195,0) -> 1498064 | H20: =ROUND(F20*G20,0) -> 1228412
A21: 1 | B21: 2 | C21: 2.3.8 | D21: SUMINISTRO E INSTALACIÓN DE CONCRETO DE 3.000 PSI PARA VIGA DE BORDE DE PLACA DE FACHADA. INCLUYE FORMALETA, VIBRADO Y CURADO. NO INCLUYE ACERO DE REFUERZO. | E21: m³ | F21: 0.92 | G21: =ROUND(APU!$G$215,0) -> 1240234 | H21: =ROUND(F21*G21,0) -> 1141015
A22: 1 | B22: 2 | C22: 2.3.9 | D22: SUMINISTRO E INSTALACIÓN DE CONCRETO DE 3.000 PSI PARA MOJINETE O CUCHILLAS LATERALES. INCLUYE FORMALETA, VIBRADO Y CURADO. NO INCLUYE ACERO DE REFUERZO. | E22: m³ | F22: 1.5 | G22: =ROUND(APU!$G$235,0) -> 1784541 | H22: =ROUND(F22*G22,0) -> 2676812
A23: 1 | B23: 2 | C23: 2.3.10 | D23: CONSTRUCCIÓN DE LOSA EN CONCRETO DE 21 MPa (3.000 PSI), ESPESOR 0,10 m. INCLUYE SUMINISTRO, TRANSPORTE, COLOCACIÓN, VIBRADO, PROTECCIÓN, CURADO, ACABADO CON LLANA METÁLICA Y JUNTAS DE DILATACIÓN FORMALTEADAS O CORTADAS CON DISCO DIAMANTADO DE 3 A 5 mm. NO INCLUYE ACERO DE REFUERZO. | E23: m² | F23: 125 | G23: =ROUND(APU!$G$254,0) -> 133758 | H23: =ROUND(F23*G23,0) -> 16719750
A24: 1 | B24: 2 | C24: 2.3.11 | D24: SUMINISTRO E INSTALACIÓN DE CONCRETO DE 3.000 PSI PARA PLACA DE FACHADA DE 0,15 m DE ESPESOR, SEGÚN CORTE 1-1 DEL DISEÑO ESTRUCTURAL. INCLUYE FORMALETA, ANDAMIOS, CLAVOS, ALAMBRE, VIBRADO, CURADO Y TODO LO NECESARIO PARA SU CORRECTA EJECUCIÓN. NO INCLUYE ACERO DE REFUERZO. | E24: m² | F24: 25.2 | G24: =ROUND(APU!$G$273,0) -> 377337 | H24: =ROUND(F24*G24,0) -> 9508892
A25: 1 | B25: 2 | C25: 2.3.12 | D25: BORDILLO FUNDIDO EN CONCRETO DE 3.000 PSI, CON ACABADO ARQUITECTÓNICO A LA VISTA. INCLUYE FORMALETA, VIBRADO Y CURADO. NO INCLUYE ACERO DE REFUERZO. | E25: m³ | F25: 1.45 | G25: =ROUND(APU!$G$293,0) -> 1927780 | H25: =ROUND(F25*G25,0) -> 2795281
A26: 1 | B26: 2 | C26: 2.3.13 | D26: CUNETA EN CONCRETO DE 3.000 PSI. INCLUYE FORMALETA, VIBRADO, CURADO Y ACABADO. NO INCLUYE ACERO DE REFUERZO NI MATERIAL FILTRANTE, LOS CUALES DEBEN PAGARSE EN LOS ÍTEMS CORRESPONDIENTES. | E26: m³ | F26: 3.89 | G26: =ROUND(APU!$G$313,0) -> 1317736 | H26: =ROUND(F26*G26,0) -> 5125993
A27: 1 | B27: 2 | C27: 2.3.14 | D27: SUMINISTRO E INSTALACIÓN DE GÁRGOLA PREFABRICADA, INCLUYE ANCLAJES, SELLOS Y TODO LO NECESARIO PARA SU CORRECTA INSTALACIÓN. | E27: und | F27: 2 | G27: =ROUND(APU!$G$328,0) -> 184861 | H27: =ROUND(F27*G27,0) -> 369722
A28: 1 | B28: 2 | C28: 2.3.14.1.1 | D28: EXCAVACIÓN MANUAL DE MATERIAL HETEROGÉNEO ENTRE 0 Y 2 m DE PROFUNDIDAD PARA MURO DE CONTENCIÓN. INCLUYE CARGUE Y ACOPIO O TRASIEGO INTERNO. NO INCLUYE TRANSPORTE EXTERNO NI DISPOSICIÓN FINAL. | E28: m³ | F28: 75 | G28: =ROUND(APU!$G$338,0) -> 79360 | H28: =ROUND(F28*G28,0) -> 5952000
A29: 1 | B29: 2 | C29: 2.3.14.1.2 | D29: SUMINISTRO E INSTALACIÓN DE CONCRETO POBRE DE LIMPIEZA DE 2.000 PSI PARA SOLADO, ESPESOR 0,05 m. INCLUYE TRANSPORTE, COLOCACIÓN, NIVELACIÓN Y CURADO. NO INCLUYE REFUERZO. | E29: m² | F29: 24.6 | G29: =ROUND(APU!$G$353,0) -> 55079 | H29: =ROUND(F29*G29,0) -> 1354943
A30: 1 | B30: 2 | C30: 2.3.14.1.3 | D30: SUMINISTRO E INSTALACIÓN DE CONCRETO DE 3.000 PSI PARA ZAPATA DE MURO DE CONTENCIÓN. INCLUYE FORMALETA, VIBRADO Y CURADO. NO INCLUYE ACERO DE REFUERZO. | E30: m³ | F30: 13.84 | G30: =ROUND(APU!$G$373,0) -> 1135465 | H30: =ROUND(F30*G30,0) -> 15714836
A31: 1 | B31: 2 | C31: 2.3.14.1.4 | D31: SUMINISTRO E INSTALACIÓN DE CONCRETO DE 3.000 PSI PARA FUSTE DE MURO DE CONTENCIÓN. INCLUYE FORMALETA, VIBRADO Y CURADO. NO INCLUYE ACERO DE REFUERZO. | E31: m³ | F31: 13.39 | G31: =ROUND(APU!$G$393,0) -> 1320006 | H31: =ROUND(F31*G31,0) -> 17674880
A32: SUBTOTAL 2. CIMENTACIÓN | B32: SUBTOTAL 2. CIMENTACIÓN | C32: SUBTOTAL 2. CIMENTACIÓN | D32: SUBTOTAL 2. CIMENTACIÓN | E32: SUBTOTAL 2. CIMENTACIÓN | F32: SUBTOTAL 2. CIMENTACIÓN | G32: SUBTOTAL 2. CIMENTACIÓN | H32: =ROUND(SUM(H12:H31),0) -> 123692782
A33: 1 | B33: 3 | D33: PISOS
A34: 1 | B34: 3 | C34: 3.1 | D34: SUMINISTRO E INSTALACIÓN DE PISO CERÁMICO 40 × 40 cm, TRÁFICO 5. INCLUYE ZÓCALO, PEGANTE, BOQUILLA, CORTES, LIMPIEZA Y TODO LO NECESARIO PARA SU CORRECTA INSTALACIÓN. | E34: m² | F34: 66.42 | G34: =ROUND(APU!$G$410,0) -> 191877 | H34: =ROUND(F34*G34,0) -> 12744470
A35: 1 | B35: 3 | C35: 3.2 | D35: SUMINISTRO E INSTALACIÓN DE PISO ANTIDESLIZANTE PARA EXTERIORES CON JUNTA EN PIEDRA CHINA O ARENÓN CHINO. INCLUYE PEGANTE, BOQUILLA, CORTES Y LIMPIEZA. | E35: m² | F35: 59.17 | G35: =ROUND(APU!$G$427,0) -> 197584 | H35: =ROUND(F35*G35,0) -> 11691045
A36: SUBTOTAL 3. PISOS | B36: SUBTOTAL 3. PISOS | C36: SUBTOTAL 3. PISOS | D36: SUBTOTAL 3. PISOS | E36: SUBTOTAL 3. PISOS | F36: SUBTOTAL 3. PISOS | G36: SUBTOTAL 3. PISOS | H36: =ROUND(SUM(H34:H35),0) -> 24435515
A37: 1 | B37: 4 | D37: ACERO DE REFUERZO
A38: 1 | B38: 4 | C38: 4.1 | D38: SUMINISTRO E INSTALACIÓN DE ACERO DE REFUERZO DE 60.000 PSI. INCLUYE ALAMBRE NEGRO, FIGURACIÓN, CORTE, DOBLADO, AMARRE, TRASLAPOS, SEPARADORES Y TODO LO NECESARIO PARA SU CORRECTA COLOCACIÓN. | E38: kg | F38: 5475 | G38: =ROUND(APU!$G$443,0) -> 11210 | H38: =ROUND(F38*G38,0) -> 61374750
A39: 1 | B39: 4 | C39: 4.2 | D39: SUMINISTRO E INSTALACIÓN DE MALLA ELECTROSOLDADA ESTÁNDAR. INCLUYE ALAMBRE NEGRO, CORTE, TRASLAPOS, AMARRE, SEPARADORES Y TODO LO NECESARIO PARA SU CORRECTA COLOCACIÓN. | E39: und | F39: 15 | G39: =ROUND(APU!$G$458,0) -> 252483 | H39: =ROUND(F39*G39,0) -> 3787245
A40: SUBTOTAL 4. ACERO DE REFUERZO | B40: SUBTOTAL 4. ACERO DE REFUERZO | C40: SUBTOTAL 4. ACERO DE REFUERZO | D40: SUBTOTAL 4. ACERO DE REFUERZO | E40: SUBTOTAL 4. ACERO DE REFUERZO | F40: SUBTOTAL 4. ACERO DE REFUERZO | G40: SUBTOTAL 4. ACERO DE REFUERZO | H40: =ROUND(SUM(H38:H39),0) -> 65161995
A41: 1 | B41: 5 | D41: MAMPOSTERÍA
A42: 1 | B42: 5 | C42: 5.1.1 | D42: SUMINISTRO E INSTALACIÓN DE SOBRECIMIENTO EN BLOQUE DE CONCRETO DE 0,15 m, RELLENO EN DOS HILADAS CON CONCRETO. INCLUYE MORTERO, CORTES Y LIMPIEZA. | E42: m | F42: 32.6 | G42: =ROUND(APU!$G$473,0) -> 88711 | H42: =ROUND(F42*G42,0) -> 2891979
A43: 1 | B43: 5 | C43: 5.1.2 | D43: SUMINISTRO E INSTALACIÓN DE MURO DE 0,10 m EN BLOQUE ESTRIADO N.° 4, 10 × 20 × 40 cm. INCLUYE MORTERO 1:3 DE 1 cm, ANDAMIOS, CORTES Y LIMPIEZA. | E43: m² | F43: 51 | G43: =ROUND(APU!$G$488,0) -> 65777 | H43: =ROUND(F43*G43,0) -> 3354627
A44: 1 | B44: 5 | C44: 5.1.3 | D44: SUMINISTRO E INSTALACIÓN DE ALFAJÍA DE 0,20 × 0,10 m EN CONCRETO DE 3.000 PSI A LA VISTA. INCLUYE FORMALETA, ACABADO Y CURADO. | E44: m | F44: 6 | G44: =ROUND(APU!$G$508,0) -> 94722 | H44: =ROUND(F44*G44,0) -> 568332
A45: 1 | B45: 5 | C45: 5.1.4 | D45: SUMINISTRO E INSTALACIÓN DE BLOQUE DE ARCILLA DE 10 × 20 × 20 cm, DOS HUECOS, A LA VISTA. INCLUYE MORTERO, CORTES Y LIMPIEZA. | E45: m² | F45: 34.4 | G45: =ROUND(APU!$G$523,0) -> 124478 | H45: =ROUND(F45*G45,0) -> 4282043
A46: 1 | B46: 5 | C46: 5.1.5 | D46: SUMINISTRO E INSTALACIÓN DE PAÑETE EN MORTERO 1:4, ESPESOR 0,02 m. INCLUYE DILATACIONES, RANURAS, FILETES, ANDAMIOS Y TODO LO NECESARIO PARA SU CORRECTA EJECUCIÓN. | E46: m² | F46: 102 | G46: =ROUND(APU!$G$537,0) -> 39043 | H46: =ROUND(F46*G46,0) -> 3982386
A47: SUBTOTAL 5. MAMPOSTERÍA | B47: SUBTOTAL 5. MAMPOSTERÍA | C47: SUBTOTAL 5. MAMPOSTERÍA | D47: SUBTOTAL 5. MAMPOSTERÍA | E47: SUBTOTAL 5. MAMPOSTERÍA | F47: SUBTOTAL 5. MAMPOSTERÍA | G47: SUBTOTAL 5. MAMPOSTERÍA | H47: =ROUND(SUM(H42:H46),0) -> 15079367
A48: 1 | B48: 6 | D48: ESTRUCTURA DE CUBIERTA Y CUBIERTA
A49: 1 | B49: 6 | C49: 6.1 | D49: SUMINISTRO, FABRICACIÓN E INSTALACIÓN DE PERFIL PHR 355 × 110 × 2,5 mm O SIMILAR, CON CARACTERÍSTICAS Y CAPACIDAD ESTRUCTURAL IGUAL O SUPERIOR. INCLUYE SOLDADURA, PERFORACIONES, LIJADO, ANTICORROSIVO, PINTURA ESMALTE, ANDAMIOS, ANCLAJES Y TODO LO NECESARIO PARA SU CORRECTA INSTALACIÓN. | E49: kg | F49: 960 | G49: =ROUND(APU!$G$556,0) -> 24162 | H49: =ROUND(F49*G49,0) -> 23195520
A50: 1 | B50: 6 | C50: 6.2 | D50: SUMINISTRO E INSTALACIÓN DE TEMPLETE EN VARILLA ROSCADA DE 5/8". INCLUYE ARANDELAS, TUERCAS, TENSADO, PROTECCIÓN ANTICORROSIVA Y TODO LO NECESARIO PARA SU CORRECTA INSTALACIÓN. | E50: m | F50: 32.4 | G50: =ROUND(APU!$G$577,0) -> 44422 | H50: =ROUND(F50*G50,0) -> 1439273
A51: 1 | B51: 6 | C51: 6.3 | D51: SUMINISTRO E INSTALACIÓN DE CUBIERTA TERMOACÚSTICA TIPO SÁNDWICH EN ALUZINC DE 0,50 mm, CON AISLAMIENTO DE POLIURETANO DE 30 mm Y ACABADO AZUL COLONIAL. INCLUYE FIJACIONES, SELLOS, REMATES Y ACCESORIOS PARA SU CORRECTA INSTALACIÓN. | E51: m² | F51: 94 | G51: =ROUND(APU!$G$593,0) -> 356956 | H51: =ROUND(F51*G51,0) -> 33553864
A52: SUBTOTAL 6. ESTRUCTURA DE CUBIERTA Y CUBIERTA | B52: SUBTOTAL 6. ESTRUCTURA DE CUBIERTA Y CUBIERTA | C52: SUBTOTAL 6. ESTRUCTURA DE CUBIERTA Y CUBIERTA | D52: SUBTOTAL 6. ESTRUCTURA DE CUBIERTA Y CUBIERTA | E52: SUBTOTAL 6. ESTRUCTURA DE CUBIERTA Y CUBIERTA | F52: SUBTOTAL 6. ESTRUCTURA DE CUBIERTA Y CUBIERTA | G52: SUBTOTAL 6. ESTRUCTURA DE CUBIERTA Y CUBIERTA | H52: =ROUND(SUM(H49:H51),0) -> 58188657
A53: 1 | B53: 7 | D53: IMPERMEABILIZACIONES
A54: 1 | B54: 7 | C54: 7.1 | D54: SUMINISTRO Y APLICACIÓN DE IMPERMEABILIZANTE ACRÍLICO TRANSITABLE TIPO SIKAFILL 12 O EQUIVALENTE, PARA CUBIERTA. INCLUYE PREPARACIÓN DE SUPERFICIE, IMPRIMACIÓN CUANDO APLIQUE Y APLICACIÓN SEGÚN RECOMENDACIONES DEL FABRICANTE. | E54: m² | F54: 25 | G54: =ROUND(APU!$G$607,0) -> 105851 | H54: =ROUND(F54*G54,0) -> 2646275
A55: SUBTOTAL 7. IMPERMEABILIZACIONES | B55: SUBTOTAL 7. IMPERMEABILIZACIONES | C55: SUBTOTAL 7. IMPERMEABILIZACIONES | D55: SUBTOTAL 7. IMPERMEABILIZACIONES | E55: SUBTOTAL 7. IMPERMEABILIZACIONES | F55: SUBTOTAL 7. IMPERMEABILIZACIONES | G55: SUBTOTAL 7. IMPERMEABILIZACIONES | H55: =ROUND(SUM(H54:H54),0) -> 2646275
A56: 1 | B56: 8 | D56: INSTALACIONES ELÉCTRICAS
A57: 1 | B57: 8 | C57: 8.1 | D57: SALIDA PARA TOMACORRIENTE DOBLE DE 120 V, 15 A, COLOR BLANCO, EN TUBERÍA CONDUIT PVC SCH 40 Y CABLE N.° 12 AWG THHN/THWN. INCLUYE CAJAS, ACCESORIOS, CONECTORES Y PRUEBAS. | E57: und | F57: 10 | G57: =ROUND(APU!$G$639,0) -> 256678 | H57: =ROUND(F57*G57,0) -> 2566780
A58: 1 | B58: 8 | C58: 8.2 | D58: SALIDA PARA VENTILADOR DE TECHO EN TUBERÍA CONDUIT PVC SCH 40 Y CABLE N.° 12 AWG THHN/THWN. INCLUYE CAJAS, ACCESORIOS, CONECTORES Y PRUEBAS. | E58: und | F58: 4 | G58: =ROUND(APU!$G$671,0) -> 258423 | H58: =ROUND(F58*G58,0) -> 1033692
A59: 1 | B59: 8 | C59: 8.3 | D59: SALIDA PARA LUMINARIA DE TECHO EN TUBERÍA CONDUIT PVC SCH 40 Y CABLE N.° 12 AWG THHN/THWN. INCLUYE CAJAS, ACCESORIOS, CONECTORES Y PRUEBAS. | E59: und | F59: 10 | G59: =ROUND(APU!$G$701,0) -> 308771 | H59: =ROUND(F59*G59,0) -> 3087710
A60: 1 | B60: 8 | C60: 8.4 | D60: SUMINISTRO E INSTALACIÓN DE CABLEADO 2 × N.° 10 AWG + TIERRA, THHN/THWN, EN TUBERÍA EMT. INCLUYE ACCESORIOS, FIJACIONES, CONEXIONES Y PRUEBAS. | E60: m | F60: 25 | G60: =ROUND(APU!$G$728,0) -> 73467 | H60: =ROUND(F60*G60,0) -> 1836675
A61: 1 | B61: 8 | C61: 8.5 | D61: SUMINISTRO E INSTALACIÓN DE TABLERO MONOFÁSICO DE 4 CIRCUITOS, CON PUERTA, 220/127 V, 150 A. INCLUYE ROTULADO, ACCESORIOS, CONEXIONES Y PRUEBAS. | E61: und | F61: 4 | G61: =ROUND(APU!$G$749,0) -> 335069 | H61: =ROUND(F61*G61,0) -> 1340276
A62: 1 | B62: 8 | C62: 8.6 | D62: SUMINISTRO E INSTALACIÓN DE INTERRUPTOR TERMOMAGNÉTICO ENCHUFABLE 1 × 20 A, 10 kA. INCLUYE CONEXIÓN, ROTULADO Y PRUEBAS. | E62: und | F62: 4 | G62: =ROUND(APU!$G$769,0) -> 49155 | H62: =ROUND(F62*G62,0) -> 196620
A63: 1 | B63: 8 | C63: 8.7 | D63: SUMINISTRO E INSTALACIÓN DE CABLE DE COBRE DESNUDO 2/0 AWG PARA PUESTA A TIERRA. INCLUYE FIJACIONES, CONEXIONES Y PRUEBAS. | E63: m | F63: 6 | G63: =ROUND(APU!$G$790,0) -> 89907 | H63: =ROUND(F63*G63,0) -> 539442
A64: 1 | B64: 8 | C64: 8.8 | D64: SUMINISTRO E INSTALACIÓN DE VARILLA DE PUESTA A TIERRA DE 5/8" × 2,40 m. INCLUYE CONECTOR, EXCAVACIÓN PUNTUAL, RELLENO Y PRUEBAS. | E64: und | F64: 1 | G64: =ROUND(APU!$G$810,0) -> 538231 | H64: =ROUND(F64*G64,0) -> 538231
A65: 1 | B65: 8 | C65: 8.9 | D65: SUMINISTRO Y EJECUCIÓN DE SOLDADURA EXOTÉRMICA DE 115 g PARA SISTEMA DE PUESTA A TIERRA. INCLUYE MOLDE, CARGA, PREPARACIÓN Y PRUEBAS. | E65: und | F65: 1 | G65: =ROUND(APU!$G$829,0) -> 199761 | H65: =ROUND(F65*G65,0) -> 199761
A66: 1 | B66: 8 | C66: 8.10 | D66: SUMINISTRO, TRANSPORTE E INSTALACIÓN DE VENTILADOR INDUSTRIAL DE TECHO TIPO KDK O EQUIVALENTE, 142 cm, 3 ASPAS, 5 VELOCIDADES Y CAUDAL APROXIMADO DE 7.946 cfm. INCLUYE SOPORTE, CONEXIÓN Y PRUEBAS. | E66: und | F66: 4 | G66: =ROUND(APU!$G$843,0) -> 589691 | H66: =ROUND(F66*G66,0) -> 2358764
A67: 1 | B67: 8 | C67: 8.11 | D67: SUMINISTRO E INSTALACIÓN DE TUBERÍA EMT DE 3/4". INCLUYE UNIONES, CURVAS, CONECTORES, SOPORTES, FIJACIONES Y PRUEBAS. | E67: m | F67: 25 | G67: =ROUND(APU!$G$869,0) -> 42373 | H67: =ROUND(F67*G67,0) -> 1059325
A68: SUBTOTAL 8. INSTALACIONES ELÉCTRICAS | B68: SUBTOTAL 8. INSTALACIONES ELÉCTRICAS | C68: SUBTOTAL 8. INSTALACIONES ELÉCTRICAS | D68: SUBTOTAL 8. INSTALACIONES ELÉCTRICAS | E68: SUBTOTAL 8. INSTALACIONES ELÉCTRICAS | F68: SUBTOTAL 8. INSTALACIONES ELÉCTRICAS | G68: SUBTOTAL 8. INSTALACIONES ELÉCTRICAS | H68: =ROUND(SUM(H57:H67),0) -> 14757276
A69: 1 | B69: 9 | D69: ILUMINACIÓN
A70: 1 | B70: 9 | C70: 9.1 | D70: SUMINISTRO E INSTALACIÓN DE LUMINARIA TIPO PANEL LED DE 24 W, 120 V. INCLUYE SOPORTE, CONEXIÓN Y PRUEBAS. | E70: und | F70: 6 | G70: =ROUND(APU!$G$889,0) -> 170470 | H70: =ROUND(F70*G70,0) -> 1022820
A71: 1 | B71: 9 | C71: 9.2 | D71: SUMINISTRO, TRANSPORTE E INSTALACIÓN DE LUMINARIA TIPO TORTUGA LED PARA EXTERIOR. INCLUYE SOPORTE, CONEXIÓN, SELLO Y PRUEBAS. | E71: und | F71: 4 | G71: =ROUND(APU!$G$903,0) -> 115530 | H71: =ROUND(F71*G71,0) -> 462120
A72: SUBTOTAL 9. ILUMINACIÓN | B72: SUBTOTAL 9. ILUMINACIÓN | C72: SUBTOTAL 9. ILUMINACIÓN | D72: SUBTOTAL 9. ILUMINACIÓN | E72: SUBTOTAL 9. ILUMINACIÓN | F72: SUBTOTAL 9. ILUMINACIÓN | G72: SUBTOTAL 9. ILUMINACIÓN | H72: =ROUND(SUM(H70:H71),0) -> 1484940
A73: 1 | B73: 10 | D73: CARPINTERÍA METÁLICA
A74: 1 | B74: 10 | C74: 10.1 | D74: SUMINISTRO E INSTALACIÓN DE PUERTA METÁLICA DE 1,20 × 2,20 m, DOBLE LÁMINA COLD ROLLED CALIBRE 20, COLOR GRIS GRAFITO, TIPO BATIENTE, CON CHAPA DE PALANCA Y MANIJA EN ACERO INOXIDABLE. INCLUYE MARCO, ANCLAJES, PINTURA Y AJUSTES. | E74: m² | F74: 2.64 | G74: =ROUND(APU!$G$923,0) -> 998777 | H74: =ROUND(F74*G74,0) -> 2636771
A75: SUBTOTAL 10. CARPINTERÍA METÁLICA | B75: SUBTOTAL 10. CARPINTERÍA METÁLICA | C75: SUBTOTAL 10. CARPINTERÍA METÁLICA | D75: SUBTOTAL 10. CARPINTERÍA METÁLICA | E75: SUBTOTAL 10. CARPINTERÍA METÁLICA | F75: SUBTOTAL 10. CARPINTERÍA METÁLICA | G75: SUBTOTAL 10. CARPINTERÍA METÁLICA | H75: =ROUND(SUM(H74:H74),0) -> 2636771
A76: 1 | B76: 11 | D76: PINTURA
A77: 1 | B77: 11 | C77: 11.1 | D77: SUMINISTRO Y APLICACIÓN DE PINTURA ACRÍLICA SUPERLAVABLE E HIDRÓFUGA, TIPO KORAZA O SIMILAR, EN TRES MANOS. INCLUYE PREPARACIÓN DE SUPERFICIE, RESANES MENORES, PROTECCIÓN, LIMPIEZA Y TODO LO NECESARIO PARA SU CORRECTA EJECUCIÓN. | E77: m² | F77: 128 | G77: =ROUND(APU!$G$939,0) -> 29767 | H77: =ROUND(F77*G77,0) -> 3810176
A78: SUBTOTAL 11. PINTURA | B78: SUBTOTAL 11. PINTURA | C78: SUBTOTAL 11. PINTURA | D78: SUBTOTAL 11. PINTURA | E78: SUBTOTAL 11. PINTURA | F78: SUBTOTAL 11. PINTURA | G78: SUBTOTAL 11. PINTURA | H78: =ROUND(SUM(H77:H77),0) -> 3810176
A79: 1 | B79: 12 | D79: ASEO OBRA
A80: 1 | B80: 12 | C80: 12.1 | D80: ASEO FINAL GENERAL. INCLUYE MANO DE OBRA, HERRAMIENTA MENOR, RECOLECCIÓN INTERNA DE RESIDUOS Y ENTREGA DEL ÁREA LIMPIA. | E80: m² | F80: 125 | G80: =ROUND(APU!$G$1616,0) -> 2994 | H80: =ROUND(F80*G80,0) -> 374250
A81: SUBTOTAL 12. ASEO OBRA | B81: SUBTOTAL 12. ASEO OBRA | C81: SUBTOTAL 12. ASEO OBRA | D81: SUBTOTAL 12. ASEO OBRA | E81: SUBTOTAL 12. ASEO OBRA | F81: SUBTOTAL 12. ASEO OBRA | G81: SUBTOTAL 12. ASEO OBRA | H81: =ROUND(SUM(H80:H80),0) -> 374250
A82: TOTAL COMPONENTE 1. CONSTRUCCIÓN DE AULA | B82: TOTAL COMPONENTE 1. CONSTRUCCIÓN DE AULA | C82: TOTAL COMPONENTE 1. CONSTRUCCIÓN DE AULA | D82: TOTAL COMPONENTE 1. CONSTRUCCIÓN DE AULA | E82: TOTAL COMPONENTE 1. CONSTRUCCIÓN DE AULA | F82: TOTAL COMPONENTE 1. CONSTRUCCIÓN DE AULA | G82: TOTAL COMPONENTE 1. CONSTRUCCIÓN DE AULA | H82: =ROUND(SUM(H10,H32,H36,H40,H47,H52,H55,H68,H72,H75,H78,H81),0) -> 314940879
A84: COMPONENTE 2. BATERÍA SANITARIA | B84: COMPONENTE 2. BATERÍA SANITARIA | C84: COMPONENTE 2. BATERÍA SANITARIA | D84: COMPONENTE 2. BATERÍA SANITARIA | E84: COMPONENTE 2. BATERÍA SANITARIA | F84: COMPONENTE 2. BATERÍA SANITARIA | G84: COMPONENTE 2. BATERÍA SANITARIA | H84: COMPONENTE 2. BATERÍA SANITARIA
A85: 2 | B85: 1 | D85: PRELIMINARES
A86: 2 | B86: 1 | C86: 1.1 | D86: LOCALIZACIÓN, TRAZADO Y REPLANTEO PARA BATERÍA SANITARIA. INCLUYE EQUIPO, DEMARCACIÓN, LIBRETAS, PLANOS Y TODO LO NECESARIO PARA SU CORRECTA EJECUCIÓN. | E86: m² | F86: 35 | G86: =ROUND(APU!$G$958,0) -> 7190 | H86: =ROUND(F86*G86,0) -> 251650
A87: SUBTOTAL 1. PRELIMINARES | B87: SUBTOTAL 1. PRELIMINARES | C87: SUBTOTAL 1. PRELIMINARES | D87: SUBTOTAL 1. PRELIMINARES | E87: SUBTOTAL 1. PRELIMINARES | F87: SUBTOTAL 1. PRELIMINARES | G87: SUBTOTAL 1. PRELIMINARES | H87: =ROUND(SUM(H86:H86),0) -> 251650
A88: 2 | B88: 2 | D88: EXCAVACIONES Y LLENOS
A89: 2 | B89: 2 | C89: 2.1 | D89: LLENO COMPACTADO CON MATERIAL SELECCIONADO PROVENIENTE DE LA EXCAVACIÓN. INCLUYE MANIPULACIÓN, TRASIEGO INTERNO, HUMECTACIÓN Y COMPACTACIÓN. | E89: m³ | F89: 5.38 | G89: =ROUND(APU!$G$970,0) -> 64239 | H89: =ROUND(F89*G89,0) -> 345606
A90: 2 | B90: 2 | C90: 2.2 | D90: EXCAVACIÓN MANUAL EN MATERIAL COMÚN. INCLUYE CARGUE Y ACOPIO O TRASIEGO INTERNO. NO INCLUYE TRANSPORTE EXTERNO NI DISPOSICIÓN FINAL. | E90: m³ | F90: 3.73 | G90: =ROUND(APU!$G$980,0) -> 79360 | H90: =ROUND(F90*G90,0) -> 296013
A91: SUBTOTAL 2. EXCAVACIONES Y LLENOS | B91: SUBTOTAL 2. EXCAVACIONES Y LLENOS | C91: SUBTOTAL 2. EXCAVACIONES Y LLENOS | D91: SUBTOTAL 2. EXCAVACIONES Y LLENOS | E91: SUBTOTAL 2. EXCAVACIONES Y LLENOS | F91: SUBTOTAL 2. EXCAVACIONES Y LLENOS | G91: SUBTOTAL 2. EXCAVACIONES Y LLENOS | H91: =ROUND(SUM(H89:H90),0) -> 641619
A92: 2 | B92: 3 | D92: CONCRETOS
A93: 2 | B93: 3 | C93: 3.1 | D93: SUMINISTRO E INSTALACIÓN DE CONCRETO DE 21 MPa (3.000 PSI) PARA VIGAS DE CIMENTACIÓN. INCLUYE FORMALETA, VIBRADO Y CURADO. NO INCLUYE ACERO DE REFUERZO. | E93: m³ | F93: 2.8 | G93: =ROUND(APU!$G$1000,0) -> 1354825 | H93: =ROUND(F93*G93,0) -> 3793510
A94: 2 | B94: 3 | C94: 3.2 | D94: SUMINISTRO E INSTALACIÓN DE CONCRETO DE 21 MPa (3.000 PSI) PARA COLUMNETAS DE CONFINAMIENTO DE 0,10 × 0,20 m. INCLUYE FORMALETA, VIBRADO Y CURADO. NO INCLUYE ACERO DE REFUERZO. | E94: m | F94: 18.66 | G94: =ROUND(APU!$G$1020,0) -> 141434 | H94: =ROUND(F94*G94,0) -> 2639158
A95: 2 | B95: 3 | C95: 3.3 | D95: SUMINISTRO E INSTALACIÓN DE CONCRETO DE 21 MPa (3.000 PSI) PARA VIGA DE AMARRE DE 0,10 × 0,20 m. INCLUYE FORMALETA, VIBRADO Y CURADO. NO INCLUYE ACERO DE REFUERZO. | E95: m | F95: 31.08 | G95: =ROUND(APU!$G$1040,0) -> 115651 | H95: =ROUND(F95*G95,0) -> 3594433
A96: 2 | B96: 3 | C96: 3.4 | D96: SUMINISTRO E INSTALACIÓN DE CONCRETO DE 21 MPa (3.000 PSI) PARA VIGA CINTA. INCLUYE FORMALETA, VIBRADO Y CURADO. NO INCLUYE ACERO DE REFUERZO. | E96: m | F96: 22.46 | G96: =ROUND(APU!$G$1061,0) -> 114542 | H96: =ROUND(F96*G96,0) -> 2572613
A97: 2 | B97: 3 | C97: 3.5 | D97: SUMINISTRO E INSTALACIÓN DE CONCRETO DE 21 MPa (3.000 PSI) PARA ALFAJÍA. INCLUYE FORMALETA, ACABADO Y CURADO. NO INCLUYE ACERO DE REFUERZO. | E97: m | F97: 2.6 | G97: =ROUND(APU!$G$1082,0) -> 111548 | H97: =ROUND(F97*G97,0) -> 290025
A98: 2 | B98: 3 | C98: 3.6 | D98: CONSTRUCCIÓN DE PLACA DE CONTRAPISO DE 0,10 m EN CONCRETO DE 21 MPa (3.000 PSI). INCLUYE NIVELACIÓN, VIBRADO, CURADO Y ACABADO. NO INCLUYE ACERO DE REFUERZO. | E98: m² | F98: 17.94 | G98: =ROUND(APU!$G$1101,0) -> 133758 | H98: =ROUND(F98*G98,0) -> 2399619
A99: SUBTOTAL 3. CONCRETOS | B99: SUBTOTAL 3. CONCRETOS | C99: SUBTOTAL 3. CONCRETOS | D99: SUBTOTAL 3. CONCRETOS | E99: SUBTOTAL 3. CONCRETOS | F99: SUBTOTAL 3. CONCRETOS | G99: SUBTOTAL 3. CONCRETOS | H99: =ROUND(SUM(H93:H98),0) -> 15289358
A100: 2 | B100: 4 | D100: MAMPOSTERÍA
A101: 2 | B101: 4 | C101: 4.1 | D101: SUMINISTRO E INSTALACIÓN DE MURO DE 0,10 m EN BLOQUE ESTRIADO N.° 4, 10 × 20 × 40 cm. INCLUYE MORTERO 1:3 DE 1 cm, ANDAMIOS, CORTES Y LIMPIEZA. | E101: m² | F101: 40.39 | G101: =ROUND(APU!$G$1116,0) -> 65777 | H101: =ROUND(F101*G101,0) -> 2656733
A102: 2 | B102: 4 | C102: 4.2 | D102: SUMINISTRO E INSTALACIÓN DE BLOQUE DE ARCILLA DE 10 × 20 × 20 cm, DOS HUECOS, A LA VISTA. INCLUYE MORTERO, CORTES Y LIMPIEZA. | E102: m² | F102: 3 | G102: =ROUND(APU!$G$1131,0) -> 124478 | H102: =ROUND(F102*G102,0) -> 373434
...

Sheet MEMORIAS
A1: MUNICIPIO DE DABEIBA – ANTIOQUIA | B1: MUNICIPIO DE DABEIBA – ANTIOQUIA | C1: MUNICIPIO DE DABEIBA – ANTIOQUIA | D1: MUNICIPIO DE DABEIBA – ANTIOQUIA | E1: MUNICIPIO DE DABEIBA – ANTIOQUIA | F1: MUNICIPIO DE DABEIBA – ANTIOQUIA | G1: MUNICIPIO DE DABEIBA – ANTIOQUIA
A2: CONSTRUCCIÓN DE AULA Y MEJORAMIENTO DE INFRAESTRUCTURA EXISTENTE DE LA INSTITUCIÓN EDUCATIVA DE LA VEREDA EL RETIRO DEL MUNICIPIO DE DABEIBA, ANTIOQUIA | B2: CONSTRUCCIÓN DE AULA Y MEJORAMIENTO DE INFRAESTRUCTURA EXISTENTE DE LA INSTITUCIÓN EDUCATIVA DE LA VEREDA EL RETIRO DEL MUNICIPIO DE DABEIBA, ANTIOQUIA | C2: CONSTRUCCIÓN DE AULA Y MEJORAMIENTO DE INFRAESTRUCTURA EXISTENTE DE LA INSTITUCIÓN EDUCATIVA DE LA VEREDA EL RETIRO DEL MUNICIPIO DE DABEIBA, ANTIOQUIA | D2: CONSTRUCCIÓN DE AULA Y MEJORAMIENTO DE INFRAESTRUCTURA EXISTENTE DE LA INSTITUCIÓN EDUCATIVA DE LA VEREDA EL RETIRO DEL MUNICIPIO DE DABEIBA, ANTIOQUIA | E2: CONSTRUCCIÓN DE AULA Y MEJORAMIENTO DE INFRAESTRUCTURA EXISTENTE DE LA INSTITUCIÓN EDUCATIVA DE LA VEREDA EL RETIRO DEL MUNICIPIO DE DABEIBA, ANTIOQUIA | F2: CONSTRUCCIÓN DE AULA Y MEJORAMIENTO DE INFRAESTRUCTURA EXISTENTE DE LA INSTITUCIÓN EDUCATIVA DE LA VEREDA EL RETIRO DEL MUNICIPIO DE DABEIBA, ANTIOQUIA | G2: CONSTRUCCIÓN DE AULA Y MEJORAMIENTO DE INFRAESTRUCTURA EXISTENTE DE LA INSTITUCIÓN EDUCATIVA DE LA VEREDA EL RETIRO DEL MUNICIPIO DE DABEIBA, ANTIOQUIA
A3: MEMORIAS DE CANTIDADES CONSOLIDADAS | B3: MEMORIAS DE CANTIDADES CONSOLIDADAS | C3: MEMORIAS DE CANTIDADES CONSOLIDADAS | D3: MEMORIAS DE CANTIDADES CONSOLIDADAS | E3: MEMORIAS DE CANTIDADES CONSOLIDADAS | F3: MEMORIAS DE CANTIDADES CONSOLIDADAS | G3: MEMORIAS DE CANTIDADES CONSOLIDADAS
A5: C1-1.1.1 | B5: 1.1.1 | C5: LOCALIZACIÓN, TRAZADO Y REPLANTEO. Incluye demarcación con pintura, línea de trazado, corte de piso, libretas y planos. | G5: m²
A6: N.° | B6: DETALLE | C6: LONGITUD | D6: ANCHO | E6: ALTO / ESPESOR | F6: VECES / CANTIDAD | G6: PARCIAL
A7: 1 | B7: aula | C7: 10.403 | D7: 12.5 | F7: 1 | G7: =ROUND(IF(COUNTA(B7:F7)=0,0,IF(C7="",1,C7)*IF(D7="",1,D7)*IF(E7="",1,E7)*IF(F7="",1,F7)),2) -> 130.04
A8: 2 | G8: =ROUND(IF(COUNTA(B8:F8)=0,0,IF(C8="",1,C8)*IF(D8="",1,D8)*IF(E8="",1,E8)*IF(F8="",1,F8)),2) -> 0
A9: 3 | G9: =ROUND(IF(COUNTA(B9:F9)=0,0,IF(C9="",1,C9)*IF(D9="",1,D9)*IF(E9="",1,E9)*IF(F9="",1,F9)),2) -> 0
A10: 4 | G10: =ROUND(IF(COUNTA(B10:F10)=0,0,IF(C10="",1,C10)*IF(D10="",1,D10)*IF(E10="",1,E10)*IF(F10="",1,F10)),2) -> 0
A11: 5 | G11: =ROUND(IF(COUNTA(B11:F11)=0,0,IF(C11="",1,C11)*IF(D11="",1,D11)*IF(E11="",1,E11)*IF(F11="",1,F11)),2) -> 0
A12: CANTIDAD TOTAL DE LA MEMORIA | B12: CANTIDAD TOTAL DE LA MEMORIA | C12: CANTIDAD TOTAL DE LA MEMORIA | D12: CANTIDAD TOTAL DE LA MEMORIA | E12: CANTIDAD TOTAL DE LA MEMORIA | F12: CANTIDAD TOTAL DE LA MEMORIA | G12: =ROUND(SUM(G7:G11),2) -> 130.04
A14: C1-1.1.2 | B14: 1.1.2 | C14: SUMINISTRO, INSTALACIÓN, MANTENIMIENTO Y DESMONTE DE CERRAMIENTO PROVISIONAL EN TELA NARANJA DE 2,00 m DE ALTURA, CON ESTRUCTURA EN MADERA Y ANCLAJES EN CONCRETO DE 17,5 MPa. INCLUYE EXCAVACIÓN PUNTUAL, ACOPIO INTERNO Y TODOS LOS ELEMENTOS NECESARIOS PARA SU CORRECTA EJECUCIÓN. | G14: m
A15: N.° | B15: DETALLE | C15: LONGITUD | D15: ANCHO | E15: ALTO / ESPESOR | F15: VECES / CANTIDAD | G15: PARCIAL
A16: 1 | B16: Lado 1 | C16: 12.5 | F16: 2 | G16: =ROUND(IF(COUNTA(B16:F16)=0,0,IF(C16="",1,C16)*IF(D16="",1,D16)*IF(E16="",1,E16)*IF(F16="",1,F16)),2) -> 25
A17: 2 | B17: Lado 2 | C17: 16 | F17: 2 | G17: =ROUND(IF(COUNTA(B17:F17)=0,0,IF(C17="",1,C17)*IF(D17="",1,D17)*IF(E17="",1,E17)*IF(F17="",1,F17)),2) -> 32
A18: 3 | G18: =ROUND(IF(COUNTA(B18:F18)=0,0,IF(C18="",1,C18)*IF(D18="",1,D18)*IF(E18="",1,E18)*IF(F18="",1,F18)),2) -> 0
A19: 4 | G19: =ROUND(IF(COUNTA(B19:F19)=0,0,IF(C19="",1,C19)*IF(D19="",1,D19)*IF(E19="",1,E19)*IF(F19="",1,F19)),2) -> 0
A20: 5 | G20: =ROUND(IF(COUNTA(B20:F20)=0,0,IF(C20="",1,C20)*IF(D20="",1,D20)*IF(E20="",1,E20)*IF(F20="",1,F20)),2) -> 0
A21: CANTIDAD TOTAL DE LA MEMORIA | B21: CANTIDAD TOTAL DE LA MEMORIA | C21: CANTIDAD TOTAL DE LA MEMORIA | D21: CANTIDAD TOTAL DE LA MEMORIA | E21: CANTIDAD TOTAL DE LA MEMORIA | F21: CANTIDAD TOTAL DE LA MEMORIA | G21: =ROUND(SUM(G16:G20),2) -> 57
A23: C1-2.1.1 | B23: 2.1.1 | C23: EXCAVACIÓN MANUAL DE MATERIAL HETEROGÉNEO ENTRE 0 Y 2 m DE PROFUNDIDAD, BAJO CUALQUIER GRADO DE HUMEDAD. INCLUYE ROCA DESCOMPUESTA, BOLAS DE ROCA MENORES A 0,35 m³, CARGUE Y ACOPIO O TRASIEGO INTERNO. NO INCLUYE ENTIBADO, TRANSPORTE EXTERNO NI DISPOSICIÓN FINAL. | G23: m³
A24: N.° | B24: DETALLE | C24: LONGITUD | D24: ANCHO | E24: ALTO / ESPESOR | F24: VECES / CANTIDAD | G24: PARCIAL
A25: 1 | B25: Excavación de zapatas de 1,40 × 1,40 × 1,00 m | C25: =$C$52 -> 1.4 | D25: =$D$52 -> 1.4 | E25: 1 | F25: =$F$52 -> 4 | G25: =ROUND(IF(COUNTA(B25:F25)=0,0,IF(C25="",1,C25)*IF(D25="",1,D25)*IF(E25="",1,E25)*IF(F25="",1,F25)),2) -> 7.84
A26: 2 | B26: Zanja: eje 8,00 m menos zapata; sección de viga | C26: =8-$C$52 -> 6.6 | D26: =$D$70 -> 0.4 | E26: =$E$70 -> 0.45 | F26: 2 | G26: =ROUND(IF(COUNTA(B26:F26)=0,0,IF(C26="",1,C26)*IF(D26="",1,D26)*IF(E26="",1,E26)*IF(F26="",1,F26)),2) -> 2.38
A27: 3 | B27: Zanja: eje 8,20 m menos zapata; sección de viga | C27: =8.2-$C$52 -> 6.8 | D27: =$D$70 -> 0.4 | E27: =$E$70 -> 0.45 | F27: 2 | G27: =ROUND(IF(COUNTA(B27:F27)=0,0,IF(C27="",1,C27)*IF(D27="",1,D27)*IF(E27="",1,E27)*IF(F27="",1,F27)),2) -> 2.45
A28: 4 | B28: Excavación lineal de 44,83 m, sección 0,20 × 0,20 m | C28: 44.83 | D28: 0.2 | E28: 0.2 | F28: 1 | G28: =ROUND(IF(COUNTA(B28:F28)=0,0,IF(C28="",1,C28)*IF(D28="",1,D28)*IF(E28="",1,E28)*IF(F28="",1,F28)),2) -> 1.79
A29: 5 | B29: Excavación de caja de 8,00 × 8,00 × 2,00 m | C29: 8 | D29: 8 | E29: 2 | F29: 1 | G29: =ROUND(IF(COUNTA(B29:F29)=0,0,IF(C29="",1,C29)*IF(D29="",1,D29)*IF(E29="",1,E29)*IF(F29="",1,F29)),2) -> 128
A30: CANTIDAD TOTAL DE LA MEMORIA | B30: CANTIDAD TOTAL DE LA MEMORIA | C30: CANTIDAD TOTAL DE LA MEMORIA | D30: CANTIDAD TOTAL DE LA MEMORIA | E30: CANTIDAD TOTAL DE LA MEMORIA | F30: CANTIDAD TOTAL DE LA MEMORIA | G30: =ROUND(SUM(G25:G29),2) -> 142.46
A32: C1-2.2.3 | B32: 2.2.3 | C32: LLENO CON MATERIAL PROVENIENTE DE LA EXCAVACIÓN, COMPACTADO MECÁNICAMENTE HASTA ALCANZAR EL 95 % DE LA DENSIDAD MÁXIMA DEL ENSAYO PRÓCTOR MODIFICADO. INCLUYE TRANSPORTE INTERNO. MEDIDA EN SITIO COMPACTADO. | G32: m³
A33: N.° | B33: DETALLE | C33: LONGITUD | D33: ANCHO | E33: ALTO / ESPESOR | F33: VECES / CANTIDAD | G33: PARCIAL
A34: 1 | B34: Lleno sobre área de 125,00 m², espesor 0,20 m | C34: 125 | E34: 0.2 | F34: 1 | G34: =ROUND(IF(COUNTA(B34:F34)=0,0,IF(C34="",1,C34)*IF(D34="",1,D34)*IF(E34="",1,E34)*IF(F34="",1,F34)),2) -> 25
A35: 2 | B35: Lleno en sector de 5,00 × 12,00 × 1,00 m | C35: 5 | D35: 12 | E35: 1 | F35: 1 | G35: =ROUND(IF(COUNTA(B35:F35)=0,0,IF(C35="",1,C35)*IF(D35="",1,D35)*IF(E35="",1,E35)*IF(F35="",1,F35)),2) -> 60
A36: 3 | G36: =ROUND(IF(COUNTA(B36:F36)=0,0,IF(C36="",1,C36)*IF(D36="",1,D36)*IF(E36="",1,E36)*IF(F36="",1,F36)),2) -> 0
A37: 4 | G37: =ROUND(IF(COUNTA(B37:F37)=0,0,IF(C37="",1,C37)*IF(D37="",1,D37)*IF(E37="",1,E37)*IF(F37="",1,F37)),2) -> 0
A38: 5 | G38: =ROUND(IF(COUNTA(B38:F38)=0,0,IF(C38="",1,C38)*IF(D38="",1,D38)*IF(E38="",1,E38)*IF(F38="",1,F38)),2) -> 0
A39: CANTIDAD TOTAL DE LA MEMORIA | B39: CANTIDAD TOTAL DE LA MEMORIA | C39: CANTIDAD TOTAL DE LA MEMORIA | D39: CANTIDAD TOTAL DE LA MEMORIA | E39: CANTIDAD TOTAL DE LA MEMORIA | F39: CANTIDAD TOTAL DE LA MEMORIA | G39: =ROUND(SUM(G34:G38),2) -> 85
A41: C1-2.3.1 | B41: 2.3.1 | C41: SUMINISTRO E INSTALACIÓN DE CONCRETO POBRE DE LIMPIEZA DE 2.000 PSI PARA SOLADO, ESPESOR 0,05 m. INCLUYE TRANSPORTE, COLOCACIÓN, NIVELACIÓN, CURADO Y TODO LO NECESARIO PARA SU CORRECTA EJECUCIÓN. NO INCLUYE REFUERZO. | G41: m²
A42: N.° | B42: DETALLE | C42: LONGITUD | D42: ANCHO | E42: ALTO / ESPESOR | F42: VECES / CANTIDAD | G42: PARCIAL
A43: 1 | B43: Solado para 8 zapatas de 1,20 × 1,20 m | C43: 1.2 | D43: 1.2 | F43: 8 | G43: =ROUND(IF(COUNTA(B43:F43)=0,0,IF(C43="",1,C43)*IF(D43="",1,D43)*IF(E43="",1,E43)*IF(F43="",1,F43)),2) -> 11.52
A44: 2 | B44: Franja de solado: tramo de 3,42 m × 0,30 m | C44: 3.42 | D44: 0.3 | F44: 2 | G44: =ROUND(IF(COUNTA(B44:F44)=0,0,IF(C44="",1,C44)*IF(D44="",1,D44)*IF(E44="",1,E44)*IF(F44="",1,F44)),2) -> 2.05
A45: 3 | B45: Franja de solado: tramo de 3,62 m × 0,30 m | C45: 3.62 | D45: 0.3 | F45: 2 | G45: =ROUND(IF(COUNTA(B45:F45)=0,0,IF(C45="",1,C45)*IF(D45="",1,D45)*IF(E45="",1,E45)*IF(F45="",1,F45)),2) -> 2.17
A46: 4 | B46: Franja de solado: tramo de 4,25 m × 0,30 m | C46: 4.25 | D46: 0.3 | F46: 2 | G46: =ROUND(IF(COUNTA(B46:F46)=0,0,IF(C46="",1,C46)*IF(D46="",1,D46)*IF(E46="",1,E46)*IF(F46="",1,F46)),2) -> 2.55
A47: 5 | B47: Franja de solado: tramo de 2,95 m × 0,30 m | C47: 2.95 | D47: 0.3 | F47: 2 | G47: =ROUND(IF(COUNTA(B47:F47)=0,0,IF(C47="",1,C47)*IF(D47="",1,D47)*IF(E47="",1,E47)*IF(F47="",1,F47)),2) -> 1.77
A48: CANTIDAD TOTAL DE LA MEMORIA | B48: CANTIDAD TOTAL DE LA MEMORIA | C48: CANTIDAD TOTAL DE LA MEMORIA | D48: CANTIDAD TOTAL DE LA MEMORIA | E48: CANTIDAD TOTAL DE LA MEMORIA | F48: CANTIDAD TOTAL DE LA MEMORIA | G48: =ROUND(SUM(G43:G47),2) -> 20.06
A50: C1-2.3.2 | B50: 2.3.2 | C50: SUMINISTRO E INSTALACIÓN DE CONCRETO DE 3.000 PSI PARA ZAPATAS DE FUNDACIÓN. INCLUYE FORMALETA Y CURADO. NO INCLUYE ACERO DE REFUERZO. | G50: m³
A51: N.° | B51: DETALLE | C51: LONGITUD | D51: ANCHO | E51: ALTO / ESPESOR | F51: VECES / CANTIDAD | G51: PARCIAL
A52: 1 | B52: Zapatas de 1,40 × 1,40 × 0,30 m | C52: 1.4 | D52: 1.4 | E52: 0.3 | F52: 4 | G52: =ROUND(IF(COUNTA(B52:F52)=0,0,IF(C52="",1,C52)*IF(D52="",1,D52)*IF(E52="",1,E52)*IF(F52="",1,F52)),2) -> 2.35
A53: 2 | G53: =ROUND(IF(COUNTA(B53:F53)=0,0,IF(C53="",1,C53)*IF(D53="",1,D53)*IF(E53="",1,E53)*IF(F53="",1,F53)),2) -> 0
A54: 3 | G54: =ROUND(IF(COUNTA(B54:F54)=0,0,IF(C54="",1,C54)*IF(D54="",1,D54)*IF(E54="",1,E54)*IF(F54="",1,F54)),2) -> 0
A55: 4 | G55: =ROUND(IF(COUNTA(B55:F55)=0,0,IF(C55="",1,C55)*IF(D55="",1,D55)*IF(E55="",1,E55)*IF(F55="",1,F55)),2) -> 0
A56: 5 | G56: =ROUND(IF(COUNTA(B56:F56)=0,0,IF(C56="",1,C56)*IF(D56="",1,D56)*IF(E56="",1,E56)*IF(F56="",1,F56)),2) -> 0
A57: CANTIDAD TOTAL DE LA MEMORIA | B57: CANTIDAD TOTAL DE LA MEMORIA | C57: CANTIDAD TOTAL DE LA MEMORIA | D57: CANTIDAD TOTAL DE LA MEMORIA | E57: CANTIDAD TOTAL DE LA MEMORIA | F57: CANTIDAD TOTAL DE LA MEMORIA | G57: =ROUND(SUM(G52:G56),2) -> 2.35
A59: C1-2.3.3 | B59: 2.3.3 | C59: SUMINISTRO E INSTALACIÓN DE CONCRETO DE 3.000 PSI PARA COLUMNAS. INCLUYE FORMALETA, VIBRADO Y CURADO. NO INCLUYE ACERO DE REFUERZO. | G59: m³
A60: N.° | B60: DETALLE | C60: LONGITUD | D60: ANCHO | E60: ALTO / ESPESOR | F60: VECES / CANTIDAD | G60: PARCIAL
A61: 1 | B61: Columnas de 5,38 m, sección 0,40 × 0,40 m | C61: 5.38 | D61: 0.4 | E61: 0.4 | F61: 2 | G61: =ROUND(IF(COUNTA(B61:F61)=0,0,IF(C61="",1,C61)*IF(D61="",1,D61)*IF(E61="",1,E61)*IF(F61="",1,F61)),2) -> 1.72
A62: 2 | B62: Columnas de 4,12 m, sección 0,40 × 0,40 m | C62: 4.12 | D62: 0.4 | E62: 0.4 | F62: 2 | G62: =ROUND(IF(COUNTA(B62:F62)=0,0,IF(C62="",1,C62)*IF(D62="",1,D62)*IF(E62="",1,E62)*IF(F62="",1,F62)),2) -> 1.32
A63: 3 | G63: =ROUND(IF(COUNTA(B63:F63)=0,0,IF(C63="",1,C63)*IF(D63="",1,D63)*IF(E63="",1,E63)*IF(F63="",1,F63)),2) -> 0
A64: 4 | G64: =ROUND(IF(COUNTA(B64:F64)=0,0,IF(C64="",1,C64)*IF(D64="",1,D64)*IF(E64="",1,E64)*IF(F64="",1,F64)),2) -> 0
A65: 5 | G65: =ROUND(IF(COUNTA(B65:F65)=0,0,IF(C65="",1,C65)*IF(D65="",1,D65)*IF(E65="",1,E65)*IF(F65="",1,F65)),2) -> 0
A66: CANTIDAD TOTAL DE LA MEMORIA | B66: CANTIDAD TOTAL DE LA MEMORIA | C66: CANTIDAD TOTAL DE LA MEMORIA | D66: CANTIDAD TOTAL DE LA MEMORIA | E66: CANTIDAD TOTAL DE LA MEMORIA | F66: CANTIDAD TOTAL DE LA MEMORIA | G66: =ROUND(SUM(G61:G65),2) -> 3.04
A68: C1-2.3.4 | B68: 2.3.4 | C68: SUMINISTRO E INSTALACIÓN DE CONCRETO DE 3.000 PSI PARA VIGAS DE CIMENTACIÓN. INCLUYE FORMALETA, VIBRADO Y CURADO. NO INCLUYE ACERO DE REFUERZO. | G68: m³
A69: N.° | B69: DETALLE | C69: LONGITUD | D69: ANCHO | E69: ALTO / ESPESOR | F69: VECES / CANTIDAD | G69: PARCIAL
A70: 1 | B70: Viga de cimentación: tramos de 7,90 m, sección 0,40 × 0,45 m | C70: 7.9 | D70: 0.4 | E70: 0.45 | F70: 2 | G70: =ROUND(IF(COUNTA(B70:F70)=0,0,IF(C70="",1,C70)*IF(D70="",1,D70)*IF(E70="",1,E70)*IF(F70="",1,F70)),2) -> 2.84
A71: 2 | B71: Viga de cimentación: tramos de 8,10 m, sección 0,40 × 0,45 m | C71: 8.1 | D71: 0.4 | E71: 0.45 | F71: 2 | G71: =ROUND(IF(COUNTA(B71:F71)=0,0,IF(C71="",1,C71)*IF(D71="",1,D71)*IF(E71="",1,E71)*IF(F71="",1,F71)),2) -> 2.92
A72: 3 | G72: =ROUND(IF(COUNTA(B72:F72)=0,0,IF(C72="",1,C72)*IF(D72="",1,D72)*IF(E72="",1,E72)*IF(F72="",1,F72)),2) -> 0
A73: 4 | G73: =ROUND(IF(COUNTA(B73:F73)=0,0,IF(C73="",1,C73)*IF(D73="",1,D73)*IF(E73="",1,E73)*IF(F73="",1,F73)),2) -> 0
A74: 5 | G74: =ROUND(IF(COUNTA(B74:F74)=0,0,IF(C74="",1,C74)*IF(D74="",1,D74)*IF(E74="",1,E74)*IF(F74="",1,F74)),2) -> 0
A75: CANTIDAD TOTAL DE LA MEMORIA | B75: CANTIDAD TOTAL DE LA MEMORIA | C75: CANTIDAD TOTAL DE LA MEMORIA | D75: CANTIDAD TOTAL DE LA MEMORIA | E75: CANTIDAD TOTAL DE LA MEMORIA | F75: CANTIDAD TOTAL DE LA MEMORIA | G75: =ROUND(SUM(G70:G74),2) -> 5.76
A77: C1-2.3.5 | B77: 2.3.5 | C77: SUMINISTRO E INSTALACIÓN DE CONCRETO DE 3.000 PSI PARA VIGA DE ANDÉN. INCLUYE FORMALETA, VIBRADO Y CURADO. NO INCLUYE ACERO DE REFUERZO. | G77: m³
A78: N.° | B78: DETALLE | C78: LONGITUD | D78: ANCHO | E78: ALTO / ESPESOR | F78: VECES / CANTIDAD | G78: PARCIAL
A79: 1 | B79: Viga de andén de 45,00 m, sección 0,20 × 0,20 m | C79: 45 | D79: 0.2 | E79: 0.2 | F79: 1 | G79: =ROUND(IF(COUNTA(B79:F79)=0,0,IF(C79="",1,C79)*IF(D79="",1,D79)*IF(E79="",1,E79)*IF(F79="",1,F79)),2) -> 1.8
A80: 2 | G80: =ROUND(IF(COUNTA(B80:F80)=0,0,IF(C80="",1,C80)*IF(D80="",1,D80)*IF(E80="",1,E80)*IF(F80="",1,F80)),2) -> 0
A81: 3 | G81: =ROUND(IF(COUNTA(B81:F81)=0,0,IF(C81="",1,C81)*IF(D81="",1,D81)*IF(E81="",1,E81)*IF(F81="",1,F81)),2) -> 0
A82: 4 | G82: =ROUND(IF(COUNTA(B82:F82)=0,0,IF(C82="",1,C82)*IF(D82="",1,D82)*IF(E82="",1,E82)*IF(F82="",1,F82)),2) -> 0
A83: 5 | G83: =ROUND(IF(COUNTA(B83:F83)=0,0,IF(C83="",1,C83)*IF(D83="",1,D83)*IF(E83="",1,E83)*IF(F83="",1,F83)),2) -> 0
A84: CANTIDAD TOTAL DE LA MEMORIA | B84: CANTIDAD TOTAL DE LA MEMORIA | C84: CANTIDAD TOTAL DE LA MEMORIA | D84: CANTIDAD TOTAL DE LA MEMORIA | E84: CANTIDAD TOTAL DE LA MEMORIA | F84: CANTIDAD TOTAL DE LA MEMORIA | G84: =ROUND(SUM(G79:G83),2) -> 1.8
A86: C1-2.3.6 | B86: 2.3.6 | C86: SUMINISTRO E INSTALACIÓN DE CONCRETO DE 3.000 PSI PARA VIGA DE AMARRE SUPERIOR. INCLUYE FORMALETA, VIBRADO Y CURADO. NO INCLUYE ACERO DE REFUERZO. | G86: m³
A87: N.° | B87: DETALLE | C87: LONGITUD | D87: ANCHO | E87: ALTO / ESPESOR | F87: VECES / CANTIDAD | G87: PARCIAL
A88: 1 | B88: Viga de amarre: tramos de 8,00 m, sección 0,40 × 0,40 m | C88: 8 | D88: 0.4 | E88: 0.4 | F88: 3 | G88: =ROUND(IF(COUNTA(B88:F88)=0,0,IF(C88="",1,C88)*IF(D88="",1,D88)*IF(E88="",1,E88)*IF(F88="",1,F88)),2) -> 3.84
A89: 2 | B89: Viga de amarre: tramos de 10,70 m, sección 0,40 × 0,40 m | C89: 10.7 | D89: 0.4 | E89: 0.4 | F89: 3 | G89: =ROUND(IF(COUNTA(B89:F89)=0,0,IF(C89="",1,C89)*IF(D89="",1,D89)*IF(E89="",1,E89)*IF(F89="",1,F89)),2) -> 5.14
A90: 3 | G90: =ROUND(IF(COUNTA(B90:F90)=0,0,IF(C90="",1,C90)*IF(D90="",1,D90)*IF(E90="",1,E90)*IF(F90="",1,F90)),2) -> 0
A91: 4 | G91: =ROUND(IF(COUNTA(B91:F91)=0,0,IF(C91="",1,C91)*IF(D91="",1,D91)*IF(E91="",1,E91)*IF(F91="",1,F91)),2) -> 0
A92: 5 | G92: =ROUND(IF(COUNTA(B92:F92)=0,0,IF(C92="",1,C92)*IF(D92="",1,D92)*IF(E92="",1,E92)*IF(F92="",1,F92)),2) -> 0
A93: CANTIDAD TOTAL DE LA MEMORIA | B93: CANTIDAD TOTAL DE LA MEMORIA | C93: CANTIDAD TOTAL DE LA MEMORIA | D93: CANTIDAD TOTAL DE LA MEMORIA | E93: CANTIDAD TOTAL DE LA MEMORIA | F93: CANTIDAD TOTAL DE LA MEMORIA | G93: =ROUND(SUM(G88:G92),2) -> 8.98
A95: C1-2.3.7 | B95: 2.3.7 | C95: SUMINISTRO E INSTALACIÓN DE CONCRETO DE 3.000 PSI PARA VIGA CINTA. INCLUYE FORMALETA, VIBRADO Y CURADO. NO INCLUYE ACERO DE REFUERZO. | G95: m³
A96: N.° | B96: DETALLE | C96: LONGITUD | D96: ANCHO | E96: ALTO / ESPESOR | F96: VECES / CANTIDAD | G96: PARCIAL
A97: 1 | B97: Viga cinta: tramos de 8,55 m, sección 0,20 × 0,12 m | C97: 8.55 | D97: 0.2 | E97: 0.12 | F97: 2 | G97: =ROUND(IF(COUNTA(B97:F97)=0,0,IF(C97="",1,C97)*IF(D97="",1,D97)*IF(E97="",1,E97)*IF(F97="",1,F97)),2) -> 0.41
A98: 2 | B98: Viga cinta: tramos de 8,60 m, sección 0,20 × 0,12 m | C98: 8.6 | D98: 0.2 | E98: 0.12 | F98: 2 | G98: =ROUND(IF(COUNTA(B98:F98)=0,0,IF(C98="",1,C98)*IF(D98="",1,D98)*IF(E98="",1,E98)*IF(F98="",1,F98)),2) -> 0.41
A99: 3 | G99: =ROUND(IF(COUNTA(B99:F99)=0,0,IF(C99="",1,C99)*IF(D99="",1,D99)*IF(E99="",1,E99)*IF(F99="",1,F99)),2) -> 0
A100: 4 | G100: =ROUND(IF(COUNTA(B100:F100)=0,0,IF(C100="",1,C100)*IF(D100="",1,D100)*IF(E100="",1,E100)*IF(F100="",1,F100)),2) -> 0
A101: 5 | G101: =ROUND(IF(COUNTA(B101:F101)=0,0,IF(C101="",1,C101)*IF(D101="",1,D101)*IF(E101="",1,E101)*IF(F101="",1,F101)),2) -> 0
A102: CANTIDAD TOTAL DE LA MEMORIA | B102: CANTIDAD TOTAL DE LA MEMORIA | C102: CANTIDAD TOTAL DE LA MEMORIA | D102: CANTIDAD TOTAL DE LA MEMORIA | E102: CANTIDAD TOTAL DE LA MEMORIA | F102: CANTIDAD TOTAL DE LA MEMORIA | G102: =ROUND(SUM(G97:G101),2) -> 0.82
A104: C1-2.3.8 | B104: 2.3.8 | C104: SUMINISTRO E INSTALACIÓN DE CONCRETO DE 3.000 PSI PARA VIGA DE BORDE DE PLACA DE FACHADA. INCLUYE FORMALETA, VIBRADO Y CURADO. NO INCLUYE ACERO DE REFUERZO. | G104: m³
A105: N.° | B105: DETALLE | C105: LONGITUD | D105: ANCHO | E105: ALTO / ESPESOR | F105: VECES / CANTIDAD | G105: PARCIAL
A106: 1 | B106: Viga de borde de 8,20 m, sección 0,25 × 0,45 m | C106: 8.2 | D106: 0.25 | E106: 0.45 | F106: 4 | G106: =ROUND(IF(COUNTA(B106:F106)=0,0,IF(C106="",1,C106)*IF(D106="",1,D106)*IF(E106="",1,E106)*IF(F106="",1,F106)),2) -> 3.69
A107: 2 | G107: =ROUND(IF(COUNTA(B107:F107)=0,0,IF(C107="",1,C107)*IF(D107="",1,D107)*IF(E107="",1,E107)*IF(F107="",1,F107)),2) -> 0
A108: 3 | G108: =ROUND(IF(COUNTA(B108:F108)=0,0,IF(C108="",1,C108)*IF(D108="",1,D108)*IF(E108="",1,E108)*IF(F108="",1,F108)),2) -> 0
A109: 4 | G109: =ROUND(IF(COUNTA(B109:F109)=0,0,IF(C109="",1,C109)*IF(D109="",1,D109)*IF(E109="",1,E109)*IF(F109="",1,F109)),2) -> 0
A110: 5 | G110: =ROUND(IF(COUNTA(B110:F110)=0,0,IF(C110="",1,C110)*IF(D110="",1,D110)*IF(E110="",1,E110)*IF(F110="",1,F110)),2) -> 0
A111: CANTIDAD TOTAL DE LA MEMORIA | B111: CANTIDAD TOTAL DE LA MEMORIA | C111: CANTIDAD TOTAL DE LA MEMORIA | D111: CANTIDAD TOTAL DE LA MEMORIA | E111: CANTIDAD TOTAL DE LA MEMORIA | F111: CANTIDAD TOTAL DE LA MEMORIA | G111: =ROUND(SUM(G106:G110),2) -> 3.69
A113: C1-2.3.9 | B113: 2.3.9 | C113: SUMINISTRO E INSTALACIÓN DE CONCRETO DE 3.000 PSI PARA MOJINETE O CUCHILLAS LATERALES. INCLUYE FORMALETA, VIBRADO Y CURADO. NO INCLUYE ACERO DE REFUERZO. | G113: m³
...

Sheet APU
A1: MUNICIPIO DE DABEIBA – ANTIOQUIA | B1: MUNICIPIO DE DABEIBA – ANTIOQUIA | C1: MUNICIPIO DE DABEIBA – ANTIOQUIA | D1: MUNICIPIO DE DABEIBA – ANTIOQUIA | E1: MUNICIPIO DE DABEIBA – ANTIOQUIA | F1: MUNICIPIO DE DABEIBA – ANTIOQUIA | G1: MUNICIPIO DE DABEIBA – ANTIOQUIA
A2: CONSTRUCCIÓN DE AULA Y MEJORAMIENTO DE INFRAESTRUCTURA EXISTENTE DE LA INSTITUCIÓN EDUCATIVA DE LA VEREDA EL RETIRO DEL MUNICIPIO DE DABEIBA, ANTIOQUIA | B2: CONSTRUCCIÓN DE AULA Y MEJORAMIENTO DE INFRAESTRUCTURA EXISTENTE DE LA INSTITUCIÓN EDUCATIVA DE LA VEREDA EL RETIRO DEL MUNICIPIO DE DABEIBA, ANTIOQUIA | C2: CONSTRUCCIÓN DE AULA Y MEJORAMIENTO DE INFRAESTRUCTURA EXISTENTE DE LA INSTITUCIÓN EDUCATIVA DE LA VEREDA EL RETIRO DEL MUNICIPIO DE DABEIBA, ANTIOQUIA | D2: CONSTRUCCIÓN DE AULA Y MEJORAMIENTO DE INFRAESTRUCTURA EXISTENTE DE LA INSTITUCIÓN EDUCATIVA DE LA VEREDA EL RETIRO DEL MUNICIPIO DE DABEIBA, ANTIOQUIA | E2: CONSTRUCCIÓN DE AULA Y MEJORAMIENTO DE INFRAESTRUCTURA EXISTENTE DE LA INSTITUCIÓN EDUCATIVA DE LA VEREDA EL RETIRO DEL MUNICIPIO DE DABEIBA, ANTIOQUIA | F2: CONSTRUCCIÓN DE AULA Y MEJORAMIENTO DE INFRAESTRUCTURA EXISTENTE DE LA INSTITUCIÓN EDUCATIVA DE LA VEREDA EL RETIRO DEL MUNICIPIO DE DABEIBA, ANTIOQUIA | G2: CONSTRUCCIÓN DE AULA Y MEJORAMIENTO DE INFRAESTRUCTURA EXISTENTE DE LA INSTITUCIÓN EDUCATIVA DE LA VEREDA EL RETIRO DEL MUNICIPIO DE DABEIBA, ANTIOQUIA
A3: ANÁLISIS DE PRECIOS UNITARIOS CONSOLIDADOS | B3: ANÁLISIS DE PRECIOS UNITARIOS CONSOLIDADOS | C3: ANÁLISIS DE PRECIOS UNITARIOS CONSOLIDADOS | D3: ANÁLISIS DE PRECIOS UNITARIOS CONSOLIDADOS | E3: ANÁLISIS DE PRECIOS UNITARIOS CONSOLIDADOS | F3: ANÁLISIS DE PRECIOS UNITARIOS CONSOLIDADOS | G3: ANÁLISIS DE PRECIOS UNITARIOS CONSOLIDADOS
A5: C1-1.1.1 | B5: 1.1.1 | C5: LOCALIZACIÓN, TRAZADO Y REPLANTEO. Incluye demarcación con pintura, línea de trazado, corte de piso, libretas y planos. | G5: m²
A6: TIPO | B6: CÓDIGO | C6: DESCRIPCIÓN | D6: UNIDAD | E6: TARIFA / BASE | F6: CONSUMO | G6: PARCIAL
A7: EQUIPO Y HERRAMIENTAS | B7: EQUIPO Y HERRAMIENTAS | C7: EQUIPO Y HERRAMIENTAS | D7: EQUIPO Y HERRAMIENTAS | E7: EQUIPO Y HERRAMIENTAS | F7: EQUIPO Y HERRAMIENTAS | G7: EQUIPO Y HERRAMIENTAS
A8: EQUIPO | B8: EQ-002 | C8: Escalera Tijera Aluminio 2m (7 peldaños) | D8: día | E8: =ROUND(EQUIPOS!$E$7,0) -> 15000 | F8: 0.005 | G8: =ROUND(E8*F8,0) -> 75
A9: EQUIPO | B9: AUTO | C9: HERRAMIENTA MENOR (5 % DE MANO DE OBRA) | D9: % | E9: =ROUND($G$21,0) -> 5559 | F9: 0.05 | G9: =ROUND(E9*F9,0) -> 278
A10: SUBTOTAL EQUIPO Y HERRAMIENTAS | B10: SUBTOTAL EQUIPO Y HERRAMIENTAS | C10: SUBTOTAL EQUIPO Y HERRAMIENTAS | D10: SUBTOTAL EQUIPO Y HERRAMIENTAS | E10: SUBTOTAL EQUIPO Y HERRAMIENTAS | F10: SUBTOTAL EQUIPO Y HERRAMIENTAS | G10: =ROUND(SUM(G8:G9),0) -> 353
A11: MATERIALES | B11: MATERIALES | C11: MATERIALES | D11: MATERIALES | E11: MATERIALES | F11: MATERIALES | G11: MATERIALES
A12: MATERIAL | B12: MAT-006 | C12: DURMIENTE | D12: m | E12: =ROUND(INSUMOS!$E$11,0) -> 8925 | F12: 0.05 | G12: =ROUND(E12*F12,0) -> 446
A13: MATERIAL | B13: MAT-007 | C13: ESMALTE PINTULUX DE PINTUCO | D13: gal | E13: =ROUND(INSUMOS!$E$12,0) -> 130781 | F13: 0.002 | G13: =ROUND(E13*F13,0) -> 262
A14: MATERIAL | B14: MAT-008 | C14: PUNTILLA CON CABEZA 2 1/2" | D14: lb | E14: =ROUND(INSUMOS!$E$13,0) -> 6248 | F14: 0.07 | G14: =ROUND(E14*F14,0) -> 437
A15: MATERIAL | B15: MAT-009 | C15: DISOLVENTE THINNER | D15: gal | E15: =ROUND(INSUMOS!$E$14,0) -> 66402 | F15: 0.002 | G15: =ROUND(E15*F15,0) -> 133
A16: SUBTOTAL MATERIALES | B16: SUBTOTAL MATERIALES | C16: SUBTOTAL MATERIALES | D16: SUBTOTAL MATERIALES | E16: SUBTOTAL MATERIALES | F16: SUBTOTAL MATERIALES | G16: =ROUND(SUM(G12:G15),0) -> 1278
A17: MANO DE OBRA | B17: MANO DE OBRA | C17: MANO DE OBRA | D17: MANO DE OBRA | E17: MANO DE OBRA | F17: MANO DE OBRA | G17: MANO DE OBRA
A18: MANO DE OBRA | B18: MO-003 | C18: TOPOGRAFO | D18: día | E18: =ROUND('MANO DE OBRA'!$E$9,0) -> 251576 | F18: 0.01 | G18: =ROUND(E18*F18,0) -> 2516
A19: MANO DE OBRA | B19: MO-004 | C19: CADENERO | D19: día | E19: =ROUND('MANO DE OBRA'!$E$10,0) -> 196251 | F19: 0.01 | G19: =ROUND(E19*F19,0) -> 1963
A20: MANO DE OBRA | B20: MO-005 | C20: AYUDANTE | D20: día | E20: =ROUND('MANO DE OBRA'!$E$11,0) -> 107973 | F20: 0.01 | G20: =ROUND(E20*F20,0) -> 1080
A21: SUBTOTAL MANO DE OBRA | B21: SUBTOTAL MANO DE OBRA | C21: SUBTOTAL MANO DE OBRA | D21: SUBTOTAL MANO DE OBRA | E21: SUBTOTAL MANO DE OBRA | F21: SUBTOTAL MANO DE OBRA | G21: =ROUND(SUM(G18:G20),0) -> 5559
A22: VALOR UNITARIO | B22: TOTAL COSTO DIRECTO APROXIMADO AL PESO | C22: TOTAL COSTO DIRECTO APROXIMADO AL PESO | D22: TOTAL COSTO DIRECTO APROXIMADO AL PESO | E22: TOTAL COSTO DIRECTO APROXIMADO AL PESO | G22: =ROUND(SUM(G10,G16,G21),0) -> 7190
A24: C1-1.1.2 | B24: 1.1.2 | C24: SUMINISTRO, INSTALACIÓN, MANTENIMIENTO Y DESMONTE DE CERRAMIENTO PROVISIONAL EN TELA NARANJA DE 2,00 m DE ALTURA, CON ESTRUCTURA EN MADERA Y ANCLAJES EN CONCRETO DE 17,5 MPa. INCLUYE EXCAVACIÓN PUNTUAL, ACOPIO INTERNO Y TODOS LOS ELEMENTOS NECESARIOS PARA SU CORRECTA EJECUCIÓN. | G24: m
A25: TIPO | B25: CÓDIGO | C25: DESCRIPCIÓN | D25: UNIDAD | E25: TARIFA / BASE | F25: CONSUMO | G25: PARCIAL
A26: EQUIPO Y HERRAMIENTAS | B26: EQUIPO Y HERRAMIENTAS | C26: EQUIPO Y HERRAMIENTAS | D26: EQUIPO Y HERRAMIENTAS | E26: EQUIPO Y HERRAMIENTAS | F26: EQUIPO Y HERRAMIENTAS | G26: EQUIPO Y HERRAMIENTAS
A27: EQUIPO | B27: AUTO | C27: HERRAMIENTA MENOR (5 % DE MANO DE OBRA) | D27: % | E27: =ROUND($G$37,0) -> 19953 | F27: 0.05 | G27: =ROUND(E27*F27,0) -> 998
A28: SUBTOTAL EQUIPO Y HERRAMIENTAS | B28: SUBTOTAL EQUIPO Y HERRAMIENTAS | C28: SUBTOTAL EQUIPO Y HERRAMIENTAS | D28: SUBTOTAL EQUIPO Y HERRAMIENTAS | E28: SUBTOTAL EQUIPO Y HERRAMIENTAS | F28: SUBTOTAL EQUIPO Y HERRAMIENTAS | G28: =ROUND(SUM(G27:G27),0) -> 998
A29: MATERIALES | B29: MATERIALES | C29: MATERIALES | D29: MATERIALES | E29: MATERIALES | F29: MATERIALES | G29: MATERIALES
A30: MATERIAL | B30: MAT-010 | C30: LISTON ORDINARIO 3 X 3 | D30: m | E30: =ROUND(INSUMOS!$E$15,0) -> 5500 | F30: 1.1 | G30: =ROUND(E30*F30,0) -> 6050
A31: MATERIAL | B31: MAT-011 | C31: TELA VERDE DE CERRAMIENTO H:2.00m | D31: m | E31: =ROUND(INSUMOS!$E$16,0) -> 3332 | F31: 1.05 | G31: =ROUND(E31*F31,0) -> 3499
A32: MATERIAL | B32: MAT-008 | C32: PUNTILLA CON CABEZA 2 1/2" | D32: lb | E32: =ROUND(INSUMOS!$E$13,0) -> 6248 | F32: 0.1 | G32: =ROUND(E32*F32,0) -> 625
A33: SUBTOTAL MATERIALES | B33: SUBTOTAL MATERIALES | C33: SUBTOTAL MATERIALES | D33: SUBTOTAL MATERIALES | E33: SUBTOTAL MATERIALES | F33: SUBTOTAL MATERIALES | G33: =ROUND(SUM(G30:G32),0) -> 10174
A34: MANO DE OBRA | B34: MANO DE OBRA | C34: MANO DE OBRA | D34: MANO DE OBRA | E34: MANO DE OBRA | F34: MANO DE OBRA | G34: MANO DE OBRA
A35: MANO DE OBRA | B35: MO-005 | C35: AYUDANTE | D35: día | E35: =ROUND('MANO DE OBRA'!$E$11,0) -> 107973 | F35: 0.07 | G35: =ROUND(E35*F35,0) -> 7558
A36: MANO DE OBRA | B36: MO-006 | C36: OFICIAL | D36: día | E36: =ROUND('MANO DE OBRA'!$E$12,0) -> 177075 | F36: 0.07 | G36: =ROUND(E36*F36,0) -> 12395
A37: SUBTOTAL MANO DE OBRA | B37: SUBTOTAL MANO DE OBRA | C37: SUBTOTAL MANO DE OBRA | D37: SUBTOTAL MANO DE OBRA | E37: SUBTOTAL MANO DE OBRA | F37: SUBTOTAL MANO DE OBRA | G37: =ROUND(SUM(G35:G36),0) -> 19953
A38: VALOR UNITARIO | B38: TOTAL COSTO DIRECTO APROXIMADO AL PESO | C38: TOTAL COSTO DIRECTO APROXIMADO AL PESO | D38: TOTAL COSTO DIRECTO APROXIMADO AL PESO | E38: TOTAL COSTO DIRECTO APROXIMADO AL PESO | G38: =ROUND(SUM(G28,G33,G37),0) -> 31125
A40: C1-2.1.1 | B40: 2.1.1 | C40: EXCAVACIÓN MANUAL DE MATERIAL HETEROGÉNEO ENTRE 0 Y 2 m DE PROFUNDIDAD, BAJO CUALQUIER GRADO DE HUMEDAD. INCLUYE ROCA DESCOMPUESTA, BOLAS DE ROCA MENORES A 0,35 m³, CARGUE Y ACOPIO O TRASIEGO INTERNO. NO INCLUYE ENTIBADO, TRANSPORTE EXTERNO NI DISPOSICIÓN FINAL. | G40: m³
A41: TIPO | B41: CÓDIGO | C41: DESCRIPCIÓN | D41: UNIDAD | E41: TARIFA / BASE | F41: CONSUMO | G41: PARCIAL
A42: EQUIPO Y HERRAMIENTAS | B42: EQUIPO Y HERRAMIENTAS | C42: EQUIPO Y HERRAMIENTAS | D42: EQUIPO Y HERRAMIENTAS | E42: EQUIPO Y HERRAMIENTAS | F42: EQUIPO Y HERRAMIENTAS | G42: EQUIPO Y HERRAMIENTAS
A43: EQUIPO | B43: AUTO | C43: HERRAMIENTA MENOR (5 % DE MANO DE OBRA) | D43: % | E43: =ROUND($G$47,0) -> 75581 | F43: 0.05 | G43: =ROUND(E43*F43,0) -> 3779
A44: SUBTOTAL EQUIPO Y HERRAMIENTAS | B44: SUBTOTAL EQUIPO Y HERRAMIENTAS | C44: SUBTOTAL EQUIPO Y HERRAMIENTAS | D44: SUBTOTAL EQUIPO Y HERRAMIENTAS | E44: SUBTOTAL EQUIPO Y HERRAMIENTAS | F44: SUBTOTAL EQUIPO Y HERRAMIENTAS | G44: =ROUND(SUM(G43:G43),0) -> 3779
A45: MANO DE OBRA | B45: MANO DE OBRA | C45: MANO DE OBRA | D45: MANO DE OBRA | E45: MANO DE OBRA | F45: MANO DE OBRA | G45: MANO DE OBRA
A46: MANO DE OBRA | B46: MO-005 | C46: AYUDANTE | D46: día | E46: =ROUND('MANO DE OBRA'!$E$11,0) -> 107973 | F46: 0.7 | G46: =ROUND(E46*F46,0) -> 75581
A47: SUBTOTAL MANO DE OBRA | B47: SUBTOTAL MANO DE OBRA | C47: SUBTOTAL MANO DE OBRA | D47: SUBTOTAL MANO DE OBRA | E47: SUBTOTAL MANO DE OBRA | F47: SUBTOTAL MANO DE OBRA | G47: =ROUND(SUM(G46:G46),0) -> 75581
A48: VALOR UNITARIO | B48: TOTAL COSTO DIRECTO APROXIMADO AL PESO | C48: TOTAL COSTO DIRECTO APROXIMADO AL PESO | D48: TOTAL COSTO DIRECTO APROXIMADO AL PESO | E48: TOTAL COSTO DIRECTO APROXIMADO AL PESO | G48: =ROUND(SUM(G44,G47),0) -> 79360
A50: C1-2.2.3 | B50: 2.2.3 | C50: LLENO CON MATERIAL PROVENIENTE DE LA EXCAVACIÓN, COMPACTADO MECÁNICAMENTE HASTA ALCANZAR EL 95 % DE LA DENSIDAD MÁXIMA DEL ENSAYO PRÓCTOR MODIFICADO. INCLUYE TRANSPORTE INTERNO. MEDIDA EN SITIO COMPACTADO. | G50: m³
A51: TIPO | B51: CÓDIGO | C51: DESCRIPCIÓN | D51: UNIDAD | E51: TARIFA / BASE | F51: CONSUMO | G51: PARCIAL
A52: EQUIPO Y HERRAMIENTAS | B52: EQUIPO Y HERRAMIENTAS | C52: EQUIPO Y HERRAMIENTAS | D52: EQUIPO Y HERRAMIENTAS | E52: EQUIPO Y HERRAMIENTAS | F52: EQUIPO Y HERRAMIENTAS | G52: EQUIPO Y HERRAMIENTAS
A53: EQUIPO | B53: EQ-003 | C53: BENITIN (Vibrocompactador Monocilindro) | D53: día | E53: =ROUND(EQUIPOS!$E$8,0) -> 241800 | F53: 0.08 | G53: =ROUND(E53*F53,0) -> 19344
A54: EQUIPO | B54: AUTO | C54: HERRAMIENTA MENOR (5 % DE MANO DE OBRA) | D54: % | E54: =ROUND($G$59,0) -> 42757 | F54: 0.05 | G54: =ROUND(E54*F54,0) -> 2138
A55: SUBTOTAL EQUIPO Y HERRAMIENTAS | B55: SUBTOTAL EQUIPO Y HERRAMIENTAS | C55: SUBTOTAL EQUIPO Y HERRAMIENTAS | D55: SUBTOTAL EQUIPO Y HERRAMIENTAS | E55: SUBTOTAL EQUIPO Y HERRAMIENTAS | F55: SUBTOTAL EQUIPO Y HERRAMIENTAS | G55: =ROUND(SUM(G53:G54),0) -> 21482
A56: MANO DE OBRA | B56: MANO DE OBRA | C56: MANO DE OBRA | D56: MANO DE OBRA | E56: MANO DE OBRA | F56: MANO DE OBRA | G56: MANO DE OBRA
A57: MANO DE OBRA | B57: MO-006 | C57: OFICIAL | D57: día | E57: =ROUND('MANO DE OBRA'!$E$12,0) -> 177075 | F57: 0.15 | G57: =ROUND(E57*F57,0) -> 26561
A58: MANO DE OBRA | B58: MO-005 | C58: AYUDANTE | D58: día | E58: =ROUND('MANO DE OBRA'!$E$11,0) -> 107973 | F58: 0.15 | G58: =ROUND(E58*F58,0) -> 16196
A59: SUBTOTAL MANO DE OBRA | B59: SUBTOTAL MANO DE OBRA | C59: SUBTOTAL MANO DE OBRA | D59: SUBTOTAL MANO DE OBRA | E59: SUBTOTAL MANO DE OBRA | F59: SUBTOTAL MANO DE OBRA | G59: =ROUND(SUM(G57:G58),0) -> 42757
A60: VALOR UNITARIO | B60: TOTAL COSTO DIRECTO APROXIMADO AL PESO | C60: TOTAL COSTO DIRECTO APROXIMADO AL PESO | D60: TOTAL COSTO DIRECTO APROXIMADO AL PESO | E60: TOTAL COSTO DIRECTO APROXIMADO AL PESO | G60: =ROUND(SUM(G55,G59),0) -> 64239
A62: C1-2.3.1 | B62: 2.3.1 | C62: SUMINISTRO E INSTALACIÓN DE CONCRETO POBRE DE LIMPIEZA DE 2.000 PSI PARA SOLADO, ESPESOR 0,05 m. INCLUYE TRANSPORTE, COLOCACIÓN, NIVELACIÓN, CURADO Y TODO LO NECESARIO PARA SU CORRECTA EJECUCIÓN. NO INCLUYE REFUERZO. | G62: m²
A63: TIPO | B63: CÓDIGO | C63: DESCRIPCIÓN | D63: UNIDAD | E63: TARIFA / BASE | F63: CONSUMO | G63: PARCIAL
A64: EQUIPO Y HERRAMIENTAS | B64: EQUIPO Y HERRAMIENTAS | C64: EQUIPO Y HERRAMIENTAS | D64: EQUIPO Y HERRAMIENTAS | E64: EQUIPO Y HERRAMIENTAS | F64: EQUIPO Y HERRAMIENTAS | G64: EQUIPO Y HERRAMIENTAS
A65: EQUIPO | B65: EQ-004 | C65: MEZCLADORA ELECT/GASOLINA 2BT | D65: día | E65: =ROUND(EQUIPOS!$E$9,0) -> 87000 | F65: 0 | G65: =ROUND(E65*F65,0) -> 0
A66: EQUIPO | B66: AUTO | C66: HERRAMIENTA MENOR (5 % DE MANO DE OBRA) | D66: % | E66: =ROUND($G$74,0) -> 14253 | F66: 0.05 | G66: =ROUND(E66*F66,0) -> 713
A67: SUBTOTAL EQUIPO Y HERRAMIENTAS | B67: SUBTOTAL EQUIPO Y HERRAMIENTAS | C67: SUBTOTAL EQUIPO Y HERRAMIENTAS | D67: SUBTOTAL EQUIPO Y HERRAMIENTAS | E67: SUBTOTAL EQUIPO Y HERRAMIENTAS | F67: SUBTOTAL EQUIPO Y HERRAMIENTAS | G67: =ROUND(SUM(G65:G66),0) -> 713
A68: MATERIALES | B68: MATERIALES | C68: MATERIALES | D68: MATERIALES | E68: MATERIALES | F68: MATERIALES | G68: MATERIALES
A69: MATERIAL | B69: APA-04 | C69: CONCRETO DE 2000 PSI | D69: m³ | E69: =ROUND(APA!$G$91,0) -> 802264 | F69: 0.05 | G69: =ROUND(E69*F69,0) -> 40113
A70: SUBTOTAL MATERIALES | B70: SUBTOTAL MATERIALES | C70: SUBTOTAL MATERIALES | D70: SUBTOTAL MATERIALES | E70: SUBTOTAL MATERIALES | F70: SUBTOTAL MATERIALES | G70: =ROUND(SUM(G69:G69),0) -> 40113
A71: MANO DE OBRA | B71: MANO DE OBRA | C71: MANO DE OBRA | D71: MANO DE OBRA | E71: MANO DE OBRA | F71: MANO DE OBRA | G71: MANO DE OBRA
A72: MANO DE OBRA | B72: MO-006 | C72: OFICIAL | D72: día | E72: =ROUND('MANO DE OBRA'!$E$12,0) -> 177075 | F72: 0.05 | G72: =ROUND(E72*F72,0) -> 8854
A73: MANO DE OBRA | B73: MO-005 | C73: AYUDANTE | D73: día | E73: =ROUND('MANO DE OBRA'!$E$11,0) -> 107973 | F73: 0.05 | G73: =ROUND(E73*F73,0) -> 5399
A74: SUBTOTAL MANO DE OBRA | B74: SUBTOTAL MANO DE OBRA | C74: SUBTOTAL MANO DE OBRA | D74: SUBTOTAL MANO DE OBRA | E74: SUBTOTAL MANO DE OBRA | F74: SUBTOTAL MANO DE OBRA | G74: =ROUND(SUM(G72:G73),0) -> 14253
A75: VALOR UNITARIO | B75: TOTAL COSTO DIRECTO APROXIMADO AL PESO | C75: TOTAL COSTO DIRECTO APROXIMADO AL PESO | D75: TOTAL COSTO DIRECTO APROXIMADO AL PESO | E75: TOTAL COSTO DIRECTO APROXIMADO AL PESO | G75: =ROUND(SUM(G67,G70,G74),0) -> 55079
A77: C1-2.3.2 | B77: 2.3.2 | C77: SUMINISTRO E INSTALACIÓN DE CONCRETO DE 3.000 PSI PARA ZAPATAS DE FUNDACIÓN. INCLUYE FORMALETA Y CURADO. NO INCLUYE ACERO DE REFUERZO. | G77: m³
A78: TIPO | B78: CÓDIGO | C78: DESCRIPCIÓN | D78: UNIDAD | E78: TARIFA / BASE | F78: CANT. / PROD. | G78: PARCIAL
A79: EQUIPO Y HERRAMIENTAS | B79: EQUIPO Y HERRAMIENTAS | C79: EQUIPO Y HERRAMIENTAS | D79: EQUIPO Y HERRAMIENTAS | E79: EQUIPO Y HERRAMIENTAS | F79: EQUIPO Y HERRAMIENTAS | G79: EQUIPO Y HERRAMIENTAS
A80: EQUIPO | B80: EQ-004 | C80: MEZCLADORA ELECT/GASOLINA 2BT | D80: día | E80: =ROUND(EQUIPOS!$E$9,0) -> 87000 | F80: 0 | G80: =ROUND(E80*F80,0) -> 0
A81: EQUIPO | B81: AUTO | C81: HERRAMIENTA MENOR (5 % DE MANO DE OBRA) | D81: % | E81: =ROUND($G$94,0) -> 167676 | F81: 0.05 | G81: =ROUND(E81*F81,0) -> 8384
A82: SUBTOTAL EQUIPO Y HERRAMIENTAS | B82: SUBTOTAL EQUIPO Y HERRAMIENTAS | C82: SUBTOTAL EQUIPO Y HERRAMIENTAS | D82: SUBTOTAL EQUIPO Y HERRAMIENTAS | E82: SUBTOTAL EQUIPO Y HERRAMIENTAS | F82: SUBTOTAL EQUIPO Y HERRAMIENTAS | G82: =ROUND(SUM(G80:G81),0) -> 8384
A83: MATERIALES | B83: MATERIALES | C83: MATERIALES | D83: MATERIALES | E83: MATERIALES | F83: MATERIALES | G83: MATERIALES
A84: MATERIAL | B84: APA-06 | C84: CONCRETO 3000 PSI | D84: m³ | E84: =ROUND(APA!$G$137,0) -> 860966 | F84: 1 | G84: =ROUND(E84*F84,0) -> 860966
A85: MATERIAL | B85: MAT-012 | C85: TABLA DE MADERA ORDINARIA PARA FORMALETA 3 m × 0,30 m × 0,02 m; TARIFA POR m LINEAL; CONSUMO NETO CON DOS USOS | D85: m lineal | E85: =ROUND(INSUMOS!$E$17,0) -> 25783 | F85: =(4*1.4*0.3)/(0.3*2*1.4*1.4*0.3) -> 4.7619048 | G85: =ROUND(E85*F85,0) -> 122776
A86: MATERIAL | B86: MAT-013 | C86: PUNTILLA CON CABEZA 2" | D86: lb | E86: =ROUND(INSUMOS!$E$18,0) -> 6248 | F86: 0.2 | G86: =ROUND(E86*F86,0) -> 1250
A87: MATERIAL | B87: MAT-014 | C87: VARA DE CLAVO | D87: m | E87: =ROUND(INSUMOS!$E$19,0) -> 5000 | F87: 0.5 | G87: =ROUND(E87*F87,0) -> 2500
A88: MATERIAL | B88: MAT-015 | C88: ALAMBRE NEGRO No.18 PARA AMARRE DE FORMALETA DE MADERA | D88: kg | E88: =ROUND(INSUMOS!$E$20,0) -> 9226 | F88: 1.2 | G88: =ROUND(E88*F88,0) -> 11071
A89: MATERIAL | B89: MAT-010 | C89: LISTON ORDINARIO 3 X 3 PARA SOPORTE DE FORMALETA DE MADERA | D89: m | E89: =ROUND(INSUMOS!$E$15,0) -> 5500 | F89: 3 | G89: =ROUND(E89*F89,0) -> 16500
A90: SUBTOTAL MATERIALES | B90: SUBTOTAL MATERIALES | C90: SUBTOTAL MATERIALES | D90: SUBTOTAL MATERIALES | E90: SUBTOTAL MATERIALES | F90: SUBTOTAL MATERIALES | G90: =ROUND(SUM(G84:G89),0) -> 1015063
A91: MANO DE OBRA | B91: MANO DE OBRA | C91: MANO DE OBRA | D91: MANO DE OBRA | E91: MANO DE OBRA | F91: MANO DE OBRA | G91: MANO DE OBRA
A92: MANO DE OBRA | B92: MO-006 | C92: OFICIAL | D92: día | E92: =ROUND('MANO DE OBRA'!$E$12,0) -> 177075 | F92: 1.7 | G92: =ROUND(E92/F92,0) -> 104162
A93: MANO DE OBRA | B93: MO-005 | C93: AYUDANTE | D93: día | E93: =ROUND('MANO DE OBRA'!$E$11,0) -> 107973 | F93: 1.7 | G93: =ROUND(E93/F93,0) -> 63514
A94: SUBTOTAL MANO DE OBRA | B94: SUBTOTAL MANO DE OBRA | C94: SUBTOTAL MANO DE OBRA | D94: SUBTOTAL MANO DE OBRA | E94: SUBTOTAL MANO DE OBRA | F94: SUBTOTAL MANO DE OBRA | G94: =ROUND(SUM(G92:G93),0) -> 167676
A95: VALOR UNITARIO | B95: TOTAL COSTO DIRECTO APROXIMADO AL PESO | C95: TOTAL COSTO DIRECTO APROXIMADO AL PESO | D95: TOTAL COSTO DIRECTO APROXIMADO AL PESO | E95: TOTAL COSTO DIRECTO APROXIMADO AL PESO | G95: =ROUND(SUM(G82,G90,G94),0) -> 1191123
A97: C1-2.3.3 | B97: 2.3.3 | C97: SUMINISTRO E INSTALACIÓN DE CONCRETO DE 3.000 PSI PARA COLUMNAS. INCLUYE FORMALETA, VIBRADO Y CURADO. NO INCLUYE ACERO DE REFUERZO. | G97: m³
A98: TIPO | B98: CÓDIGO | C98: DESCRIPCIÓN | D98: UNIDAD | E98: TARIFA / BASE | F98: CANT. / PROD. | G98: PARCIAL
A99: EQUIPO Y HERRAMIENTAS | B99: EQUIPO Y HERRAMIENTAS | C99: EQUIPO Y HERRAMIENTAS | D99: EQUIPO Y HERRAMIENTAS | E99: EQUIPO Y HERRAMIENTAS | F99: EQUIPO Y HERRAMIENTAS | G99: EQUIPO Y HERRAMIENTAS
A100: EQUIPO | B100: EQ-004 | C100: MEZCLADORA ELECT/GASOLINA 2BT | D100: día | E100: =ROUND(EQUIPOS!$E$9,0) -> 87000 | F100: 0 | G100: =ROUND(E100*F100,0) -> 0
A101: EQUIPO | B101: AUTO | C101: HERRAMIENTA MENOR (5 % DE MANO DE OBRA) | D101: % | E101: =ROUND($G$114,0) -> 167676 | F101: 0.05 | G101: =ROUND(E101*F101,0) -> 8384
A102: SUBTOTAL EQUIPO Y HERRAMIENTAS | B102: SUBTOTAL EQUIPO Y HERRAMIENTAS | C102: SUBTOTAL EQUIPO Y HERRAMIENTAS | D102: SUBTOTAL EQUIPO Y HERRAMIENTAS | E102: SUBTOTAL EQUIPO Y HERRAMIENTAS | F102: SUBTOTAL EQUIPO Y HERRAMIENTAS | G102: =ROUND(SUM(G100:G101),0) -> 8384
A103: MATERIALES | B103: MATERIALES | C103: MATERIALES | D103: MATERIALES | E103: MATERIALES | F103: MATERIALES | G103: MATERIALES
A104: MATERIAL | B104: APA-06 | C104: CONCRETO 3000 PSI | D104: m³ | E104: =ROUND(APA!$G$137,0) -> 860966 | F104: 1 | G104: =ROUND(E104*F104,0) -> 860966
A105: MATERIAL | B105: MAT-012 | C105: TABLA DE MADERA ORDINARIA PARA FORMALETA 3 m × 0,30 m × 0,02 m; TARIFA POR m LINEAL; CONSUMO NETO CON DOS USOS | D105: m lineal | E105: =ROUND(INSUMOS!$E$17,0) -> 25783 | F105: =(4*0.4)/(0.3*2*0.4*0.4) -> 16.666667 | G105: =ROUND(E105*F105,0) -> 429717
A106: MATERIAL | B106: MAT-013 | C106: PUNTILLA CON CABEZA 2" | D106: lb | E106: =ROUND(INSUMOS!$E$18,0) -> 6248 | F106: 0.2 | G106: =ROUND(E106*F106,0) -> 1250
A107: MATERIAL | B107: MAT-014 | C107: VARA DE CLAVO | D107: m | E107: =ROUND(INSUMOS!$E$19,0) -> 5000 | F107: 0.5 | G107: =ROUND(E107*F107,0) -> 2500
...

Sheet APA
A1: MUNICIPIO DE DABEIBA – ANTIOQUIA | B1: MUNICIPIO DE DABEIBA – ANTIOQUIA | C1: MUNICIPIO DE DABEIBA – ANTIOQUIA | D1: MUNICIPIO DE DABEIBA – ANTIOQUIA | E1: MUNICIPIO DE DABEIBA – ANTIOQUIA | F1: MUNICIPIO DE DABEIBA – ANTIOQUIA | G1: MUNICIPIO DE DABEIBA – ANTIOQUIA
A2: CONSTRUCCIÓN DE AULA Y MEJORAMIENTO DE INFRAESTRUCTURA EXISTENTE DE LA INSTITUCIÓN EDUCATIVA DE LA VEREDA EL RETIRO DEL MUNICIPIO DE DABEIBA, ANTIOQUIA | B2: CONSTRUCCIÓN DE AULA Y MEJORAMIENTO DE INFRAESTRUCTURA EXISTENTE DE LA INSTITUCIÓN EDUCATIVA DE LA VEREDA EL RETIRO DEL MUNICIPIO DE DABEIBA, ANTIOQUIA | C2: CONSTRUCCIÓN DE AULA Y MEJORAMIENTO DE INFRAESTRUCTURA EXISTENTE DE LA INSTITUCIÓN EDUCATIVA DE LA VEREDA EL RETIRO DEL MUNICIPIO DE DABEIBA, ANTIOQUIA | D2: CONSTRUCCIÓN DE AULA Y MEJORAMIENTO DE INFRAESTRUCTURA EXISTENTE DE LA INSTITUCIÓN EDUCATIVA DE LA VEREDA EL RETIRO DEL MUNICIPIO DE DABEIBA, ANTIOQUIA | E2: CONSTRUCCIÓN DE AULA Y MEJORAMIENTO DE INFRAESTRUCTURA EXISTENTE DE LA INSTITUCIÓN EDUCATIVA DE LA VEREDA EL RETIRO DEL MUNICIPIO DE DABEIBA, ANTIOQUIA | F2: CONSTRUCCIÓN DE AULA Y MEJORAMIENTO DE INFRAESTRUCTURA EXISTENTE DE LA INSTITUCIÓN EDUCATIVA DE LA VEREDA EL RETIRO DEL MUNICIPIO DE DABEIBA, ANTIOQUIA | G2: CONSTRUCCIÓN DE AULA Y MEJORAMIENTO DE INFRAESTRUCTURA EXISTENTE DE LA INSTITUCIÓN EDUCATIVA DE LA VEREDA EL RETIRO DEL MUNICIPIO DE DABEIBA, ANTIOQUIA
A3: ANÁLISIS DE PRECIOS AUXILIARES CONSOLIDADOS | B3: ANÁLISIS DE PRECIOS AUXILIARES CONSOLIDADOS | C3: ANÁLISIS DE PRECIOS AUXILIARES CONSOLIDADOS | D3: ANÁLISIS DE PRECIOS AUXILIARES CONSOLIDADOS | E3: ANÁLISIS DE PRECIOS AUXILIARES CONSOLIDADOS | F3: ANÁLISIS DE PRECIOS AUXILIARES CONSOLIDADOS | G3: ANÁLISIS DE PRECIOS AUXILIARES CONSOLIDADOS
A5: APA-01 | B5: MORTERO 1:3 IMPERMEABILIZADO | C5: Subanálisis de precio auxiliar | G5: m³
A6: TIPO | B6: CÓDIGO | C6: DESCRIPCIÓN | D6: UNIDAD | E6: TARIFA / BASE | F6: CONSUMO | G6: PARCIAL
A7: EQUIPO Y HERRAMIENTAS | B7: EQUIPO Y HERRAMIENTAS | C7: EQUIPO Y HERRAMIENTAS | D7: EQUIPO Y HERRAMIENTAS | E7: EQUIPO Y HERRAMIENTAS | F7: EQUIPO Y HERRAMIENTAS | G7: EQUIPO Y HERRAMIENTAS
A8: EQUIPO | B8: EQ-001 | C8: MEZCLADORA ELECT/GASOLINA 2BT | D8: h | E8: =ROUND(EQUIPOS!$E$6,0) -> 15000 | F8: 0.14705882 | G8: =ROUND(E8*F8,0) -> 2206
A9: EQUIPO | B9: AUTO | C9: HERRAMIENTA MENOR (5 % DE MANO DE OBRA) | D9: % | E9: =ROUND($G$21,0) -> 121146 | F9: 0.05 | G9: =ROUND(E9*F9,0) -> 6057
A10: SUBTOTAL EQUIPO Y HERRAMIENTAS | B10: SUBTOTAL EQUIPO Y HERRAMIENTAS | C10: SUBTOTAL EQUIPO Y HERRAMIENTAS | D10: SUBTOTAL EQUIPO Y HERRAMIENTAS | E10: SUBTOTAL EQUIPO Y HERRAMIENTAS | F10: SUBTOTAL EQUIPO Y HERRAMIENTAS | G10: =ROUND(SUM(G8:G9),0) -> 8263
A11: MATERIALES | B11: MATERIALES | C11: MATERIALES | D11: MATERIALES | E11: MATERIALES | F11: MATERIALES | G11: MATERIALES
A12: MATERIAL | B12: MAT-001 | C12: CEMENTO GRIS | D12: bulto | E12: =ROUND(INSUMOS!$E$6,0) -> 41983 | F12: 9.08 | G12: =ROUND(E12*F12,0) -> 381206
A13: MATERIAL | B13: MAT-002 | C13: ARENA LAVADA DE PEÑA | D13: m³ | E13: =ROUND(INSUMOS!$E$7,0) -> 160650 | F13: 1.09 | G13: =ROUND(E13*F13,0) -> 175109
A14: MATERIAL | B14: MAT-003 | C14: AGUA | D14: L | E14: =ROUND(INSUMOS!$E$8,0) -> 25 | F14: 240 | G14: =ROUND(E14*F14,0) -> 6000
A15: MATERIAL | B15: MAT-004 | C15: PLASTOCRETE | D15: gramos | E15: =ROUND(INSUMOS!$E$9,0) -> 32 | F15: 2270 | G15: =ROUND(E15*F15,0) -> 72640
A16: MATERIAL | B16: AUTO | C16: DESPERDICIO DE MATERIALES (5 %) | D16: % | E16: =ROUND(SUM($G$12:$G$15),0) -> 634955 | F16: 0.05 | G16: =ROUND(E16*F16,0) -> 31748
A17: SUBTOTAL MATERIALES | B17: SUBTOTAL MATERIALES | C17: SUBTOTAL MATERIALES | D17: SUBTOTAL MATERIALES | E17: SUBTOTAL MATERIALES | F17: SUBTOTAL MATERIALES | G17: =ROUND(SUM(G12:G16),0) -> 666703
A18: MANO DE OBRA | B18: MANO DE OBRA | C18: MANO DE OBRA | D18: MANO DE OBRA | E18: MANO DE OBRA | F18: MANO DE OBRA | G18: MANO DE OBRA
A19: MANO DE OBRA | B19: MO-001 | C19: OFICIAL | D19: día | E19: =ROUND('MANO DE OBRA'!$E$7,0) -> 176836 | F19: 0.14705882 | G19: =ROUND(E19*F19,0) -> 26005
A20: MANO DE OBRA | B20: MO-002 | C20: AYUDANTE | D20: día | E20: =ROUND('MANO DE OBRA'!$E$8,0) -> 107827 | F20: 0.88235294 | G20: =ROUND(E20*F20,0) -> 95141
A21: SUBTOTAL MANO DE OBRA | B21: SUBTOTAL MANO DE OBRA | C21: SUBTOTAL MANO DE OBRA | D21: SUBTOTAL MANO DE OBRA | E21: SUBTOTAL MANO DE OBRA | F21: SUBTOTAL MANO DE OBRA | G21: =ROUND(SUM(G19:G20),0) -> 121146
A22: TRANSPORTE | B22: TRANSPORTE | C22: TRANSPORTE | D22: TRANSPORTE | E22: TRANSPORTE | F22: TRANSPORTE | G22: TRANSPORTE
A23: TRANSPORTE | B23: TR-001 | C23: ARENA LAVADA | D23: m³·km | E23: =ROUND(TRANSPORTE!$E$6,0) -> 1000 | F23: 141.7 | G23: =ROUND(E23*F23,0) -> 141700
A24: SUBTOTAL TRANSPORTE | B24: SUBTOTAL TRANSPORTE | C24: SUBTOTAL TRANSPORTE | D24: SUBTOTAL TRANSPORTE | E24: SUBTOTAL TRANSPORTE | F24: SUBTOTAL TRANSPORTE | G24: =ROUND(SUM(G23:G23),0) -> 141700
A25: TOTAL COSTO DIRECTO APROXIMADO AL PESO | B25: TOTAL COSTO DIRECTO APROXIMADO AL PESO | C25: TOTAL COSTO DIRECTO APROXIMADO AL PESO | D25: TOTAL COSTO DIRECTO APROXIMADO AL PESO | E25: TOTAL COSTO DIRECTO APROXIMADO AL PESO | F25: 943173 | G25: =ROUND(SUM(G10,G17,G21,G24),0) -> 937812
A27: APA-02 | B27: MORTERO 1:4 IMPERMEABILIZADO | C27: Subanálisis de precio auxiliar | G27: m³
A28: TIPO | B28: CÓDIGO | C28: DESCRIPCIÓN | D28: UNIDAD | E28: TARIFA / BASE | F28: CONSUMO | G28: PARCIAL
A29: EQUIPO Y HERRAMIENTAS | B29: EQUIPO Y HERRAMIENTAS | C29: EQUIPO Y HERRAMIENTAS | D29: EQUIPO Y HERRAMIENTAS | E29: EQUIPO Y HERRAMIENTAS | F29: EQUIPO Y HERRAMIENTAS | G29: EQUIPO Y HERRAMIENTAS
A30: EQUIPO | B30: EQ-001 | C30: MEZCLADORA ELECT/GASOLINA 2BT | D30: h | E30: =ROUND(EQUIPOS!$E$6,0) -> 15000 | F30: 0.14705882 | G30: =ROUND(E30*F30,0) -> 2206
A31: EQUIPO | B31: AUTO | C31: HERRAMIENTA MENOR (5 % DE MANO DE OBRA) | D31: % | E31: =ROUND($G$43,0) -> 121146 | F31: 0.05 | G31: =ROUND(E31*F31,0) -> 6057
A32: SUBTOTAL EQUIPO Y HERRAMIENTAS | B32: SUBTOTAL EQUIPO Y HERRAMIENTAS | C32: SUBTOTAL EQUIPO Y HERRAMIENTAS | D32: SUBTOTAL EQUIPO Y HERRAMIENTAS | E32: SUBTOTAL EQUIPO Y HERRAMIENTAS | F32: SUBTOTAL EQUIPO Y HERRAMIENTAS | G32: =ROUND(SUM(G30:G31),0) -> 8263
A33: MATERIALES | B33: MATERIALES | C33: MATERIALES | D33: MATERIALES | E33: MATERIALES | F33: MATERIALES | G33: MATERIALES
A34: MATERIAL | B34: MAT-001 | C34: CEMENTO GRIS | D34: bulto | E34: =ROUND(INSUMOS!$E$6,0) -> 41983 | F34: 7.28 | G34: =ROUND(E34*F34,0) -> 305636
A35: MATERIAL | B35: MAT-002 | C35: ARENA LAVADA DE PEÑA | D35: m³ | E35: =ROUND(INSUMOS!$E$7,0) -> 160650 | F35: 1.16 | G35: =ROUND(E35*F35,0) -> 186354
A36: MATERIAL | B36: MAT-003 | C36: AGUA | D36: L | E36: =ROUND(INSUMOS!$E$8,0) -> 25 | F36: 220 | G36: =ROUND(E36*F36,0) -> 5500
A37: MATERIAL | B37: MAT-004 | C37: PLASTOCRETE | D37: gramos | E37: =ROUND(INSUMOS!$E$9,0) -> 32 | F37: 1820 | G37: =ROUND(E37*F37,0) -> 58240
A38: MATERIAL | B38: AUTO | C38: DESPERDICIO DE MATERIALES (5 %) | D38: % | E38: =ROUND(SUM($G$34:$G$37),0) -> 555730 | F38: 0.05 | G38: =ROUND(E38*F38,0) -> 27787
A39: SUBTOTAL MATERIALES | B39: SUBTOTAL MATERIALES | C39: SUBTOTAL MATERIALES | D39: SUBTOTAL MATERIALES | E39: SUBTOTAL MATERIALES | F39: SUBTOTAL MATERIALES | G39: =ROUND(SUM(G34:G38),0) -> 583517
A40: MANO DE OBRA | B40: MANO DE OBRA | C40: MANO DE OBRA | D40: MANO DE OBRA | E40: MANO DE OBRA | F40: MANO DE OBRA | G40: MANO DE OBRA
A41: MANO DE OBRA | B41: MO-001 | C41: Oficial | D41: día | E41: =ROUND('MANO DE OBRA'!$E$7,0) -> 176836 | F41: 0.14705882 | G41: =ROUND(E41*F41,0) -> 26005
A42: MANO DE OBRA | B42: MO-002 | C42: AYUDANTE | D42: día | E42: =ROUND('MANO DE OBRA'!$E$8,0) -> 107827 | F42: 0.88235294 | G42: =ROUND(E42*F42,0) -> 95141
A43: SUBTOTAL MANO DE OBRA | B43: SUBTOTAL MANO DE OBRA | C43: SUBTOTAL MANO DE OBRA | D43: SUBTOTAL MANO DE OBRA | E43: SUBTOTAL MANO DE OBRA | F43: SUBTOTAL MANO DE OBRA | G43: =ROUND(SUM(G41:G42),0) -> 121146
A44: TRANSPORTE | B44: TRANSPORTE | C44: TRANSPORTE | D44: TRANSPORTE | E44: TRANSPORTE | F44: TRANSPORTE | G44: TRANSPORTE
A45: TRANSPORTE | B45: TR-001 | C45: ARENA LAVADA | D45: m³·km | E45: =ROUND(TRANSPORTE!$E$6,0) -> 1000 | F45: 150.8 | G45: =ROUND(E45*F45,0) -> 150800
A46: SUBTOTAL TRANSPORTE | B46: SUBTOTAL TRANSPORTE | C46: SUBTOTAL TRANSPORTE | D46: SUBTOTAL TRANSPORTE | E46: SUBTOTAL TRANSPORTE | F46: SUBTOTAL TRANSPORTE | G46: =ROUND(SUM(G45:G45),0) -> 150800
A47: TOTAL COSTO DIRECTO APROXIMADO AL PESO | B47: TOTAL COSTO DIRECTO APROXIMADO AL PESO | C47: TOTAL COSTO DIRECTO APROXIMADO AL PESO | D47: TOTAL COSTO DIRECTO APROXIMADO AL PESO | E47: TOTAL COSTO DIRECTO APROXIMADO AL PESO | F47: 869226 | G47: =ROUND(SUM(G32,G39,G43,G46),0) -> 863726
A49: APA-03 | B49: MORTERO 1:3 | C49: Subanálisis de precio auxiliar | G49: m³
A50: TIPO | B50: CÓDIGO | C50: DESCRIPCIÓN | D50: UNIDAD | E50: TARIFA / BASE | F50: CONSUMO | G50: PARCIAL
A51: EQUIPO Y HERRAMIENTAS | B51: EQUIPO Y HERRAMIENTAS | C51: EQUIPO Y HERRAMIENTAS | D51: EQUIPO Y HERRAMIENTAS | E51: EQUIPO Y HERRAMIENTAS | F51: EQUIPO Y HERRAMIENTAS | G51: EQUIPO Y HERRAMIENTAS
A52: EQUIPO | B52: EQ-001 | C52: MEZCLADORA ELECT/GASOLINA 2BT | D52: h | E52: =ROUND(EQUIPOS!$E$6,0) -> 15000 | F52: 0.14705882 | G52: =ROUND(E52*F52,0) -> 2206
A53: EQUIPO | B53: AUTO | C53: HERRAMIENTA MENOR (5 % DE MANO DE OBRA) | D53: % | E53: =ROUND($G$64,0) -> 121146 | F53: 0.05 | G53: =ROUND(E53*F53,0) -> 6057
A54: SUBTOTAL EQUIPO Y HERRAMIENTAS | B54: SUBTOTAL EQUIPO Y HERRAMIENTAS | C54: SUBTOTAL EQUIPO Y HERRAMIENTAS | D54: SUBTOTAL EQUIPO Y HERRAMIENTAS | E54: SUBTOTAL EQUIPO Y HERRAMIENTAS | F54: SUBTOTAL EQUIPO Y HERRAMIENTAS | G54: =ROUND(SUM(G52:G53),0) -> 8263
A55: MATERIALES | B55: MATERIALES | C55: MATERIALES | D55: MATERIALES | E55: MATERIALES | F55: MATERIALES | G55: MATERIALES
A56: MATERIAL | B56: MAT-001 | C56: CEMENTO GRIS | D56: bulto | E56: =ROUND(INSUMOS!$E$6,0) -> 41983 | F56: 9.08 | G56: =ROUND(E56*F56,0) -> 381206
A57: MATERIAL | B57: MAT-002 | C57: ARENA LAVADA DE PEÑA | D57: m³ | E57: =ROUND(INSUMOS!$E$7,0) -> 160650 | F57: 1.09 | G57: =ROUND(E57*F57,0) -> 175109
A58: MATERIAL | B58: MAT-003 | C58: AGUA | D58: L | E58: =ROUND(INSUMOS!$E$8,0) -> 25 | F58: 240 | G58: =ROUND(E58*F58,0) -> 6000
A59: MATERIAL | B59: AUTO | C59: DESPERDICIO DE MATERIALES (5 %) | D59: % | E59: =ROUND(SUM($G$56:$G$58),0) -> 562315 | F59: 0.05 | G59: =ROUND(E59*F59,0) -> 28116
A60: SUBTOTAL MATERIALES | B60: SUBTOTAL MATERIALES | C60: SUBTOTAL MATERIALES | D60: SUBTOTAL MATERIALES | E60: SUBTOTAL MATERIALES | F60: SUBTOTAL MATERIALES | G60: =ROUND(SUM(G56:G59),0) -> 590431
A61: MANO DE OBRA | B61: MANO DE OBRA | C61: MANO DE OBRA | D61: MANO DE OBRA | E61: MANO DE OBRA | F61: MANO DE OBRA | G61: MANO DE OBRA
A62: MANO DE OBRA | B62: MO-001 | C62: OFICIAL | D62: día | E62: =ROUND('MANO DE OBRA'!$E$7,0) -> 176836 | F62: 0.14705882 | G62: =ROUND(E62*F62,0) -> 26005
A63: MANO DE OBRA | B63: MO-002 | C63: AYUDANTE | D63: día | E63: =ROUND('MANO DE OBRA'!$E$8,0) -> 107827 | F63: 0.88235294 | G63: =ROUND(E63*F63,0) -> 95141
A64: SUBTOTAL MANO DE OBRA | B64: SUBTOTAL MANO DE OBRA | C64: SUBTOTAL MANO DE OBRA | D64: SUBTOTAL MANO DE OBRA | E64: SUBTOTAL MANO DE OBRA | F64: SUBTOTAL MANO DE OBRA | G64: =ROUND(SUM(G62:G63),0) -> 121146
A65: TRANSPORTE | B65: TRANSPORTE | C65: TRANSPORTE | D65: TRANSPORTE | E65: TRANSPORTE | F65: TRANSPORTE | G65: TRANSPORTE
A66: TRANSPORTE | B66: TR-001 | C66: ARENA LAVADA | D66: m³·km | E66: =ROUND(TRANSPORTE!$E$6,0) -> 1000 | F66: 141.7 | G66: =ROUND(E66*F66,0) -> 141700
A67: SUBTOTAL TRANSPORTE | B67: SUBTOTAL TRANSPORTE | C67: SUBTOTAL TRANSPORTE | D67: SUBTOTAL TRANSPORTE | E67: SUBTOTAL TRANSPORTE | F67: SUBTOTAL TRANSPORTE | G67: =ROUND(SUM(G66:G66),0) -> 141700
A68: TOTAL COSTO DIRECTO APROXIMADO AL PESO | B68: TOTAL COSTO DIRECTO APROXIMADO AL PESO | C68: TOTAL COSTO DIRECTO APROXIMADO AL PESO | D68: TOTAL COSTO DIRECTO APROXIMADO AL PESO | E68: TOTAL COSTO DIRECTO APROXIMADO AL PESO | F68: 867600 | G68: =ROUND(SUM(G54,G60,G64,G67),0) -> 861540
A70: APA-04 | B70: CONCRETO 2.000 PSI | C70: Subanálisis de precio auxiliar | G70: m³
A71: TIPO | B71: CÓDIGO | C71: DESCRIPCIÓN | D71: UNIDAD | E71: TARIFA / BASE | F71: CONSUMO | G71: PARCIAL
A72: EQUIPO Y HERRAMIENTAS | B72: EQUIPO Y HERRAMIENTAS | C72: EQUIPO Y HERRAMIENTAS | D72: EQUIPO Y HERRAMIENTAS | E72: EQUIPO Y HERRAMIENTAS | F72: EQUIPO Y HERRAMIENTAS | G72: EQUIPO Y HERRAMIENTAS
A73: EQUIPO | B73: EQ-001 | C73: MEZCLADORA ELECT/GASOLINA 2BT | D73: h | E73: =ROUND(EQUIPOS!$E$6,0) -> 15000 | F73: 0.17699115 | G73: =ROUND(E73*F73,0) -> 2655
A74: EQUIPO | B74: AUTO | C74: HERRAMIENTA MENOR (5 % DE MANO DE OBRA) | D74: % | E74: =ROUND($G$86,0) -> 145805 | F74: 0.05 | G74: =ROUND(E74*F74,0) -> 7290
A75: SUBTOTAL EQUIPO Y HERRAMIENTAS | B75: SUBTOTAL EQUIPO Y HERRAMIENTAS | C75: SUBTOTAL EQUIPO Y HERRAMIENTAS | D75: SUBTOTAL EQUIPO Y HERRAMIENTAS | E75: SUBTOTAL EQUIPO Y HERRAMIENTAS | F75: SUBTOTAL EQUIPO Y HERRAMIENTAS | G75: =ROUND(SUM(G73:G74),0) -> 9945
A76: MATERIALES | B76: MATERIALES | C76: MATERIALES | D76: MATERIALES | E76: MATERIALES | F76: MATERIALES | G76: MATERIALES
A77: MATERIAL | B77: MAT-005 | C77: GRAVILLA COMÚN DE RIO | D77: m³ | E77: =ROUND(INSUMOS!$E$10,0) -> 130900 | F77: 0.84 | G77: =ROUND(E77*F77,0) -> 109956
A78: MATERIAL | B78: MAT-002 | C78: ARENA LAVADA DE PEÑA | D78: m³ | E78: =ROUND(INSUMOS!$E$7,0) -> 160650 | F78: 0.63 | G78: =ROUND(E78*F78,0) -> 101210
A79: MATERIAL | B79: MAT-001 | C79: CEMENTO GRIS | D79: bulto | E79: =ROUND(INSUMOS!$E$6,0) -> 41983 | F79: 5.2 | G79: =ROUND(E79*F79,0) -> 218312
A80: MATERIAL | B80: MAT-003 | C80: AGUA | D80: L | E80: =ROUND(INSUMOS!$E$8,0) -> 25 | F80: 170 | G80: =ROUND(E80*F80,0) -> 4250
A81: MATERIAL | B81: AUTO | C81: DESPERDICIO DE MATERIALES (5 %) | D81: % | E81: =ROUND(SUM($G$77:$G$80),0) -> 433728 | F81: 0.05 | G81: =ROUND(E81*F81,0) -> 21686
A82: SUBTOTAL MATERIALES | B82: SUBTOTAL MATERIALES | C82: SUBTOTAL MATERIALES | D82: SUBTOTAL MATERIALES | E82: SUBTOTAL MATERIALES | F82: SUBTOTAL MATERIALES | G82: =ROUND(SUM(G77:G81),0) -> 455414
A83: MANO DE OBRA | B83: MANO DE OBRA | C83: MANO DE OBRA | D83: MANO DE OBRA | E83: MANO DE OBRA | F83: MANO DE OBRA | G83: MANO DE OBRA
A84: MANO DE OBRA | B84: MO-001 | C84: Oficial | D84: día | E84: =ROUND('MANO DE OBRA'!$E$7,0) -> 176836 | F84: 0.17699115 | G84: =ROUND(E84*F84,0) -> 31298
A85: MANO DE OBRA | B85: MO-002 | C85: AYUDANTE | D85: día | E85: =ROUND('MANO DE OBRA'!$E$8,0) -> 107827 | F85: 1.0619469 | G85: =ROUND(E85*F85,0) -> 114507
A86: SUBTOTAL MANO DE OBRA | B86: SUBTOTAL MANO DE OBRA | C86: SUBTOTAL MANO DE OBRA | D86: SUBTOTAL MANO DE OBRA | E86: SUBTOTAL MANO DE OBRA | F86: SUBTOTAL MANO DE OBRA | G86: =ROUND(SUM(G84:G85),0) -> 145805
A87: TRANSPORTE | B87: TRANSPORTE | C87: TRANSPORTE | D87: TRANSPORTE | E87: TRANSPORTE | F87: TRANSPORTE | G87: TRANSPORTE
A88: TRANSPORTE | B88: TR-001 | C88: ARENA LAVADA | D88: m³·km | E88: =ROUND(TRANSPORTE!$E$6,0) -> 1000 | F88: 109.2 | G88: =ROUND(E88*F88,0) -> 109200
A89: TRANSPORTE | B89: TR-002 | C89: TRITURADO | D89: m³·km | E89: =ROUND(TRANSPORTE!$E$7,0) -> 1000 | F89: 81.9 | G89: =ROUND(E89*F89,0) -> 81900
A90: SUBTOTAL TRANSPORTE | B90: SUBTOTAL TRANSPORTE | C90: SUBTOTAL TRANSPORTE | D90: SUBTOTAL TRANSPORTE | E90: SUBTOTAL TRANSPORTE | F90: SUBTOTAL TRANSPORTE | G90: =ROUND(SUM(G88:G89),0) -> 191100
A91: TOTAL COSTO DIRECTO APROXIMADO AL PESO | B91: TOTAL COSTO DIRECTO APROXIMADO AL PESO | C91: TOTAL COSTO DIRECTO APROXIMADO AL PESO | D91: TOTAL COSTO DIRECTO APROXIMADO AL PESO | E91: TOTAL COSTO DIRECTO APROXIMADO AL PESO | F91: 809555 | G91: =ROUND(SUM(G75,G82,G86,G90),0) -> 802264
A93: APA-05 | B93: CONCRETO 2.500 PSI | C93: Subanálisis de precio auxiliar | G93: m³
A94: TIPO | B94: CÓDIGO | C94: DESCRIPCIÓN | D94: UNIDAD | E94: TARIFA / BASE | F94: CONSUMO | G94: PARCIAL
A95: EQUIPO Y HERRAMIENTAS | B95: EQUIPO Y HERRAMIENTAS | C95: EQUIPO Y HERRAMIENTAS | D95: EQUIPO Y HERRAMIENTAS | E95: EQUIPO Y HERRAMIENTAS | F95: EQUIPO Y HERRAMIENTAS | G95: EQUIPO Y HERRAMIENTAS
A96: EQUIPO | B96: EQ-001 | C96: MEZCLADORA ELECT/GASOLINA 2BT | D96: h | E96: =ROUND(EQUIPOS!$E$6,0) -> 15000 | F96: 0.17699115 | G96: =ROUND(E96*F96,0) -> 2655
A97: EQUIPO | B97: AUTO | C97: HERRAMIENTA MENOR (5 % DE MANO DE OBRA) | D97: % | E97: =ROUND($G$109,0) -> 145805 | F97: 0.05 | G97: =ROUND(E97*F97,0) -> 7290
A98: SUBTOTAL EQUIPO Y HERRAMIENTAS | B98: SUBTOTAL EQUIPO Y HERRAMIENTAS | C98: SUBTOTAL EQUIPO Y HERRAMIENTAS | D98: SUBTOTAL EQUIPO Y HERRAMIENTAS | E98: SUBTOTAL EQUIPO Y HERRAMIENTAS | F98: SUBTOTAL EQUIPO Y HERRAMIENTAS | G98: =ROUND(SUM(G96:G97),0) -> 9945
A99: MATERIALES | B99: MATERIALES | C99: MATERIALES | D99: MATERIALES | E99: MATERIALES | F99: MATERIALES | G99: MATERIALES
A100: MATERIAL | B100: MAT-005 | C100: GRAVILLA COMÚN DE RIO | D100: m³ | E100: =ROUND(INSUMOS!$E$10,0) -> 130900 | F100: 0.95 | G100: =ROUND(E100*F100,0) -> 124355
A101: MATERIAL | B101: MAT-002 | C101: ARENA LAVADA DE PEÑA | D101: m³ | E101: =ROUND(INSUMOS!$E$7,0) -> 160650 | F101: 0.48 | G101: =ROUND(E101*F101,0) -> 77112
A102: MATERIAL | B102: MAT-001 | C102: CEMENTO GRIS | D102: bulto | E102: =ROUND(INSUMOS!$E$6,0) -> 41983 | F102: 6 | G102: =ROUND(E102*F102,0) -> 251898
A103: MATERIAL | B103: MAT-003 | C103: AGUA | D103: L | E103: =ROUND(INSUMOS!$E$8,0) -> 25 | F103: 170 | G103: =ROUND(E103*F103,0) -> 4250
A104: MATERIAL | B104: AUTO | C104: DESPERDICIO DE MATERIALES (5 %) | D104: % | E104: =ROUND(SUM($G$100:$G$103),0) -> 457615 | F104: 0.05 | G104: =ROUND(E104*F104,0) -> 22881
A105: SUBTOTAL MATERIALES | B105: SUBTOTAL MATERIALES | C105: SUBTOTAL MATERIALES | D105: SUBTOTAL MATERIALES | E105: SUBTOTAL MATERIALES | F105: SUBTOTAL MATERIALES | G105: =ROUND(SUM(G100:G104),0) -> 480496
...

Sheet INSUMOS
A1: MUNICIPIO DE DABEIBA – ANTIOQUIA | B1: MUNICIPIO DE DABEIBA – ANTIOQUIA | C1: MUNICIPIO DE DABEIBA – ANTIOQUIA | D1: MUNICIPIO DE DABEIBA – ANTIOQUIA | E1: MUNICIPIO DE DABEIBA – ANTIOQUIA
A2: CONSTRUCCIÓN DE AULA Y MEJORAMIENTO DE INFRAESTRUCTURA EXISTENTE DE LA INSTITUCIÓN EDUCATIVA DE LA VEREDA EL RETIRO DEL MUNICIPIO DE DABEIBA, ANTIOQUIA | B2: CONSTRUCCIÓN DE AULA Y MEJORAMIENTO DE INFRAESTRUCTURA EXISTENTE DE LA INSTITUCIÓN EDUCATIVA DE LA VEREDA EL RETIRO DEL MUNICIPIO DE DABEIBA, ANTIOQUIA | C2: CONSTRUCCIÓN DE AULA Y MEJORAMIENTO DE INFRAESTRUCTURA EXISTENTE DE LA INSTITUCIÓN EDUCATIVA DE LA VEREDA EL RETIRO DEL MUNICIPIO DE DABEIBA, ANTIOQUIA | D2: CONSTRUCCIÓN DE AULA Y MEJORAMIENTO DE INFRAESTRUCTURA EXISTENTE DE LA INSTITUCIÓN EDUCATIVA DE LA VEREDA EL RETIRO DEL MUNICIPIO DE DABEIBA, ANTIOQUIA | E2: CONSTRUCCIÓN DE AULA Y MEJORAMIENTO DE INFRAESTRUCTURA EXISTENTE DE LA INSTITUCIÓN EDUCATIVA DE LA VEREDA EL RETIRO DEL MUNICIPIO DE DABEIBA, ANTIOQUIA
A3: CATÁLOGO CONSOLIDADO DE MATERIALES E INSUMOS | B3: CATÁLOGO CONSOLIDADO DE MATERIALES E INSUMOS | C3: CATÁLOGO CONSOLIDADO DE MATERIALES E INSUMOS | D3: CATÁLOGO CONSOLIDADO DE MATERIALES E INSUMOS | E3: CATÁLOGO CONSOLIDADO DE MATERIALES E INSUMOS
A5: CÓDIGO | B5: CÓDIGO ORIG. | C5: DESCRIPCIÓN | D5: UNIDAD | E5: TARIFA
A6: MAT-001 | B6: 321 | C6: CEMENTO GRIS | D6: bulto | E6: 41983
A7: MAT-002 | B7: 319 | C7: ARENA LAVADA DE PEÑA | D7: m | E7: 160650
A8: MAT-003 | B8: 259 | C8: AGUA | D8: l | E8: 25
A9: MAT-004 | B9: 334 | C9: PLASTOCRETE | D9: gramos | E9: 32
A10: MAT-005 | B10: 126 | C10: GRAVILLA COMÚN DE RIO | D10: m | E10: 130900
A11: MAT-006 | B11: 1 | C11: DURMIENTE | D11: m | E11: 8925
A12: MAT-007 | B12: 2 | C12: ESMALTE PINTULUX DE PINTUCO | D12: gal | E12: 130781
A13: MAT-008 | B13: 3 | C13: PUNTILLA CON CABEZA 2 1/2" | D13: lb | E13: 6248
A14: MAT-009 | B14: 4 | C14: DISOLVENTE THINNER | D14: gal | E14: 66402
A15: MAT-010 | B15: 28 | C15: LISTON ORDINARIO 3 X 3 | D15: m | E15: 5500
A16: MAT-011 | B16: 343 | C16: TELA VERDE DE CERRAMIENTO H:2.00m | D16: m | E16: 3332
A17: MAT-012 | B17: 23 | C17: TABLA DE MADERA ORDINARIA PARA FORMALETA 3 m × 0,30 m × 0,02 m; TARIFA POR m LINEAL | D17: m lineal | E17: 25783
... A110: MAT-105 | B110: 436 | C110: PERFIL EN C 50X150X2mm | D110: kg | E110: 12000
A111: MAT-106 | C111: PERFIL PHR C 355 × 110 × 25 mm, ESPESOR 2,5 mm | D111: kg | E111: 11305

Sheet EQUIPOS
A1: MUNICIPIO DE DABEIBA – ANTIOQUIA | B1: MUNICIPIO DE DABEIBA – ANTIOQUIA | C1: MUNICIPIO DE DABEIBA – ANTIOQUIA | D1: MUNICIPIO DE DABEIBA – ANTIOQUIA | E1: MUNICIPIO DE DABEIBA – ANTIOQUIA
A2: CONSTRUCCIÓN DE AULA Y MEJORAMIENTO DE INFRAESTRUCTURA EXISTENTE DE LA INSTITUCIÓN EDUCATIVA DE LA VEREDA EL RETIRO DEL MUNICIPIO DE DABEIBA, ANTIOQUIA | B2: CONSTRUCCIÓN DE AULA Y MEJORAMIENTO DE INFRAESTRUCTURA EXISTENTE DE LA INSTITUCIÓN EDUCATIVA DE LA VEREDA EL RETIRO DEL MUNICIPIO DE DABEIBA, ANTIOQUIA | C2: CONSTRUCCIÓN DE AULA Y MEJORAMIENTO DE INFRAESTRUCTURA EXISTENTE DE LA INSTITUCIÓN EDUCATIVA DE LA VEREDA EL RETIRO DEL MUNICIPIO DE DABEIBA, ANTIOQUIA | D2: CONSTRUCCIÓN DE AULA Y MEJORAMIENTO DE INFRAESTRUCTURA EXISTENTE DE LA INSTITUCIÓN EDUCATIVA DE LA VEREDA EL RETIRO DEL MUNICIPIO DE DABEIBA, ANTIOQUIA | E2: CONSTRUCCIÓN DE AULA Y MEJORAMIENTO DE INFRAESTRUCTURA EXISTENTE DE LA INSTITUCIÓN EDUCATIVA DE LA VEREDA EL RETIRO DEL MUNICIPIO DE DABEIBA, ANTIOQUIA
A3: CATÁLOGO CONSOLIDADO DE EQUIPOS Y HERRAMIENTAS | B3: CATÁLOGO CONSOLIDADO DE EQUIPOS Y HERRAMIENTAS | C3: CATÁLOGO CONSOLIDADO DE EQUIPOS Y HERRAMIENTAS | D3: CATÁLOGO CONSOLIDADO DE EQUIPOS Y HERRAMIENTAS | E3: CATÁLOGO CONSOLIDADO DE EQUIPOS Y HERRAMIENTAS
A5: CÓDIGO | B5: CÓDIGO ORIG. | C5: DESCRIPCIÓN | D5: UNIDAD | E5: TARIFA
A6: EQ-001 | B6: 7 | C6: MEZCLADORA ELECT/GASOLINA 2BT | D6: h | E6: 15000
A7: EQ-002 | B7: 3 | C7: Escalera Tijera Aluminio 2m (7 peldaños) | D7: día | E7: 15000
A8: EQ-003 | B8: 6 | C8: BENITIN (Vibrocompactador Monocilindro) | D8: día | E8: 241800
A9: EQ-004 | B9: 7 | C9: MEZCLADORA ELECT/GASOLINA 2BT | D9: día | E9: 87000
A10: EQ-005 | B10: 8 | C10: BANCA | D10: día | E10: 50000
A11: EQ-006 | B11: 16 | C11: CORTADORA | D11: día | E11: 57120
A12: EQ-007 | B12: 24 | C12: TALADRO INCLUYE BROCA | D12: día | E12: 35000
A13: EQ-008 | C13: Pinza voltiamperimetrica | D13: día | E13: 388
A14: EQ-009 | C14: Pala-cuchara | D14: día | E14: 105
A15: EQ-010 | C15: Pico y Pala | D15: día | E15: 75
A16: EQ-011 | C16: Herramienta de impacto | D16: día | E16: 3752
A17: EQ-012 | C17: Chispero, molde y pinza conexión p.a.t. | D17: día | E17: 1211
A18: EQ-013 | C18: Cizalla 18" | D18: día | E18: 237
A19: EQ-014 | B19: 17 | C19: EQUIPO-TALLER DE ORNAMENTACION | D19: día | E19: 360000
A20: EQ-015 | B20: 4 | C20: ANDAMIO SECCION | D20: s/m | E20: 25000
A21: EQ-016 | B21: 5 | C21: PLANCHON ORDINARIO 3m ALQ | D21: s/m | E21: 295
A22: EQ-017 | B22: 15 | C22: PULIDORA | D22: día | E22: 27500

Sheet MANO DE OBRA
A1: MUNICIPIO DE DABEIBA – ANTIOQUIA
A2: CONSTRUCCIÓN DE AULA Y MEJORAMIENTO DE INFRAESTRUCTURA EXISTENTE DE LA INSTITUCIÓN EDUCATIVA DE LA VEREDA EL RETIRO DEL MUNICIPIO DE DABEIBA, ANTIOQUIA | L2: PARÁMETROS SALARIALES
A3: CATÁLOGO CONSOLIDADO DE MANO DE OBRA | L3: SMMLV 2026 | M3: 1750905
L4: Auxilio transporte | M4: 249095
L5: Días / mes | M5: 30
A6: CÓDIGO | B6: CÓDIGO ORIG. | C6: DESCRIPCIÓN | D6: UNIDAD | E6: TARIFA | L6: Factor prest. > 2 SMMLV | M6: 0.6054
A7: MO-001 | B7: 2 | C7: OFICIAL | D7: día | E7: 176836 | L7: Factor prest. ≤ 2 SMMLV | M7: 0.76939877
A8: MO-002 | B8: 1 | C8: AYUDANTE | D8: día | E8: 107827 | L8: FACTOR PRESTACIONAL | M8: RIESGO V | N8: RIESGO I | O8: RIESGO V
A9: MO-003 | B9: 3 | C9: TOPOGRAFO | D9: día | E9: 251576 | L9: RANGO SALARIAL | M9: ≤ 2 SMMLV | N9: ≤ 2 SMMLV | O9: > 2 SMMLV
A10: MO-004 | B10: 4 | C10: CADENERO | D10: día | E10: 196251
A11: MO-005 | B11: 1 | C11: AYUDANTE | D11: día | E11: 107973 | L11: AUXILIO TRANSPORTE | M11: =$M$4/$M$3 -> 0.14226643 | N11: =$M$4/$M$3 -> 0.14226643 | O11: 0
A12: MO-006 | B12: 2 | C12: OFICIAL | D12: día | E12: 177075 | L12: CESANTÍAS | M12: 0.0833 | N12: 0.0833 | O12: 0.0833
A13: MO-007 | B13: 2 | C13: OFICIAL ESPECIALIZADO CERTIFICADO PARA TRABAJO EN ALTURAS | D13: día | E13: 177075 | L13: INT. CESANTÍAS | M13: 0.01 | N13: 0.01 | O13: 0.01
A14: MO-008 | B14: 1 | C14: AYUDANTE CERTIFICADO PARA TRABAJO EN ALTURAS | D14: día | E14: 107973 | L14: PRIMA | M14: 0.0833 | N14: 0.0833 | O14: 0.0833
A15: MO-009 | B15: 5 | C15: OFICIAL ELÉCTRICO | D15: día | E15: 164541 | L15: VACACIONES | M15: 0.0417 | N15: 0.0417 | O15: 0.0417
A16: MO-010 | B16: 6 | C16: AYUDANTE ELÉCTRICO | D16: día | E16: 83958 | L16: SENA | M16: 0.02 | N16: 0.02 | O16: 0.02
A17: MO-011 | B17: 2 | C17: OFICIAL ELÉCTRICO | D17: día | E17: 177075 | L17: ICBF | M17: 0.03 | N17: 0.03 | O17: 0.03
A18: MO-012 | B18: 1 | C18: AYUDANTE ELÉCTRICO | D18: día | E18: 107973 | L18: CAJAS | M18: 0.04 | N18: 0.04 | O18: 0.04
A19: MO-013 | B19: 2 | C19: OFICIAL ORNAMENTADOR | D19: día | E19: 177075 | L19: FIC | M19: 0.0025 | N19: 0.0025 | O19: 0.0025
A20: MO-014 | B20: 1 | C20: AYUDANTE DE ORNAMENTACIÓN | D20: día | E20: 107973 | L20: SALUD | M20: 0.085 | N20: 0.085 | O20: 0.085
A21: MO-015 | B21: 2 | C21: PINTOR | D21: día | E21: 177075 | L21: PENSIONES | M21: 0.12 | N21: 0.12 | O21: 0.12
A22: MO-016 | B22: 1 | C22: AYUDANTE DE PINTURA | D22: día | E22: 107973 | L22: ARP | M22: 0.0696 | N22: 0.0052 | O22: 0.0696
A23: MO-017 | B23: 2 | C23: OFICIAL PLOMERO | D23: día | E23: 177075 | L23: DOTACIÓN | M23: 0.0335 | N23: 0.0335 | O23: 0.01
A24: MO-018 | B24: 1 | C24: AYUDANTE PLOMERO | D24: día | E24: 107973 | L24: EXÁMENES MÉDICOS INGRESO Y RETIRO | M24: 0.01 | N24: 0.01 | O24: 0.01
L26: TOTAL FACTOR PRESTACIONAL | M26: =SUM(M11:M24) -> 0.77116643 | N26: =SUM(N11:N24) -> 0.70676643 | O26: =SUM(O11:O24) -> 0.6054
A27: PERFILES PROFESIONALES Y ADMINISTRATIVOS – BASE COS
A28: CÓDIGO | B28: CARGO | C28: CLASE | D28: # SMMLV | E28: SALARIO BASE | F28: % PREST. | G28: SALARIO + PREST. | H28: JORNAL BASE
A29: ADM-001 | B29: DIRECTOR DE OBRA | C29: ADMINISTRATIVO | D29: 5.2682413 | E29: =ROUND(D29*$M$3,0) -> 9224190 | F29: =IF(D29>2,$M$6,$M$7) -> 0.6054 | G29: =ROUND(E29*(1+F29),0) -> 14808515 | H29: =ROUND(E29/$M$5,0) -> 307473
A30: ADM-002 | B30: RESIDENTE DE OBRA | C30: ADMINISTRATIVO | D30: 2.33 | E30: =ROUND(D30*$M$3,0) -> 4079609 | F30: =IF(D30>2,$M$6,$M$7) -> 0.6054 | G30: =ROUND(E30*(1+F30),0) -> 6549404 | H30: =ROUND(E30/$M$5,0) -> 135987
A31: ADM-003 | B31: TECNÓLOGO AMBIENTAL | C31: ADMINISTRATIVO | D31: 1.55 | E31: =ROUND(D31*$M$3,0) -> 2713903 | F31: =IF(D31>2,$M$6,$M$7) -> 0.76939877 | G31: =ROUND(E31*(1+F31),0) -> 4801977 | H31: =ROUND(E31/$M$5,0) -> 90463
A32: ADM-004 | B32: TECNÓLOGO SST | C32: ADMINISTRATIVO | D32: 1.55 | E32: =ROUND(D32*$M$3,0) -> 2713903 | F32: =IF(D32>2,$M$6,$M$7) -> 0.76939877 | G32: =ROUND(E32*(1+F32),0) -> 4801977 | H32: =ROUND(E32/$M$5,0) -> 90463
A33: ADM-005 | B33: AUXILIAR DE RESIDENCIA / ENCARGADO | C33: ADMINISTRATIVO | D33: 1.8176007 | E33: =ROUND(D33*$M$3,0) -> 3182446 | F33: =IF(D33>2,$M$6,$M$7) -> 0.76939877 | G33: =ROUND(E33*(1+F33),0) -> 5631016 | H33: =ROUND(E33/$M$5,0) -> 106082
A34: ADM-006 | B34: VIGILANTE / ENCARGADO DE CAMPAMENTO | C34: ADMINISTRATIVO | D34: 2.16 | E34: =ROUND(D34*$M$3,0) -> 3781955 | F34: =IF(D34>2,$M$6,$M$7) -> 0.6054 | G34: =ROUND(E34*(1+F34),0) -> 6071551 | H34: =ROUND(E34/$M$5,0) -> 126065
A35: ADM-007 | B35: ALMACENISTA | C35: ADMINISTRATIVO | D35: 1.8176007 | E35: =ROUND(D35*$M$3,0) -> 3182446 | F35: =IF(D35>2,$M$6,$M$7) -> 0.76939877 | G35: =ROUND(E35*(1+F35),0) -> 5631016 | H35: =ROUND(E35/$M$5,0) -> 106082
A36: ADM-008 | B36: PERSONAL ADMINISTRATIVO | C36: ADMINISTRATIVO | D36: 1.72 | E36: =ROUND(D36*$M$3,0) -> 3011557 | F36: =IF(D36>2,$M$6,$M$7) -> 0.76939877 | G36: =ROUND(E36*(1+F36),0) -> 5328645 | H36: =ROUND(E36/$M$5,0) -> 100385
A37: INT-001 | B37: DIRECTOR DE INTERVENTORÍA | C37: INTERVENTORÍA | D37: 5.2682413 | E37: =ROUND(D37*$M$3,0) -> 9224190 | F37: =IF(D37>2,$M$6,$M$7) -> 0.6054 | G37: =ROUND(E37*(1+F37),0) -> 14808515 | H37: =ROUND(E37/$M$5,0) -> 307473
A38: INT-002 | B38: RESIDENTE DE INTERVENTORÍA | C38: INTERVENTORÍA | D38: 2.33 | E38: =ROUND(D38*$M$3,0) -> 4079609 | F38: =IF(D38>2,$M$6,$M$7) -> 0.6054 | G38: =ROUND(E38*(1+F38),0) -> 6549404 | H38: =ROUND(E38/$M$5,0) -> 135987
A39: INT-003 | B39: AUXILIAR DE RESIDENCIA | C39: INTERVENTORÍA | D39: 1.8176007 | E39: =ROUND(D39*$M$3,0) -> 3182446 | F39: =IF(D39>2,$M$6,$M$7) -> 0.76939877 | G39: =ROUND(E39*(1+F39),0) -> 5631016 | H39: =ROUND(E39/$M$5,0) -> 106082
A40: INT-004 | B40: PROFESIONAL SST | C40: INTERVENTORÍA | D40: 1.8176007 | E40: =ROUND(D40*$M$3,0) -> 3182446 | F40: =IF(D40>2,$M$6,$M$7) -> 0.76939877 | G40: =ROUND(E40*(1+F40),0) -> 5631016 | H40: =ROUND(E40/$M$5,0) -> 106082
... A43: ADM-009 | B43: COORDINADOR DE PROYECTO | C43: ADMINISTRATIVO | D43: 5.2682413 | E43: =ROUND(D43*$M$3,0) -> 9224190 | F43: =IF(D43>2,$M$6,$M$7) -> 0.6054 | G43: =ROUND(E43*(1+F43),0) -> 14808515 | H43: =ROUND(E43/$M$5,0) -> 307473

Sheet TRANSPORTE
A1: MUNICIPIO DE DABEIBA – ANTIOQUIA | B1: MUNICIPIO DE DABEIBA – ANTIOQUIA | C1: MUNICIPIO DE DABEIBA – ANTIOQUIA | D1: MUNICIPIO DE DABEIBA – ANTIOQUIA | E1: MUNICIPIO DE DABEIBA – ANTIOQUIA
A2: CONSTRUCCIÓN DE AULA Y MEJORAMIENTO DE INFRAESTRUCTURA EXISTENTE DE LA INSTITUCIÓN EDUCATIVA DE LA VEREDA EL RETIRO DEL MUNICIPIO DE DABEIBA, ANTIOQUIA | B2: CONSTRUCCIÓN DE AULA Y MEJORAMIENTO DE INFRAESTRUCTURA EXISTENTE DE LA INSTITUCIÓN EDUCATIVA DE LA VEREDA EL RETIRO DEL MUNICIPIO DE DABEIBA, ANTIOQUIA | C2: CONSTRUCCIÓN DE AULA Y MEJORAMIENTO DE INFRAESTRUCTURA EXISTENTE DE LA INSTITUCIÓN EDUCATIVA DE LA VEREDA EL RETIRO DEL MUNICIPIO DE DABEIBA, ANTIOQUIA | D2: CONSTRUCCIÓN DE AULA Y MEJORAMIENTO DE INFRAESTRUCTURA EXISTENTE DE LA INSTITUCIÓN EDUCATIVA DE LA VEREDA EL RETIRO DEL MUNICIPIO DE DABEIBA, ANTIOQUIA | E2: CONSTRUCCIÓN DE AULA Y MEJORAMIENTO DE INFRAESTRUCTURA EXISTENTE DE LA INSTITUCIÓN EDUCATIVA DE LA VEREDA EL RETIRO DEL MUNICIPIO DE DABEIBA, ANTIOQUIA
A3: CATÁLOGO CONSOLIDADO DE TRANSPORTE | B3: CATÁLOGO CONSOLIDADO DE TRANSPORTE | C3: CATÁLOGO CONSOLIDADO DE TRANSPORTE | D3: CATÁLOGO CONSOLIDADO DE TRANSPORTE | E3: CATÁLOGO CONSOLIDADO DE TRANSPORTE
A5: CÓDIGO | B5: CÓDIGO ORIG. | C5: DESCRIPCIÓN | D5: UNIDAD | E5: TARIFA
A6: TR-001 | B6: 11 | C6: ARENA LAVADA | D6: m³·km | E6: 1000
A7: TR-002 | B7: 6 | C7: TRITURADO | D7: m³·km | E7: 1000
A8: TR-003 | B8: 1 | C8: ARENA DE CONCRETO | D8: m³·km | E8: 1000
A9: TR-004 | C9: Vehículo transporte personal | D9: día | E9: 126000
A10: TR-005 | C10: Camión pequeño (1-3.5 Ton) | D10: día | E10: 653
A11: TR-006 | C11: Tractomula | D11: día | E11: 653
A12: TR-007 | C12: TRANSPORTE DE CUBIERTA HASTA CER EL RETIRO, DABEIBA; POR m² INSTALADO | D12: m² | E12: 25000

Sheet FORM-AU
A1: MUNICIPIO DE DABEIBA – ANTIOQUIA
A2: CONSTRUCCIÓN DE AULA Y MEJORAMIENTO DE INFRAESTRUCTURA EXISTENTE DE LA INSTITUCIÓN EDUCATIVA DE LA VEREDA EL RETIRO DEL MUNICIPIO DE DABEIBA, ANTIOQUIA
A3: CÁLCULO DETALLADO DE ADMINISTRACIÓN Y UTILIDAD – ESTRUCTURA COS
A5: ÍTEM | B5: DESCRIPCIÓN | C5: UNIDAD | D5: CANT. | E5: VALOR MENSUAL / UNIT. | F5: FACTOR PREST. | G5: DEDICACIÓN | H5: MESES | I5: VALOR REFERENCIAL | J5: FACTOR AJUSTE | K5: VALOR ADOPTADO | L5: % COSTO DIRECTO
B6: BASE: COSTO DIRECTO CORREGIDO | K6: =ROUND(ACTIVIDADES!$H$145,0) -> 397544413 | L6: =1 -> 1
B7: ADMINISTRACIÓN DE REFERENCIA DEL PRESUPUESTO BASE (25 %) | J7: 0.25 | K7: =ROUND($K$6*$J$7,0) -> 99386103 | L7: =K7/$K$6 -> 0.25
B8: UTILIDAD | J8: 0.05 | K8: =ROUND($K$6*$J$8,0) -> 19877221 | L8: =K8/$K$6 -> 0.050000001
A10: 1. PERSONAL PROFESIONAL Y TÉCNICO
A11: 1 | B11: Profesional Director de Obra | C11: mes | D11: 0 | E11: =ROUND('MANO DE OBRA'!$E$29,0) -> 9224190 | F11: =1+'MANO DE OBRA'!$F$29 -> 1.6054 | G11: 0.3 | H11: 5 | I11: =ROUND(D11*E11*F11*G11*H11,0) -> 0 | J11: =$J$56 -> 1 | K11: =ROUND(I11*J11,0) -> 0 | L11: =IFERROR(K11/$K$6,0) -> 0
A12: 2 | B12: Profesional Residente de Obra | C12: mes | D12: 1 | E12: =ROUND('MANO DE OBRA'!$E$30,0) -> 4079609 | F12: =1+'MANO DE OBRA'!$F$30 -> 1.6054 | G12: 1 | H12: 5 | I12: =ROUND(D12*E12*F12*G12*H12,0) -> 32747021 | J12: =$J$56 -> 1 | K12: =ROUND(I12*J12,0) -> 32747021 | L12: =IFERROR(K12/$K$6,0) -> 0.082373239
A13: 3 | B13: Tecnólogo Ambiental | C13: mes | D13: 0 | E13: =ROUND('MANO DE OBRA'!$E$31,0) -> 2713903 | F13: =1+'MANO DE OBRA'!$F$31 -> 1.7693988 | G13: 0.5 | H13: 5 | I13: =ROUND(D13*E13*F13*G13*H13,0) -> 0 | J13: =$J$56 -> 1 | K13: =ROUND(I13*J13,0) -> 0 | L13: =IFERROR(K13/$K$6,0) -> 0
A14: 4 | B14: Tecnólogo SST | C14: mes | D14: 1 | E14: =ROUND('MANO DE OBRA'!$E$32,0) -> 2713903 | F14: =1+'MANO DE OBRA'!$F$32 -> 1.7693988 | G14: 0.5 | H14: 5 | I14: =ROUND(D14*E14*F14*G14*H14,0) -> 12004942 | J14: =$J$56 -> 1 | K14: =ROUND(I14*J14,0) -> 12004942 | L14: =IFERROR(K14/$K$6,0) -> 0.030197738
B15: SUBTOTAL 1. PERSONAL PROFESIONAL Y TÉCNICO | I15: =ROUND(SUM(I11:I14),0) -> 44751963 | K15: =ROUND(SUM(K11:K14),0) -> 44751963 | L15: =K15/$K$6 -> 0.11257098
A16: 2. PERSONAL TÉCNICO NO PROFESIONAL
A17: 5 | B17: Encargado de Obra / Auxiliar de Residencia | C17: mes | D17: 0 | E17: =ROUND('MANO DE OBRA'!$E$33,0) -> 3182446 | F17: =1+'MANO DE OBRA'!$F$33 -> 1.7693988 | G17: 1 | H17: 5 | I17: =ROUND(D17*E17*F17*G17*H17,0) -> 0 | J17: =$J$56 -> 1 | K17: =ROUND(I17*J17,0) -> 0 | L17: =IFERROR(K17/$K$6,0) -> 0
A18: 6 | B18: Encargado de Campamento / Vigilante | C18: mes | D18: 0 | E18: =ROUND('MANO DE OBRA'!$E$34,0) -> 3781955 | F18: =1+'MANO DE OBRA'!$F$34 -> 1.6054 | G18: 1 | H18: 5 | I18: =ROUND(D18*E18*F18*G18*H18,0) -> 0 | J18: =$J$56 -> 1 | K18: =ROUND(I18*J18,0) -> 0 | L18: =IFERROR(K18/$K$6,0) -> 0
A19: 7 | B19: Almacenista | C19: mes | D19: 0 | E19: =ROUND('MANO DE OBRA'!$E$35,0) -> 3182446 | F19: =1+'MANO DE OBRA'!$F$35 -> 1.7693988 | G19: 1 | H19: 5 | I19: =ROUND(D19*E19*F19*G19*H19,0) -> 0 | J19: =$J$56 -> 1 | K19: =ROUND(I19*J19,0) -> 0 | L19: =IFERROR(K19/$K$6,0) -> 0
B20: SUBTOTAL 2. PERSONAL TÉCNICO NO PROFESIONAL | I20: =ROUND(SUM(I17:I19),0) -> 0 | K20: =ROUND(SUM(K17:K19),0) -> 0 | L20: =K20/$K$6 -> 0
A21: 3. GASTOS DE OFICINA CENTRAL
A22: 8 | B22: Secretaría de oficina central | C22: mes | D22: 0 | E22: =ROUND('MANO DE OBRA'!$E$36,0) -> 3011557 | F22: =1+'MANO DE OBRA'!$F$36 -> 1.7693988 | G22: 0.05 | H22: 5 | I22: =ROUND(D22*E22*F22*G22*H22,0) -> 0 | J22: =$J$56 -> 1 | K22: =ROUND(I22*J22,0) -> 0 | L22: =IFERROR(K22/$K$6,0) -> 0
A23: 9 | B23: Mensajería | C23: mes | D23: 0 | E23: =ROUND('MANO DE OBRA'!$E$36,0) -> 3011557 | F23: =1+'MANO DE OBRA'!$F$36 -> 1.7693988 | G23: 0.05 | H23: 5 | I23: =ROUND(D23*E23*F23*G23*H23,0) -> 0 | J23: =$J$56 -> 1 | K23: =ROUND(I23*J23,0) -> 0 | L23: =IFERROR(K23/$K$6,0) -> 0
B24: SUBTOTAL 3. GASTOS DE OFICINA CENTRAL | I24: =ROUND(SUM(I22:I23),0) -> 0 | K24: =ROUND(SUM(K22:K23),0) -> 0 | L24: =K24/$K$6 -> 0
A25: 4. INSTALACIONES PROVISIONALES
A26: 10 | B26: Campamento: arrendamiento y servicios públicos | C26: mes | D26: 1 | E26: 500000 | F26: 1 | G26: 1 | H26: 5 | I26: =ROUND(D26*E26*F26*G26*H26,0) -> 2500000 | J26: =$J$56 -> 1 | K26: =ROUND(I26*J26,0) -> 2500000 | L26: =IFERROR(K26/$K$6,0) -> 0.0062886055
A27: 11 | B27: Dotación de oficinas, muebles y enseres | C27: global | D27: 1 | E27: 800000 | F27: 1 | G27: 1 | H27: 1 | I27: =ROUND(D27*E27*F27*G27*H27,0) -> 800000 | J27: =$J$56 -> 1 | K27: =ROUND(I27*J27,0) -> 800000 | L27: =IFERROR(K27/$K$6,0) -> 0.0020123538
B28: SUBTOTAL 4. INSTALACIONES PROVISIONALES | I28: =ROUND(SUM(I26:I27),0) -> 3300000 | K28: =ROUND(SUM(K26:K27),0) -> 3300000 | L28: =K28/$K$6 -> 0.0083009593
A29: 5. SISTEMAS DE CÓMPUTO Y COMUNICACIÓN
A30: 12 | B30: Computador con software de oficina | C30: mes | D30: 2 | E30: 100000 | F30: 1 | G30: 1 | H30: 5 | I30: =ROUND(D30*E30*F30*G30*H30,0) -> 1000000 | J30: =$J$56 -> 1 | K30: =ROUND(I30*J30,0) -> 1000000 | L30: =IFERROR(K30/$K$6,0) -> 0.0025154422
A31: 13 | B31: Impresora | C31: global | D31: 1 | E31: 250000 | F31: 1 | G31: 1 | H31: 1 | I31: =ROUND(D31*E31*F31*G31*H31,0) -> 250000 | J31: =$J$56 -> 1 | K31: =ROUND(I31*J31,0) -> 250000 | L31: =IFERROR(K31/$K$6,0) -> 0.00062886055
A32: 14 | B32: Comunicaciones: teléfono e internet | C32: mes | D32: 2 | E32: 50000 | F32: 1 | G32: 1 | H32: 5 | I32: =ROUND(D32*E32*F32*G32*H32,0) -> 500000 | J32: =$J$56 -> 1 | K32: =ROUND(I32*J32,0) -> 500000 | L32: =IFERROR(K32/$K$6,0) -> 0.0012577211
B33: SUBTOTAL 5. SISTEMAS DE CÓMPUTO Y COMUNICACIÓN | I33: =ROUND(SUM(I30:I32),0) -> 1750000 | K33: =ROUND(SUM(K30:K32),0) -> 1750000 | L33: =K33/$K$6 -> 0.0044020239
A34: 6. PAPELERÍA Y OTROS COSTOS
A35: 15 | B35: Elaboración y entrega de planos récord | C35: und | D35: 0 | E35: 100000 | F35: 1 | G35: 1 | H35: 1 | I35: =ROUND(D35*E35*F35*G35*H35,0) -> 0 | J35: =$J$56 -> 1 | K35: =ROUND(I35*J35,0) -> 0 | L35: =IFERROR(K35/$K$6,0) -> 0
A36: 16 | B36: Papelería, copias, informes y registro fotográfico | C36: mes | D36: 1 | E36: 150000 | F36: 1 | G36: 1 | H36: 5 | I36: =ROUND(D36*E36*F36*G36*H36,0) -> 750000 | J36: =$J$56 -> 1 | K36: =ROUND(I36*J36,0) -> 750000 | L36: =IFERROR(K36/$K$6,0) -> 0.0018865817
B37: SUBTOTAL 6. PAPELERÍA Y OTROS COSTOS | I37: =ROUND(SUM(I35:I36),0) -> 750000 | K37: =ROUND(SUM(K35:K36),0) -> 750000 | L37: =K37/$K$6 -> 0.0018865817
A38: 7. VALLA CONTRACTUAL
A39: 17 | B39: Valla contractual de 12 m × 4 m con soporte | C39: und | D39: 1 | E39: 645288 | F39: 1 | G39: 1 | H39: 1 | I39: =ROUND(D39*E39*F39*G39*H39,0) -> 645288 | J39: =$J$56 -> 1 | K39: =ROUND(I39*J39,0) -> 645288 | L39: =IFERROR(K39/$K$6,0) -> 0.0016231847
B40: SUBTOTAL 7. VALLA CONTRACTUAL | I40: =ROUND(SUM(I39:I39),0) -> 645288 | K40: =ROUND(SUM(K39:K39),0) -> 645288 | L40: =K40/$K$6 -> 0.0016231847
A41: 8. LABORATORIO
A42: 18 | B42: Ensayos de tensión en barras de acero | C42: und | D42: 0 | E42: 285000 | F42: 1 | G42: 1 | H42: 1 | I42: =ROUND(D42*E42*F42*G42*H42,0) -> 0 | J42: =$J$56 -> 1 | K42: =ROUND(I42*J42,0) -> 0 | L42: =IFERROR(K42/$K$6,0) -> 0
A43: 19 | B43: Ensayos de doblamiento del acero | C43: und | D43: 0 | E43: 205000 | F43: 1 | G43: 1 | H43: 1 | I43: =ROUND(D43*E43*F43*G43*H43,0) -> 0 | J43: =$J$56 -> 1 | K43: =ROUND(I43*J43,0) -> 0 | L43: =IFERROR(K43/$K$6,0) -> 0
A44: 20 | B44: Ensayo de diámetro efectivo del acero | C44: und | D44: 0 | E44: 95000 | F44: 1 | G44: 1 | H44: 1 | I44: =ROUND(D44*E44*F44*G44*H44,0) -> 0 | J44: =$J$56 -> 1 | K44: =ROUND(I44*J44,0) -> 0 | L44: =IFERROR(K44/$K$6,0) -> 0
A45: 21 | B45: Proctor modificado / densidad en terreno | C45: und | D45: 5 | E45: 87400 | F45: 1 | G45: 1 | H45: 1 | I45: =ROUND(D45*E45*F45*G45*H45,0) -> 437000 | J45: =$J$56 -> 1 | K45: =ROUND(I45*J45,0) -> 437000 | L45: =IFERROR(K45/$K$6,0) -> 0.0010992482
A46: 22 | B46: Resistencia del concreto | C46: und | D46: 5 | E46: 149200 | F46: 1 | G46: 1 | H46: 1 | I46: =ROUND(D46*E46*F46*G46*H46,0) -> 746000 | J46: =$J$56 -> 1 | K46: =ROUND(I46*J46,0) -> 746000 | L46: =IFERROR(K46/$K$6,0) -> 0.0018765199
A47: 23 | B47: Diseño de mezclas | C47: und | D47: 1 | E47: 484000 | F47: 1 | G47: 1 | H47: 1 | I47: =ROUND(D47*E47*F47*G47*H47,0) -> 484000 | J47: =$J$56 -> 1 | K47: =ROUND(I47*J47,0) -> 484000 | L47: =IFERROR(K47/$K$6,0) -> 0.001217474
B48: SUBTOTAL 8. LABORATORIO | I48: =ROUND(SUM(I42:I47),0) -> 1667000 | K48: =ROUND(SUM(K42:K47),0) -> 1667000 | L48: =K48/$K$6 -> 0.0041932422
A49: 9. GMF, ESTAMPILLAS Y CONTRIBUCIONES INCLUIDAS EN LA ADMINISTRACIÓN
A50: 25 | B50: GMF 4×1000 (50 % de incidencia) | C50: global | D50: 1 | E50: =ROUND((CAPITULOS!D49-CAPITULOS!D40-K51),0) -> 487626556 | G50: 0.004 | H50: 0.5 | I50: =ROUND(D50*E50*G50*H50,0) -> 975253 | J50: =1 -> 1 | K50: =ROUND(I50,0) -> 975253 | L50: =IFERROR(K50/$K$6,0) -> 0.0024531926
A51: 25 | B51: Estampillas y contribuciones incluidas en Administración | C51: global | D51: 1 | E51: =ROUND(ESTAMPILLAS!F39,0) -> 88314288 | F51: 1 | G51: 1 | H51: 1 | I51: =ROUND(D51*E51*F51*G51*H51,0) -> 88314288 | J51: =1 -> 1 | K51: =ROUND(I51,0) -> 88314288 | L51: =IFERROR(K51/$K$6,0) -> 0.22214949
B52: SUBTOTAL 9. GMF, ESTAMPILLAS Y CONTRIBUCIONES | I52: =ROUND(SUM(I50:I51),0) -> 89289541 | K52: =ROUND(SUM(K50:K51),0) -> 89289541 | L52: =K52/$K$6 -> 0.22460268
B53: TOTAL REFERENCIAL DE ADMINISTRACIÓN (SIN PÓLIZAS, PGIO NI ASEO) | I53: =ROUND(SUM(I15,I20,I24,I28,I33,I37,I40,I48,I52),0) -> 142153792 | L53: =I53/$K$6 -> 0.35757965
B54: GMF, ESTAMPILLAS Y CONTRIBUCIONES INCLUIDAS EN ADMINISTRACIÓN | I54: =ROUND(I52,0) -> 89289541 | L54: =I54/$K$6 -> 0.22460268
B55: OTROS COSTOS ADMINISTRATIVOS DISCRIMINADOS (SUBTOTALES 1 A 8) | I55: =ROUND(I53-I54,0) -> 52864251 | L55: =I55/$K$6 -> 0.13297697
B56: FACTOR APLICADO AL DETALLE (SIN LIMITACIÓN) | J56: =IF($K$6>0,1,0) -> 1
B57: TOTAL ADMINISTRACIÓN DETALLADA DEL PROYECTO | K57: =ROUND(SUM(K15,K20,K24,K28,K33,K37,K40,K48,K52),0) -> 142153792 | L57: =K57/$K$6 -> 0.35757965
B59: UTILIDAD | K59: =ROUND(K8,0) -> 19877221 | L59: =K59/$K$6 -> 0.050000001
B60: TOTAL A + U | K60: =ROUND(K57+K59,0) -> 162031013 | L60: =K60/$K$6 -> 0.40757965
B62: SOPORTE - DISCRIMINACIÓN DE OTROS COSTOS ADMINISTRATIVOS
B63: Personal profesional y técnico | K63: =K15 -> 44751963
B64: Personal técnico no profesional | K64: =K20 -> 0
B65: Gastos de oficina central | K65: =K24 -> 0
B66: Instalaciones provisionales | K66: =K28 -> 3300000
B67: Sistemas de cómputo y comunicación | K67: =K33 -> 1750000
B68: Papelería y otros costos | K68: =K37 -> 750000
B69: Valla contractual | K69: =K40 -> 645288
B70: Laboratorio | K70: =K48 -> 1667000
B71: TOTAL OTROS COSTOS ADMINISTRATIVOS | K71: =ROUND(SUM(K63:K70),0) -> 52864251
B72: CONTROL VS. VALOR REPORTADO EN ADMINISTRACIÓN | K72: =ROUND(K71-I55,0) -> 0
B76: 4xMIL
B77: TOTAL | D77: =+K50 -> 975253
B78: OBRA | C78: =100%-C81 -> 0.88396801 | D78: =+$D$77*C78 -> 862092.46
C79: 0.7 | D79: =+$D$78*C79 -> 603464.72
C80: 0.3 | D80: =+$D$78*C80 -> 258627.74
B81: INTERVENTORIA | C81: =+CAPITULOS!H40 -> 0.11603199 | D81: =+$D$77*C81 -> 113160.54
C82: 0.7 | D82: =+C82*$D$81 -> 79212.379
C83: 0.3 | D83: =+C83*$D$81 -> 33948.162

Sheet PGIO
A1: MUNICIPIO DE DABEIBA – ANTIOQUIA | B1: MUNICIPIO DE DABEIBA – ANTIOQUIA | C1: MUNICIPIO DE DABEIBA – ANTIOQUIA | D1: MUNICIPIO DE DABEIBA – ANTIOQUIA | E1: MUNICIPIO DE DABEIBA – ANTIOQUIA | F1: MUNICIPIO DE DABEIBA – ANTIOQUIA | G1: MUNICIPIO DE DABEIBA – ANTIOQUIA
A2: CONSTRUCCIÓN DE AULA Y MEJORAMIENTO DE INFRAESTRUCTURA EXISTENTE DE LA INSTITUCIÓN EDUCATIVA DE LA VEREDA EL RETIRO DEL MUNICIPIO DE DABEIBA, ANTIOQUIA | B2: CONSTRUCCIÓN DE AULA Y MEJORAMIENTO DE INFRAESTRUCTURA EXISTENTE DE LA INSTITUCIÓN EDUCATIVA DE LA VEREDA EL RETIRO DEL MUNICIPIO DE DABEIBA, ANTIOQUIA | C2: CONSTRUCCIÓN DE AULA Y MEJORAMIENTO DE INFRAESTRUCTURA EXISTENTE DE LA INSTITUCIÓN EDUCATIVA DE LA VEREDA EL RETIRO DEL MUNICIPIO DE DABEIBA, ANTIOQUIA | D2: CONSTRUCCIÓN DE AULA Y MEJORAMIENTO DE INFRAESTRUCTURA EXISTENTE DE LA INSTITUCIÓN EDUCATIVA DE LA VEREDA EL RETIRO DEL MUNICIPIO DE DABEIBA, ANTIOQUIA | E2: CONSTRUCCIÓN DE AULA Y MEJORAMIENTO DE INFRAESTRUCTURA EXISTENTE DE LA INSTITUCIÓN EDUCATIVA DE LA VEREDA EL RETIRO DEL MUNICIPIO DE DABEIBA, ANTIOQUIA | F2: CONSTRUCCIÓN DE AULA Y MEJORAMIENTO DE INFRAESTRUCTURA EXISTENTE DE LA INSTITUCIÓN EDUCATIVA DE LA VEREDA EL RETIRO DEL MUNICIPIO DE DABEIBA, ANTIOQUIA | G2: CONSTRUCCIÓN DE AULA Y MEJORAMIENTO DE INFRAESTRUCTURA EXISTENTE DE LA INSTITUCIÓN EDUCATIVA DE LA VEREDA EL RETIRO DEL MUNICIPIO DE DABEIBA, ANTIOQUIA
A3: PRESUPUESTO DEL PGIO | B3: PRESUPUESTO DEL PGIO | C3: PRESUPUESTO DEL PGIO | D3: PRESUPUESTO DEL PGIO | E3: PRESUPUESTO DEL PGIO | F3: PRESUPUESTO DEL PGIO | G3: PRESUPUESTO DEL PGIO
A5: EJE | B5: DESCRIPCIÓN | C5: UNIDAD | D5: CANTIDAD | E5: VALOR UNITARIO | F5: VALOR PARCIAL | G5: % COSTO DIRECTO
A6: 1. SEGURIDAD Y SALUD EN EL TRABAJO | B6: 1. SEGURIDAD Y SALUD EN EL TRABAJO | C6: 1. SEGURIDAD Y SALUD EN EL TRABAJO | D6: 1. SEGURIDAD Y SALUD EN EL TRABAJO | E6: 1. SEGURIDAD Y SALUD EN EL TRABAJO | F6: 1. SEGURIDAD Y SALUD EN EL TRABAJO | G6: 1. SEGURIDAD Y SALUD EN EL TRABAJO
A7: 1 | B7: Kit básico de elementos de protección personal por trabajador | C7: und | D7: 20 | E7: 90000 | F7: =ROUND(D7*E7,0) -> 1800000 | G7: =F7/ACTIVIDADES!$H$145 -> 0.004527796
A8: 1 | B8: Kit de emergencias: extintor de 10 lb, señalización, camilla y botiquín | C8: und | D8: 1 | E8: 400000 | F8: =ROUND(D8*E8,0) -> 400000 | G8: =F8/ACTIVIDADES!$H$145 -> 0.0010061769
A9: 1 | B9: Kit para trabajos con soldadura: careta, guantes y overol especial | C9: und | D9: 1 | E9: 400000 | F9: =ROUND(D9*E9,0) -> 400000 | G9: =F9/ACTIVIDADES!$H$145 -> 0.0010061769
A10: 1 | B10: Examen médico ocupacional de ingreso y egreso | C10: und | D10: 20 | E10: 120000 | F10: =ROUND(D10*E10,0) -> 2400000 | G10: =F10/ACTIVIDADES!$H$145 -> 0.0060370613
A11: SUBTOTAL 1. SEGURIDAD Y SALUD EN EL TRABAJO | B11: SUBTOTAL 1. SEGURIDAD Y SALUD EN EL TRABAJO | C11: SUBTOTAL 1. SEGURIDAD Y SALUD EN EL TRABAJO | D11: SUBTOTAL 1. SEGURIDAD Y SALUD EN EL TRABAJO | E11: SUBTOTAL 1. SEGURIDAD Y SALUD EN EL TRABAJO | F11: =ROUND(SUM(F7:F10),0) -> 5000000 | G11: =F11/ACTIVIDADES!$H$145 -> 0.012577211
A12: 2. GESTIÓN AMBIENTAL | B12: 2. GESTIÓN AMBIENTAL | C12: 2. GESTIÓN AMBIENTAL | D12: 2. GESTIÓN AMBIENTAL | E12: 2. GESTIÓN AMBIENTAL | F12: 2. GESTIÓN AMBIENTAL | G12: 2. GESTIÓN AMBIENTAL
A13: 2 | B13: Kit para separación de residuos sólidos | C13: und | D13: 1 | E13: 416259 | F13: =ROUND(D13*E13,0) -> 416259 | G13: =F13/ACTIVIDADES!$H$145 -> 0.0010470755
A14: 2 | B14: Caneca para lavado de herramientas de 55 galones | C14: und | D14: 4 | E14: 163200 | F14: =ROUND(D14*E14,0) -> 652800 | G14: =F14/ACTIVIDADES!$H$145 -> 0.0016420807
A15: 2 | B15: Cubrimiento de materiales granulares | C15: mes | D15: 4 | E15: 200000 | F15: =ROUND(D15*E15,0) -> 800000 | G15: =F15/ACTIVIDADES!$H$145 -> 0.0020123538
A16: 2 | B16: Cubrimiento de escombros | C16: mes | D16: 4 | E16: 160000 | F16: =ROUND(D16*E16,0) -> 640000 | G16: =F16/ACTIVIDADES!$H$145 -> 0.001609883
A17: 2 | B17: Kit de aseo de infraestructura | C17: und | D17: 4 | E17: 300000 | F17: =ROUND(D17*E17,0) -> 1200000 | G17: =F17/ACTIVIDADES!$H$145 -> 0.0030185307
A18: 2 | B18: Brigada de aseo para implementación y mantenimiento del PGIO. Incluye un (1) ayudante para limpieza periódica de los frentes de obra, recolección y separación de residuos, traslado interno hasta los sitios de acopio, limpieza de circulaciones y mantenimiento de las condiciones de orden y aseo. Se considera una dedicación de tres (3) jornales por mes durante cinco (5) meses de ejecución, equivalente a quince (15) jornales. | C18: jornal | D18: 13.403888 | E18: =ROUND('MANO DE OBRA'!$E$11,0) -> 107973 | F18: =ROUND(D18*E18,0) -> 1447258 | G18: =F18/ACTIVIDADES!$H$145 -> 0.0036404939
A19: SUBTOTAL 2. GESTIÓN AMBIENTAL | B19: SUBTOTAL 2. GESTIÓN AMBIENTAL | C19: SUBTOTAL 2. GESTIÓN AMBIENTAL | D19: SUBTOTAL 2. GESTIÓN AMBIENTAL | E19: SUBTOTAL 2. GESTIÓN AMBIENTAL | F19: =ROUND(SUM(F13:F18),0) -> 5156317 | G19: =F19/ACTIVIDADES!$H$145 -> 0.012970417
A20: 3. SEGURIDAD DE OBRA | B20: 3. SEGURIDAD DE OBRA | C20: 3. SEGURIDAD DE OBRA | D20: 3. SEGURIDAD DE OBRA | E20: 3. SEGURIDAD DE OBRA | F20: 3. SEGURIDAD DE OBRA | G20: 3. SEGURIDAD DE OBRA
A21: 3 | B21: Cerramiento con señalizadores tubulares y triple cinta de demarcación | C21: m/mes | D21: 150 | E21: 2050 | F21: =ROUND(D21*E21,0) -> 307500 | G21: =F21/ACTIVIDADES!$H$145 -> 0.00077349848
A22: SUBTOTAL 3. SEGURIDAD DE OBRA | B22: SUBTOTAL 3. SEGURIDAD DE OBRA | C22: SUBTOTAL 3. SEGURIDAD DE OBRA | D22: SUBTOTAL 3. SEGURIDAD DE OBRA | E22: SUBTOTAL 3. SEGURIDAD DE OBRA | F22: =ROUND(SUM(F21:F21),0) -> 307500 | G22: =F22/ACTIVIDADES!$H$145 -> 0.00077349848
A23: 4. MANEJO DE TRÁFICO - NO APLICA AL ALCANCE DEL PROYECTO | B23: 4. MANEJO DE TRÁFICO - NO APLICA AL ALCANCE DEL PROYECTO | C23: 4. MANEJO DE TRÁFICO - NO APLICA AL ALCANCE DEL PROYECTO | D23: 4. MANEJO DE TRÁFICO - NO APLICA AL ALCANCE DEL PROYECTO | E23: 4. MANEJO DE TRÁFICO - NO APLICA AL ALCANCE DEL PROYECTO | F23: 4. MANEJO DE TRÁFICO - NO APLICA AL ALCANCE DEL PROYECTO | G23: 4. MANEJO DE TRÁFICO - NO APLICA AL ALCANCE DEL PROYECTO
A24: 4 | B24: Dispositivo temporal de señalización según PMT | C24: und/mes | D24: 7.8016067 | E24: 150000 | F24: =ROUND(D24*E24,0) -> 1170241 | G24: =IFERROR(F24/ACTIVIDADES!$H$145,0) -> 0.0029436736
A25: 4 | B25: Señales preventivas | C25: und/mes | D25: 0 | E25: 150000 | F25: =ROUND(D25*E25,0) -> 0 | G25: =IFERROR(F25/ACTIVIDADES!$H$145,0) -> 0
A26: 4 | B26: Señales reglamentarias | C26: und/mes | D26: 0 | E26: 150000 | F26: =ROUND(D26*E26,0) -> 0 | G26: =IFERROR(F26/ACTIVIDADES!$H$145,0) -> 0
A27: 4 | B27: Señales informativas | C27: und/mes | D27: 0 | E27: 156000 | F27: =ROUND(D27*E27,0) -> 0 | G27: =IFERROR(F27/ACTIVIDADES!$H$145,0) -> 0
A28: 4 | B28: Canecas plásticas anaranjadas con franjas reflectivas tipo III | C28: und | D28: 0 | E28: 127000 | F28: =ROUND(D28*E28,0) -> 0 | G28: =IFERROR(F28/ACTIVIDADES!$H$145,0) -> 0
A29: 4 | B29: Luces intermitentes amarillas de identificación de peligro | C29: und | D29: 0 | E29: 186000 | F29: =ROUND(D29*E29,0) -> 0 | G29: =IFERROR(F29/ACTIVIDADES!$H$145,0) -> 0
A30: SUBTOTAL 4. MANEJO DE TRÁFICO | B30: SUBTOTAL 4. MANEJO DE TRÁFICO | C30: SUBTOTAL 4. MANEJO DE TRÁFICO | D30: SUBTOTAL 4. MANEJO DE TRÁFICO | E30: SUBTOTAL 4. MANEJO DE TRÁFICO | F30: =ROUND(SUM(F24:F29),0) -> 1170241 | G30: =IFERROR(F30/ACTIVIDADES!$H$145,0) -> 0.0029436736
A31: 5. CONTROL DE CALIDAD | B31: 5. CONTROL DE CALIDAD | C31: 5. CONTROL DE CALIDAD | D31: 5. CONTROL DE CALIDAD | E31: 5. CONTROL DE CALIDAD | F31: 5. CONTROL DE CALIDAD | G31: 5. CONTROL DE CALIDAD
A32: 5 | B32: Ensayos de laboratorio para capas granulares | C32: mes | D32: 0 | E32: 1103782 | F32: =ROUND(D32*E32,0) -> 0 | G32: =F32/ACTIVIDADES!$H$145 -> 0
A33: 5 | B33: Ensayos de laboratorio para concretos | C33: mes | D33: 0 | E33: 1103782 | F33: =ROUND(D33*E33,0) -> 0 | G33: =F33/ACTIVIDADES!$H$145 -> 0
A34: SUBTOTAL 5. CONTROL DE CALIDAD | B34: SUBTOTAL 5. CONTROL DE CALIDAD | C34: SUBTOTAL 5. CONTROL DE CALIDAD | D34: SUBTOTAL 5. CONTROL DE CALIDAD | E34: SUBTOTAL 5. CONTROL DE CALIDAD | F34: =ROUND(SUM(F32:F33),0) -> 0 | G34: =F34/ACTIVIDADES!$H$145 -> 0
A35: TOTAL PGIO – COSTO INDIRECTO SEPARADO (NO INCLUIDO EN ADMINISTRACIÓN) | B35: TOTAL PGIO – COSTO INDIRECTO SEPARADO (NO INCLUIDO EN ADMINISTRACIÓN) | C35: TOTAL PGIO – COSTO INDIRECTO SEPARADO (NO INCLUIDO EN ADMINISTRACIÓN) | D35: TOTAL PGIO – COSTO INDIRECTO SEPARADO (NO INCLUIDO EN ADMINISTRACIÓN) | E35: TOTAL PGIO – COSTO INDIRECTO SEPARADO (NO INCLUIDO EN ADMINISTRACIÓN) | F35: =ROUND(SUM(F11,F19,F22,F30,F34),0) -> 11634058 | G35: =IFERROR(F35/ACTIVIDADES!$H$145,0) -> 0.029264801

Sheet POLIZAS
A1: MUNICIPIO DE DABEIBA – ANTIOQUIA
A2: CONSTRUCCIÓN DE AULA Y MEJORAMIENTO DE INFRAESTRUCTURA EXISTENTE DE LA INSTITUCIÓN EDUCATIVA DE LA VEREDA EL RETIRO DEL MUNICIPIO DE DABEIBA, ANTIOQUIA
A3: CÁLCULO DE PÓLIZAS DE OBRA
A5: PARÁMETRO | B5: VALOR
A10: IVA | B10: 0.19
A11: Gastos de expedición | B11: 0
A12: Valor contractual de obra para garantías, sin interventoría, sin GMF (50 % del 4 x 1000) y sin el valor de las propias pólizas.
A13: ÍTEM | B13: GARANTÍA | C13: BASE | D13: % ASEGURADO | E13: TASA ANUAL | F13: PLAZO (AÑOS) | G13: PRIMA
A14: 1 | B14: Cumplimiento | D14: 0.3 | E14: 0.004 | F14: 1 | G14: =ROUND(C14*D14*E14*F14,0) -> 0
A15: 2 | B15: Buen manejo del anticipo | D15: 0 | E15: 0.004 | F15: 1 | G15: =ROUND(C15*D15*E15*F15,0) -> 0
A16: 3 | B16: Pago de salarios y prestaciones | D16: 0.15 | E16: 0.004 | F16: 3.5 | G16: =ROUND(C16*D16*E16*F16,0) -> 0
A17: 4 | B17: Estabilidad de la obra | D17: 0.3 | E17: 0.004 | F17: 2 | G17: =ROUND(C17*D17*E17*F17,0) -> 0
A18: 5 | B18: Responsabilidad civil extracontractual | D18: 0.405 | E18: 0.0035 | F18: 0.5 | G18: =ROUND(C18*D18*E18*F18,0) -> 0
B20: Subtotal prima | G20: =ROUND(SUM(G14:G18),0) -> 0
B21: Gastos de expedición | G21: =ROUND(G20*$B$11,0) -> 0
B22: IVA | G22: =ROUND((G20+G21)*$B$10,0) -> 0
A23: TOTAL | B23: TOTAL PÓLIZAS DE OBRA | G23: =ROUND(SUM(G20:G22),0) -> 0 | J23: 4673135
A25: valor total de la obra - Interventoría | B25: =+CAPITULOS!D49-CAPITULOS!D40 -> 575940844 | C25: =IFERROR(B25/B39,"") -> 328.93895 | D25: SMMLV
A26: PLAZO DEL CONTRATO | B26: 5 | C26: =IFERROR(B26*30,"") -> 150
A27: ANTICIPO | C27: =IFERROR(B27*B25,"") -> 0
A29: TIPO DE GARANTÍA | B29: VALOR ASEGURADO | E29: COBERTURA ( DÍAS ) | F29: TASA ANUAL | G29: PRIMA
B30: % | C30: BASE | D30: VALOR
A31: Seriedad de la oferta
A32: CUMPLIMIENTO | B32: 0.3 | C32: =+$B$25 -> 575940844 | D32: =IFERROR(B32*C32,"") -> 1.7278225e+08 | E32: =IFERROR($D$7+180,"") -> 180 | F32: 0.003 | G32: =IFERROR(D32*E32*F32/360,0) -> 259173.38
A33: BUEN MANEJO Y CORRECTA INVERSIÓN DEL ANTICIPO | C33: =+C27 -> 0 | D33: =IFERROR(B33*C33,"") -> 0 | E33: =IFERROR($D$7+180,"") -> 180 | F33: 0.003 | G33: =IFERROR(D33*E33*F33/360,0) -> 0
A34: SALARIOS Y PRESTACIONES SOCIALES | B34: 0.15 | C34: =+C32 -> 575940844 | D34: =IFERROR(B34*C34,"") -> 86391127 | E34: =IFERROR($D$7+1080,"") -> 1080 | F34: 0.0025 | G34: =IFERROR(D34*E34*F34/360,0) -> 647933.45
A35: ESTABILIDAD Y CALIDAD DE LA OBRAS | B35: 0.3 | C35: =+C34 -> 575940844 | D35: =IFERROR(B35*C35,"") -> 1.7278225e+08 | E35: =IFERROR($D$7+1800,"") -> 1800 | F35: 0.003 | G35: =IFERROR(D35*E35*F35/360,0) -> 2591733.8
A36: CALIDAD DEL SERVICIO | C36: =+C35 -> 575940844 | D36: =IFERROR(B36*C36,"") -> 0 | E36: =IFERROR($D$7+1800,"") -> 1800 | F36: 0.003 | G36: =IFERROR(D36*E36*F36/360,0) -> 0
A37: =IF('[2]DATOS INICIALES'!B43="SI","RCE","") | E37: =IF(A37="","",$D$7+180) | F37: =IF(A37="","",F36) | G37: =IFERROR(D37*E37*F37/360,0) -> 0
A38: RESPONSABILIDAD CIVIL EXTRACONTRACTUAL (RCE) | B38: SMMLV | C38: MONTO ASEGURABLE | E38: PLAZO MESES | F38: TASA ANUAL | G38: PRIMA
A39: =IF(B25=0,"",IF(C25<=1500,200,IF(C25<=2500,300,IF(C25<=5000,400,IF(C25<=10000,500,"5%"))))) -> 200 | B39: =+'MANO DE OBRA'!M3 -> 1750905 | C39: =+IFERROR(IF(C25>10000,B25+5%,A39*B39),"") -> 350181000 | E39: =IF($B$26="","",$B$26) -> 5 | F39: 0.003 | G39: =+IFERROR(F39*E39*C39/12,"") -> 437726.25
E41: SUBTOTAL PRIMA | G41: =IFERROR(ROUND(IF(SUM(G31:G37,G39)=0,"",SUM(G31:G37,G39)),0),"") -> 3936567
E42: GASTOS DE EXPEDICIÓN | G42: =IF(G41="","",G41*1%) -> 39365.67
E43: IVA | F43: 0.19 | G43: =IFERROR(SUM(G41:G42)*F43,"") -> 755427.21
E44: COSTO TOTAL POLIZAS | G44: =ROUND(SUM(G41:G43),0) -> 4731360

Sheet ESTAMPILLAS
A1: MUNICIPIO DE DABEIBA – ANTIOQUIA
A2: CONSTRUCCIÓN DE AULA Y MEJORAMIENTO DE INFRAESTRUCTURA EXISTENTE DE LA INSTITUCIÓN EDUCATIVA DE LA VEREDA EL RETIRO DEL MUNICIPIO DE DABEIBA, ANTIOQUIA
A3: ESTAMPILLAS Y CONTRIBUCIONES APLICABLES AL CONTRATO | B3: ESTAMPILLAS Y CONTRIBUCIONES APLICABLES AL CONTRATO
A4: VALOR TOTAL SIN INTERVENTORÍA Y SIN GMF (50 % DEL 4/1000) | F4: =ROUND(CAPITULOS!$D$44-CAPITULOS!$D$40-'FORM-AU'!$K$50,0) -> 574965591
A5: ÍTEM | B5: CONCEPTO | C5: BASE | D5: TASA | E5: INCIDENCIA | F5: VALOR
A6: 1 | B6: Estampilla Pro Adulto Mayor | D6: 0.04 | E6: 1 | F6: =ROUND(C6*D6*E6,0) -> 0
A7: 2 | B7: Estampilla Pro Cultura | D7: 0.01 | E7: 1 | F7: =ROUND(C7*D7*E7,0) -> 0
A8: 3 | B8: Estampilla Pro Hospital | D8: 0.01 | E8: 1 | F8: =ROUND(C8*D8*E8,0) -> 0
A9: 4 | B9: Estampilla Projusticia | D9: 0.02 | E9: 1 | F9: =ROUND(C9*D9*E9,0) -> 0
A10: 5 | B10: Tasa Prodeporte y Recreación - Municipio de Dabeiba - SIN 4/1000 | D10: 0.02 | E10: 1 | F10: =ROUND(C10*D10*E10,0) -> 0
A11: 6 | B11: Contribución Especial en obra pública | D11: 0.05 | E11: 1 | F11: =ROUND(C11*D11*E11,0) -> 0
A12: 7 | B12: Retefuente contrato de obra - SOLO REFERENCIA / EXCLUIDA DEL CÁLCULO DE ESTAMPILLAS | D12: 0.02 | E12: 0 | F12: =ROUND(C12*D12*E12,0) -> 0
A13: 8 | B13: Tasa Pro Deporte y Recreación - Gobernación de Antioquia (2,5 % sobre el 70 % de recursos departamentales transferidos) - SIN 4/1000 | D13: 0.025 | E13: 1 | F13: =ROUND(C13*D13*E13,0) -> 0
A15: TOTAL | B15: TOTAL ESTAMPILLAS Y CONTRIBUCIONES | D15: =SUMPRODUCT(D6:D14,E6:E14) -> 0.175 | F15: =ROUND(SUM(F6:F14),0) -> 0
B19: VALOR DEL CONTRATO ( $ ) sin interventoría | D19: =+CAPITULOS!D49-CAPITULOS!D40 -> 575940844
B20: TOTAL DEL CONTRATO SIN 50% DEL 4/1000 (Para efectos de calculo de impuesto y estampillas) | D20: =+D19-G46 -> 5.7533738e+08
B21: Total del contrato SIN 50% del 4/1000, NI estampillas) para efectos del calculo del impuesto al gravamen financiero | D21: =IFERROR(D19-'FORM-AU'!$J$50-$F$39,0) -> 4.8762656e+08
B22: Total de la sumatoria de las estampillas y/o impuestos (para efectos de cálculo de impuesto al gravamen financiero) | D22: =IFERROR(F39,0) -> 88314288
B23: Valor monetario aportado por la Gobernación al presupuesto de Obra sin el 50 % del 4/1000 ( Si aplica), para efectos del calculo del impuesto al gravamen financiero. | D23: =+F46-G46 -> 4.5547479e+08
B25: ESTAMPILLA PRO ADULTO MAYOR | C25: % | D25: 0.04 | E25: =+$D$20 -> 5.7533738e+08 | F25: =D25*E25 -> 23013495
B26: ESTAMPILLA UdeA | C26: % | E26: =$D$20 -> 5.7533738e+08 | F26: =D26*E26 -> 0
B27: ESTAMPILLA PRO HOSPITAL | C27: % | D27: 0.01 | E27: =$D$20 -> 5.7533738e+08 | F27: =D27*E27 -> 5753373.8
B28: ESTAMPILLA PRO JUSTICIA FAMILAR | C28: % | D28: 0.02 | E28: =$D$20 -> 5.7533738e+08 | F28: =D28*E28 -> 11506748
B29: ESTAMPILLA PROCULTURA | C29: % | D29: 0.01 | E29: =$D$20 -> 5.7533738e+08 | F29: =D29*E29 -> 5753373.8
B30: ESTAMPILLA PRO DEPORTE MUNICIPAL | C30: % | D30: 0.02 | E30: =+D20*0.3 -> 1.7260121e+08 | F30: =D30*E30 -> 3452024.3
B31: ESTAMPILLA PRODEPORTE GOBERNACION | C31: % | D31: 0.025 | E31: =+D20*0.7 -> 4.0273617e+08 | F31: =D31*E31 -> 10068404
B32: Impuesto de Contribución especial 5% (del costo total incluido AU) | C32: % | D32: 0.05 | E32: =+D20 -> 5.7533738e+08 | F32: =D32*E32 -> 28766869
C33: % | E33: =$D$9 -> 0.02 | F33: =D33*E33 -> 0
C34: % | E34: =$D$9 -> 0.02 | F34: =D34*E34 -> 0
C35: % | E35: =$D$9 -> 0.02 | F35: =D35*E35 -> 0
C36: % | E36: =$D$9 -> 0.02 | F36: =D36*E36 -> 0
C37: % | E37: =$D$9 -> 0.02 | F37: =D37*E37 -> 0
B39: Costo Total tasas y estampillas | D39: =SUM(D25:D38) -> 0.175 | F39: =_xlfn.IFNA(SUM(F25:F37),0) -> 88314288
B41: NOTA
B42: *Diligenciar el cuadro de estampillas de acuerdo a la espcificacion y porcentaje vigente de cada municipio y adjuntar pantallazo de la certificacion. *En las casillas verdes se debera colocar el porcentaje correspondiente a cada una de las estampillas y el nombre de la estampilla segun corresponda a cada municipio.
D46: APORTE GOBERNACION | F46: =+CAPITULOS!D47 -> 456078256 | G46: =+'FORM-AU'!D79 -> 603464.72 | H46: 4xMIL GOB
D47: Base para cobro estampilla Prodeporte Gobernación
D49: APORTE MUNICIPIO | F49: =+CAPITULOS!D48 -> 195462110 | G49: =+'FORM-AU'!D80 -> 258627.74 | H49: 4xMIL MUN
D50: Base para cobro estampilla Prodeporte Municipio

Sheet FORM-INTER
A1: MUNICIPIO DE DABEIBA – ANTIOQUIA
A2: CONSTRUCCIÓN DE AULA Y MEJORAMIENTO DE INFRAESTRUCTURA EXISTENTE DE LA INSTITUCIÓN EDUCATIVA DE LA VEREDA EL RETIRO DEL MUNICIPIO DE DABEIBA, ANTIOQUIA
A3: PRESUPUESTO DETALLADO DE INTERVENTORÍA – ESTRUCTURA COS
A4: PLAZO, PORCENTAJE Y FACTOR EDITABLES | D4: PLAZO (MESES) | E4: 5 | G4: % INTERVENTORÍA | H4: 0.1
D5: FACTOR XDOR | E5: =+'FACTOR XDOR'!E61 -> 1.8338 | G5: IVA | H5: 0.19
A6: CANT. | B6: CARGO / CONCEPTO | C6: SUELDO O VALOR UNIT. | D6: PARTICIPACIÓN / CANT. | E6: MESES / USO | F6: VALOR REFERENCIAL | G6: FACTOR AJUSTE | H6: VALOR ADOPTADO | I6: % COSTO DIRECTO
A8: 1. COSTOS DIRECTOS DE PERSONAL | B8: 1. COSTOS DIRECTOS DE PERSONAL
A9: 0 | B9: Director de Interventoría | C9: =ROUND('MANO DE OBRA'!$E$37,0) -> 9224190 | D9: 0 | E9: =ROUND($E$4,2) -> 5 | F9: =ROUND(A9*C9*D9*E9*$E$5,0) -> 0 | G9: =$G$31 -> 1 | H9: =ROUND(F9*G9,0) -> 0 | I9: =IFERROR(H9/ACTIVIDADES!$H$145,0) -> 0
A10: 1 | B10: Ingeniero Civil Residente | C10: =ROUND('MANO DE OBRA'!$E$38,0) -> 4079609 | D10: 1 | E10: 6 | F10: =ROUND(A10*C10*D10*E10*$E$5,0) -> 44887122 | G10: =$G$31 -> 1 | H10: =ROUND(F10*G10,0) -> 44887122 | I10: =IFERROR(H10/ACTIVIDADES!$H$145,0) -> 0.11291096
A11: 0 | B11: Auxiliar de Residencia | C11: =ROUND('MANO DE OBRA'!$E$39,0) -> 3182446 | D11: 0 | E11: =ROUND($E$4,2) -> 5 | F11: =ROUND(A11*C11*D11*E11*$E$5,0) -> 0 | G11: =$G$31 -> 1 | H11: =ROUND(F11*G11,0) -> 0 | I11: =IFERROR(H11/ACTIVIDADES!$H$145,0) -> 0
A12: 0 | B12: Profesional SST | C12: =ROUND('MANO DE OBRA'!$E$40,0) -> 3182446 | D12: 0 | E12: =ROUND($E$4,2) -> 5 | F12: =ROUND(A12*C12*D12*E12*$E$5,0) -> 0 | G12: =$G$31 -> 1 | H12: =ROUND(F12*G12,0) -> 0 | I12: =IFERROR(H12/ACTIVIDADES!$H$145,0) -> 0
A13: 0 | B13: Residente Ambiental | C13: =ROUND('MANO DE OBRA'!$E$41,0) -> 4079609 | D13: 0 | E13: =ROUND($E$4,2) -> 5 | F13: =ROUND(A13*C13*D13*E13*$E$5,0) -> 0 | G13: =$G$31 -> 1 | H13: =ROUND(F13*G13,0) -> 0 | I13: =IFERROR(H13/ACTIVIDADES!$H$145,0) -> 0
A14: 1 | B14: Tecnólogo SST | C14: =ROUND('MANO DE OBRA'!$E$42,0) -> 2713903 | D14: 0.5 | E14: =ROUND($E$4,2) -> 5 | F14: =ROUND(A14*C14*D14*E14*$E$5,0) -> 12441888 | G14: =$G$31 -> 1 | H14: =ROUND(F14*G14,0) -> 12441888 | I14: =IFERROR(H14/ACTIVIDADES!$H$145,0) -> 0.03129685
B15: SUBTOTAL PERSONAL CON FACTOR MULTIPLICADOR | F15: =ROUND(SUM(F9:F14),0) -> 57329010 | H15: =ROUND(SUM(H9:H14),0) -> 57329010 | I15: =IFERROR(H15/ACTIVIDADES!$H$145,0) -> 0.14420781
A17: 2. OTROS COSTOS DIRECTOS | B17: 2. OTROS COSTOS DIRECTOS
A18: 1 | B18: Oficina / campamento y servicios públicos | C18: 500000 | D18: 1 | E18: 5 | F18: =ROUND(A18*C18*D18*E18,0) -> 2500000 | G18: =$G$31 -> 1 | H18: =ROUND(F18*G18,0) -> 2500000 | I18: =H18/ACTIVIDADES!$H$145 -> 0.0062886055
A19: 1 | B19: Ensayos de laboratorio | C19: 400000 | D19: 1 | E19: 3 | F19: =ROUND(A19*C19*D19*E19,0) -> 1200000 | G19: =$G$31 -> 1 | H19: =ROUND(F19*G19,0) -> 1200000 | I19: =H19/ACTIVIDADES!$H$145 -> 0.0030185307
A20: 1 | B20: Edición de informes, papelería y fotografías | C20: 500000 | D20: 1 | E20: 5 | F20: =ROUND(A20*C20*D20*E20,0) -> 2500000 | G20: =$G$31 -> 1 | H20: =ROUND(F20*G20,0) -> 2500000 | I20: =H20/ACTIVIDADES!$H$145 -> 0.0062886055
B21: SUBTOTAL OTROS COSTOS DIRECTOS | F21: =ROUND(SUM(F18:F20),0) -> 6200000 | H21: =ROUND(SUM(H18:H20),0) -> 6200000 | I21: =H21/ACTIVIDADES!$H$145 -> 0.015595742
B23: COSTO TÉCNICO BASE | F23: =ROUND(F15+F21,0) -> 63529010 | G23: =$G$31 -> 1 | H23: =ROUND(F23*G23,0) -> 63529010 | I23: =H23/ACTIVIDADES!$H$145 -> 0.15980355
B24: IVA | F24: =ROUND(F23*$H$5,0) -> 12070512 | G24: =$G$31 -> 1 | H24: =ROUND(F24*G24,0) -> 12070512 | I24: =H24/ACTIVIDADES!$H$145 -> 0.030362675
B25: Pólizas de interventoría | F25: =ROUND('POL INTERV'!H51,0) -> 913607 | G25: =$G$31 -> 1 | H25: =ROUND(F25*G25,0) -> 913607 | I25: =H25/ACTIVIDADES!$H$145 -> 0.0022981256
B26: Estampillas de interventoría incluidas en FACTOR XDOR (no sumar nuevamente) | F26: =ROUND(0,0) -> 0 | G26: =$G$31 -> 1 | H26: =ROUND(0,0) -> 0 | I26: =H26/ACTIVIDADES!$H$145 -> 0
B28: TOTAL DETALLADO DE INTERVENTORÍA | F28: =ROUND(SUM(F23:F26),0) -> 76513129 | I28: =F28/ACTIVIDADES!$H$145 -> 0.19246435
B30: REFERENCIA DEL PRESUPUESTO BASE (10 %) | H30: =ROUND(ACTIVIDADES!$H$145*$H$4,0) -> 39754441 | I30: =H30/ACTIVIDADES!$H$145 -> 0.099999999
B31: FACTOR APLICADO AL DETALLE (SIN LIMITACIÓN) | G31: =IF(F28>0,1,0) -> 1
B32: TOTAL INTERVENTORÍA DEL PROYECTO | H32: =ROUND((F23+F24+'POL INTERV'!$B$17)/(1-'POL INTERV'!$B$11),0) -> 75599522 | I32: =H32/ACTIVIDADES!$H$145 -> 0.19016623
B33: DIFERENCIA VS 10 % DEL PRESUPUESTO BASE | H33: =ROUND(H32-H30,0) -> 35845081 | I33: =H33/ACTIVIDADES!$H$145 -> 0.09016623
B34: CONTROL DETALLE VS TOTAL CALCULADO | H34: =ROUND(F28-H32,0) -> 913607
B36: SOPORTE DEL FACTOR MULTIPLICADOR - APLICADO SOBRE EL COSTO BASE DEL PERSONAL
B37: Costo base de personal antes del factor | H37: =ROUND(SUMPRODUCT(A9:A14,C9:C14,D9:D14,E9:E14),0) -> 31262412
B38: Factor multiplicador aplicado | H38: =$E$5 -> 1.8338
B39: Costo de personal con factor multiplicador | H39: =ROUND(H37*H38,0) -> 57329011
B40: Control vs. subtotal de personal | H40: =IF(ABS(H15-H39)<=1,0,ROUND(H15-H39,0)) -> 0

Sheet FACTOR XDOR
A1: MUNICIPIO DE DABEIBA – ANTIOQUIA
A2: CONSTRUCCIÓN DE AULA Y MEJORAMIENTO DE INFRAESTRUCTURA EXISTENTE DE LA INSTITUCIÓN EDUCATIVA DE LA VEREDA EL RETIRO DEL MUNICIPIO DE DABEIBA, ANTIOQUIA
A3: FACTOR MULTIPLICADOR DE INTERVENTORÍA
C5: Salario mínimo 2026 | D5: =+'MANO DE OBRA'!M3 -> 1750905 | E5: PLAZO INTERVENTORIA | F5: =+'FORM-INTER'!E4 -> 5
B7: A | C7: Nómina Total Mensual | D7: 1 | E7: 1 | F7: 1
C9: FACTOR PRESTACIONAL | D9: RIESGO
D10: V | E10: I | F10: V
D11: HASTA DE 2 SMLV | E11: HASTA DE 2 SMMLV | F11: MAS DE 2 SMMLV
D12: =$D$8*2 -> 0 | E12: =+D12 -> 0 | F12: =+E12+1 -> 1
C13: AUXILIO TRANSPORTE | D13: =+'MANO DE OBRA'!M11 -> 0.14226643 | E13: =+'MANO DE OBRA'!N11 -> 0.14226643 | F13: =+'MANO DE OBRA'!O11 -> 0
C14: CESANTIAS | D14: =+'MANO DE OBRA'!M12 -> 0.0833 | E14: =+'MANO DE OBRA'!N12 -> 0.0833 | F14: =+'MANO DE OBRA'!O12 -> 0.0833
C15: INT. CESANTIAS | D15: =+'MANO DE OBRA'!M13 -> 0.01 | E15: =+'MANO DE OBRA'!N13 -> 0.01 | F15: =+'MANO DE OBRA'!O13 -> 0.01
C16: PRIMA | D16: =+'MANO DE OBRA'!M14 -> 0.0833 | E16: =+'MANO DE OBRA'!N14 -> 0.0833 | F16: =+'MANO DE OBRA'!O14 -> 0.0833
C17: VACACIONES | D17: =+'MANO DE OBRA'!M15 -> 0.0417 | E17: =+'MANO DE OBRA'!N15 -> 0.0417 | F17: =+'MANO DE OBRA'!O15 -> 0.0417
C18: SENA | D18: =+'MANO DE OBRA'!M16 -> 0.02 | E18: =+'MANO DE OBRA'!N16 -> 0.02 | F18: =+'MANO DE OBRA'!O16 -> 0.02
C19: ICBF | D19: =+'MANO DE OBRA'!M17 -> 0.03 | E19: =+'MANO DE OBRA'!N17 -> 0.03 | F19: =+'MANO DE OBRA'!O17 -> 0.03
C20: CAJAS | D20: =+'MANO DE OBRA'!M18 -> 0.04 | E20: =+'MANO DE OBRA'!N18 -> 0.04 | F20: =+'MANO DE OBRA'!O18 -> 0.04
C21: FIC
C22: SALUD | D22: =+'MANO DE OBRA'!M20 -> 0.085 | E22: =+'MANO DE OBRA'!N20 -> 0.085 | F22: =+'MANO DE OBRA'!O20 -> 0.085
C23: PENSIONES | D23: =+'MANO DE OBRA'!M21 -> 0.12 | E23: =+'MANO DE OBRA'!N21 -> 0.12 | F23: =+'MANO DE OBRA'!O21 -> 0.12
C24: ARP | D24: =+'MANO DE OBRA'!M22 -> 0.0696 | E24: =+'MANO DE OBRA'!N22 -> 0.0052 | F24: =+'MANO DE OBRA'!O22 -> 0.0696
C25: DOTACIÓN | D25: =+'MANO DE OBRA'!M23 -> 0.0335 | E25: =+'MANO DE OBRA'!N23 -> 0.0335 | F25: =+'MANO DE OBRA'!O23 -> 0.01
C26: Examenes médicos ingreso y retiro | D26: =+'MANO DE OBRA'!M24 -> 0.01 | E26: =+'MANO DE OBRA'!N24 -> 0.01 | F26: =+'MANO DE OBRA'!O24 -> 0.01
B28: B | C28: FACTOR PRESTACIONAL | D28: =SUM(D13:D26) -> 0.76866643 | E28: =SUM(E13:E26) -> 0.70426643 | F28: =SUM(F13:F26) -> 0.6029
B30: C | C30: COSTOS INDIRECTOS ADMINISTRATIVOS | D30: =SUM(D31:D35) -> 0 | E30: VR. TOPE MENSUAL A RECONOCER | F30: % RECONOCIMIENTO | G30: VALOR A RECONOCER
C31: Personal Administrativo no facturable ( mesajero, vigilancia) | D31: =IFERROR(G31/'[3]FORM-INTER'!$H$20,0) -> 0 | G31: =IFERROR(F31*E31*$F$8,0) -> 0
C32: Gastos Bancarios y Costos Financieros | D32: =IFERROR(G32/'[3]FORM-INTER'!$H$20,0) -> 0 | G32: =IFERROR(F32*E32*$F$8,0) -> 0
C33: Asesorías técnicas | D33: =IFERROR(G33/'[3]FORM-INTER'!$H$20,0) -> 0 | G33: =IFERROR(F33*E33*$F$8,0) -> 0
C34: Relaciones Públicas y Gastos de Representación | D34: =IFERROR(G34/'[3]FORM-INTER'!$H$20,0) -> 0 | G34: =IFERROR(F34*E34*$F$8,0) -> 0
C35: Asesoria Legal y Contable | D35: =IFERROR(G35/'[3]FORM-INTER'!$H$20,0) -> 0 | G35: =IFERROR(F35*E35*$F$8,0) -> 0
B37: D | C37: GASTOS LEGALES | D37: =SUM(D44:D51) -> 0.13092533 | E37: CALCULO ESTAMPILLAS
C38: VALOR BÁSICO (A + B) | D38: =+'FORM-INTER'!H23 -> 63529010 | E38: APORTE GOBERNACION | F38: =+D39*G38 -> 44391095 | G38: =+CAPITULOS!E47 -> 0.7
C39: TOTAL DEL CONTRATO SIN 50% DEL 4/1000 (Para efectos de calculo de impuesto y estampillas) | D39: =+D38-G40 -> 63415849 | E39: APORTE MUNICIPIO | F39: =+D39*G39 -> 19024755 | G39: =+CAPITULOS!E48 -> 0.3
C40: VALOR BÁSICO SIN 50% del 4/1000, NI estampillas para efectos del calculo del impuesto al gravamen financiero | D40: =IFERROR(ROUND(D38-D41-E51,0),0) -> 58309886 | E40: IMPUESTO 4xMIL | F40: 0.5 | G40: =+G41+G42 -> 113160.54
C41: Total de la sumatoria de las estampillas y/o impuestos (para efectos de cálculo de impuesto al gravamen financiero) | D41: =IFERROR(ROUND(SUM(E44:E51),0),0) -> 5130342 | F41: GOBERNACION | G41: =+'FORM-AU'!D82 -> 79212.379
C42: Valor monetario aportado por la Gobernación al presupuesto de interventoria sin el 50 % del 4/1000 | D42: =+F38 -> 44391095 | F42: MUNICIPIO | G42: =+'FORM-AU'!D83 -> 33948.162
C43: ESTAMPILLAS / IMPUESTOS A RECONOCER | D43: PORCENTAJE CÁLCULO PARA FM | E43: VALOR A RECONOCER | F43: PORCENTAJE TASA
C44: ESTAMPILLA PRO ADULTO MAYOR | D44: =IFERROR(E44/'[3]FORM-INTER'!$H$20,0) -> 0.045314081 | E44: =IF(F44="",0,F44*$D$42) -> 1775643.8 | F44: =+ESTAMPILLAS!D25 -> 0.04
C45: ESTAMPILLA UdeA | D45: =IFERROR(E45/'[3]FORM-INTER'!$H$20,0) -> 0 | E45: =IF(F45="",0,F45*$D$42) -> 0 | F45: =+ESTAMPILLAS!D26 -> 0 | L45: APLICA
C46: ESTAMPILLA PRO HOSPITAL | D46: =IFERROR(E46/'[3]FORM-INTER'!$H$20,0) -> 0.01132852 | E46: =IF(F46="",0,F46*$D$42) -> 443910.95 | F46: =+ESTAMPILLAS!D27 -> 0.01 | L46: NO APLICA
C47: ESTAMPILLA PRO JUSTICIA FAMILAR | D47: =IFERROR(E47/'[3]FORM-INTER'!$H$20,0) -> 0.022657041 | E47: =IF(F47="",0,F47*$D$42) -> 887821.89 | F47: =+ESTAMPILLAS!D28 -> 0.02
C48: ESTAMPILLA PROCULTURA | D48: =IFERROR(E48/'[3]FORM-INTER'!$H$20,0) -> 0.01132852 | E48: =IF(F48="",0,F48*$D$42) -> 443910.95 | F48: =+ESTAMPILLAS!D29 -> 0.01
C49: ESTAMPILLA PRO DEPORTE MUNICIPAL | D49: =IFERROR(E49/'[3]FORM-INTER'!$H$20,0) -> 0.0097101603 | E49: =IF(F49="",0,F49*$F$39) -> 380495.1 | F49: =+ESTAMPILLAS!D30 -> 0.02
C50: ESTAMPILLA PRODEPORTE GOBERNACION | D50: =IFERROR(E50/'[3]FORM-INTER'!$H$20,0) -> 0.028321301 | E50: =IF(F50="",0,F50*$D$42) -> 1109777.4 | F50: =+ESTAMPILLAS!D31 -> 0.025
C51: Impuesto del 50% del 4/1000 (sobre el valor total del contrato) | D51: =IFERROR(E51/'[3]FORM-INTER'!$H$20,0) -> 0.0022657041 | E51: =+F51*$D$42 -> 88782.189 | F51: 0.002
C52: Retefuente. (Obra 2%, compras 2.5%, servicios 4%, honorarios 11%) Según aplique.
C53: RETE ICA
B55: E | C55: HONORARIOS (UTILIDADES) 10% de (A+B+C+D) | D55: 0.1 | E55: 0.1 | F55: 0.1
C57: TOTAL A+B+C+D+E | D57: =+D55+$D$37+$D$30+D28+D7 -> 1.9995918 | E57: =+E55+$D$37+$D$30+E28+E7 -> 1.9351918 | F57: =+F55+$D$37+$D$30+F28+F7 -> 1.8338253
C59: FACTOR MULTIPLICADOR | D59: {=TRANSPOSE(D11:F11)&" "&"-"&" "&TRANSPOSE(D10:F10)} -> HASTA DE 2 SMLV - V | E59: =IFERROR(ROUND(D57,4),"") -> 1.9996
D60: HASTA DE 2 SMMLV - I | E60: =IFERROR(ROUND(E57,4),"") -> 1.9352
D61: MAS DE 2 SMMLV - V | E61: =IFERROR(ROUND(F57,4),"") -> 1.8338

Sheet POL INTERV
A1: MUNICIPIO DE DABEIBA – ANTIOQUIA
A2: CONSTRUCCIÓN DE AULA Y MEJORAMIENTO DE INFRAESTRUCTURA EXISTENTE DE LA INSTITUCIÓN EDUCATIVA DE LA VEREDA EL RETIRO DEL MUNICIPIO DE DABEIBA, ANTIOQUIA
A3: PÓLIZAS Y LEGALIZACIÓN DE INTERVENTORÍA
A4: GARANTÍAS DEL CONTRATO DE INTERVENTORÍA
A5: PARÁMETRO | B5: VALOR
A6: Valor total del contrato de interventoría
A7: Plazo del contrato (meses)
A8: SMMLV
A9: IVA
A10: Gastos de expedición
A11: Coeficiente garantías lineales con IVA
A12: ÍTEM | B12: TIPO DE GARANTÍA | C12: % ASEG. | D12: BASE | E12: VALOR ASEGURADO | F12: COBERTURA | G12: TASA ANUAL | H12: PRIMA
A13: 1 | B13: Cumplimiento | C13: 0.2 | D13: =ROUND($B$6,0) -> 0 | E13: =ROUND(C13*D13,0) -> 0 | F13: =$B$7*30+180 -> 180 | G13: 0.002 | H13: =ROUND(E13*G13*F13/360,0) -> 0
A14: 2 | B14: Salarios y prestaciones sociales | C14: 0.2 | D14: =ROUND($B$6,0) -> 0 | E14: =ROUND(C14*D14,0) -> 0 | F14: =$B$7*30+1080 -> 1080 | G14: 0.0015 | H14: =ROUND(E14*G14*F14/360,0) -> 0
A15: 3 | B15: Calidad del servicio | C15: 0.2 | D15: =ROUND($B$6,0) -> 0 | E15: =ROUND(C15*D15,0) -> 0 | F15: =1800 -> 1800 | G15: 0.0022 | H15: =ROUND(E15*G15*F15/360,0) -> 0
A16: 4 | B16: Responsabilidad civil extracontractual (RCE) - NO APLICA | C16: 0 | D16: =ROUND($B$6,0) -> 0 | E16: =0 -> 0 | F16: =$B$7 -> 0 | G16: 0.002 | H16: =0 -> 0
A17: Prima RCE con IVA | B17: 0
B18: Subtotal prima | H18: =ROUND(SUM(H13:H16),0) -> 0
B19: Gastos de expedición | H19: =ROUND(H18*$B$10,0) -> 0
B20: IVA | H20: =ROUND((H18+H19)*$B$9,0) -> 0
B21: TOTAL PÓLIZAS DE INTERVENTORÍA | H21: =ROUND(SUM(H18:H20),0) -> 0
A22: Tasa total de estampillas incluida en FACTOR XDOR | B22: ='FACTOR XDOR'!$D$39/100 -> 634158.49
A23: ÍTEM | B23: ESTAMPILLAS EN FACTOR | C23: BASE DE NÓMINA | D23: TASA | H23: NO SE SUMA
A24: 1 | B24: Estampillas municipales de interventoría – Adulto Mayor + Procultura + Pro Hospital + Projusticia | C24: =ROUND(SUMPRODUCT('FORM-INTER'!$A$9:$A$14,'FORM-INTER'!$C$9:$C$14,'FORM-INTER'!$D$9:$D$14,'FORM-INTER'!$E$9:$E$14),0) -> 31262412 | D24: =SUM(ESTAMPILLAS!$D$6:$D$9) -> 0.08 | H24: =0 -> 0
A25: 2 | B25: Tasa Prodeporte Municipio de Dabeiba – incidencia financiación municipal | C25: =ROUND(SUMPRODUCT('FORM-INTER'!$A$9:$A$14,'FORM-INTER'!$C$9:$C$14,'FORM-INTER'!$D$9:$D$14,'FORM-INTER'!$E$9:$E$14),0) -> 31262412 | D25: =ESTAMPILLAS!$D$10*CAPITULOS!$E$48 -> 0.006 | H25: =0 -> 0
A26: 3 | B26: Tasa Prodeporte Gobernación de Antioquia – incidencia financiación departamental | C26: =ROUND(SUMPRODUCT('FORM-INTER'!$A$9:$A$14,'FORM-INTER'!$C$9:$C$14,'FORM-INTER'!$D$9:$D$14,'FORM-INTER'!$E$9:$E$14),0) -> 31262412 | D26: =ESTAMPILLAS!$D$14*CAPITULOS!$E$47 -> 0 | H26: =0 -> 0
A27: 4 | B27: Otros conceptos / GMF – no incorporados al factor | C27: =ROUND(SUMPRODUCT('FORM-INTER'!$A$9:$A$14,'FORM-INTER'!$C$9:$C$14,'FORM-INTER'!$D$9:$D$14,'FORM-INTER'!$E$9:$E$14),0) -> 31262412 | D27: 0 | H27: =0 -> 0
B29: CONTROL: TASA INCLUIDA EN FACTOR XDOR (NO SUMAR NUEVAMENTE) | D29: =SUM(D24:D27) -> 0.086 | H29: =ROUND(SUM(H24:H27),0) -> 0
B31: TOTAL PÓLIZAS DE INTERVENTORÍA (ESTAMPILLAS YA INCLUIDAS EN FACTOR) | H31: =ROUND(H21,0) -> 0
B33: CÁLCULO DE PÓLIZAS DE INTERVENTORÍA
B35: VALOR DEL CONTRATO ( $ ) | C35: =+'FORM-INTER'!H23 -> 63529010 | D35: =+IFERROR(C35/C47,"") -> 36.283528
B36: PLAZO DEL CONTRATO | C36: =+POLIZAS!B26 -> 5 | D36: =+IFERROR(C36*30,"") -> 150
B37: ANTICIPO | D37: =IFERROR(C37*C35,"") -> 0
B39: TIPO DE GARANTÍA | C39: VALOR ASEGURADO | F39: COBERTURA ( DÍAS ) | G39: TASA ANUAL | H39: PRIMA
C40: % | D40: BASE | E40: VALOR
B41: CUMPLIMIENTO | C41: 0.2 | D41: =+$C$35 -> 63529010 | E41: =+IFERROR(C41*D41,"") -> 12705802 | F41: =+IFERROR($D$36+180,"") -> 330 | G41: 0.002 | H41: =+IFERROR(G41*E41*F41/360,"") -> 23293.97
B42: BUEN MANEJO Y CORRECTA INVERSIÓN DEL ANTICIPO | E42: =+IFERROR(C42*D42,"") -> 0 | F42: =+IFERROR($D$36+180,"") -> 330 | G42: 0.003 | H42: =+IFERROR(G42*E42*F42/360,"") -> 0
B43: SALARIOS Y PRESTACIONES SOCIALES | C43: 0.2 | D43: =+D41 -> 63529010 | E43: =+IFERROR(C43*D43,"") -> 12705802 | F43: =+IFERROR($D$36+1080,"") -> 1230 | G43: 0.0025 | H43: =+IFERROR(G43*E43*F43/360,"") -> 108528.73
B44: CALIDAD DEL SERVICIO | C44: 0.2 | D44: =+D41 -> 63529010 | E44: =+IFERROR(C44*D44,"") -> 12705802 | F44: =+IF($C$36=0,"",1800) -> 1800 | G44: 0.003 | H44: =+IFERROR(G44*E44*F44/360,"") -> 190587.03
G45: =IF(B45="","",0.3%) | H45: =+IFERROR(G45*E45*F45/360,"")
B46: RESPONSABILIDAD CIVIL EXTRACONTRACTUAL | C46: SMMLV | D46: MONTO ASEGURABLE | F46: PLAZO MESES | G46: TASA ANUAL | H46: PRIMA
B47: =IF(C35=0,"",IF(D35<=1500,200,IF(D35<=2500,300,IF(D35<=5000,400,IF(D35<=10000,500,"5%"))))) -> 200 | C47: =+'MANO DE OBRA'!M3 -> 1750905 | D47: =+IFERROR(IF(D35>10000,C35+5%,B47*C47),"") -> 350181000 | F47: =IF($C$36="","",$C$36) -> 5 | G47: 0.003 | H47: =+IFERROR(G47*F47*D47/12,"") -> 437726.25
B48: SUBTOTAL PRIMA | H48: =IFERROR(ROUND(IF(SUM(H41:H44,H47)=0,"",SUM(H41:H44,H47)),0),"") -> 760136
B49: GASTOS DE EXPEDICIÓN | H49: =IF(H48="","",H48*1%) -> 7601.36
B50: I.V.A. | H50: =IFERROR((H48+H49)*0.19,"") -> 145870.1
B51: TOTAL POLIZAS | H51: =ROUND(IF(H48="",0,SUM(H48:H50)),0) -> 913607

Sheet CRONOGRAMA
A1: Cree una programación para un proyecto en esta hoja de cálculo. Escriba el título de este proyecto en la celda B1. Para obtener información sobre cómo usar esta hoja de cálculo, incluidas las instrucciones para lectores de pantalla y el nombre del autor de este libro, vea la hoja de cálculo Información. Desplácese hacia abajo por la columna A para escuchar más instrucciones. | B1: CRONOGRAMA DE ACTIVIDADES | J1: NOTA: * Se deberá ingresar la fecha de inicio del proyecto en la casilla azul. * El cronograma se deberá diligenciar en las casillas E y F respectivamente por cada actividad a realizar dentro del proyecto.
A2: Escriba el nombre de la compañía en la celda B2. | B2: PROGRAMACION DE OBRA
A3: Escriba el nombre del responsable del proyecto en la celda B3. Escriba la fecha de comienzo del proyecto en la celda E3. Inicio del proyecto: la etiqueta se encuentra en la celda C3. | B3: Ingresar fecha de Inicio: | E3: 46296
A4: La semana que se muestra en la celda E4 representa la semana inicial para mostrar en la programación del proyecto en la celda I4. La fecha de inicio del proyecto se considera la semana 1. Para cambiar semana que se muestra, simplemente escriba un número de semana nuevo en la celda E4. La fecha de inicio de cada semana, comenzando por la semana mostrada en la celda E4, comienza en la celda I4 y se calcula automáticamente. Hay 8 semanas representadas en esta vista desde la celda I4 hasta la celda BF4. No debería modificar estas celdas. La etiqueta de la semana para mostrar se encuentra en la celda C4. | B4: Semana para mostrar: | E4: 1 | I4: =I5 -> 46293 | P4: =P5 -> 46300 | W4: =W5 -> 46307 | AD4: =AD5 -> 46314 | AK4: =AK5 -> 46321 | AR4: =AR5 -> 46328 | AY4: =AY5 -> 46335 | BF4: =BF5 -> 46342
A5: Las celdas I5 a BL5 contienen el número de días de la semana representado en el bloque de celdas encima de cada celda de fecha y se calculan automáticamente. No debería modificar estas celdas. La fecha actual está rodeada con una línea roja (hex. AD3815) desde la fecha actual en la fila 5 hasta toda la columna de fechas y el fin de la programación del proyecto. | I5: =Inicio_del_proyecto-WEEKDAY(Inicio_del_proyecto,1)+2+7*(Semana_para_mostrar-1) -> 46293 | J5: =I5+1 -> 46294 | K5: =J5+1 -> 46295 | L5: =K5+1 -> 46296 | M5: =L5+1 -> 46297 | N5: =M5+1 -> 46298 | O5: =N5+1 -> 46299 | P5: =O5+1 -> 46300 | Q5: =P5+1 -> 46301 | ... BL5: =BK5+1 -> 46348
A6: Esta fila contiene los encabezados de la programación del proyecto posterior debajo de estos. Navegue desde la celda B6 a BL 6 para escuchar el contenido. La primera letra de cada día de la semana de la fecha encima de ese encabezado empieza en la celda I6 y continúa hasta la celda BL6. Todo el gráficos de escala de tiempo del proyecto está generados automáticamente en función de las fechas de inicio y finalización especificadas, con formatos condicionales. No modifique el contenido de las celdas en las columnas después de la columna I comenzando por la celda I7. | B6: TAREA | C6: ASIGNADO A | D6: % PROGRESO | E6: FECHA INICIO | F6: FECHA FIN | H6: DÍAS | I6: =LEFT(TEXT(I5,"ddd"),1) -> l | J6: =LEFT(TEXT(J5,"ddd"),1) -> m | K6: =LEFT(TEXT(K5,"ddd"),1) -> m | L6: =LEFT(TEXT(L5,"ddd"),1) -> j | M6: =LEFT(TEXT(M5,"ddd"),1) -> v | N6: =LEFT(TEXT(N5,"ddd"),1) -> s | O6: =LEFT(TEXT(O5,"ddd"),1) -> d | P6: =LEFT(TEXT(P5,"ddd"),1) -> l | ... BL6: =LEFT(TEXT(BL5,"ddd"),1) -> d
A7: No elimine esta fila. Esta fila está oculta para conservar una fórmula que se usa para resaltar el día actual dentro de la programación del proyecto.
A8: La celda B8 contiene el título de ejemplo de la Fase 1. Escriba un nuevo título en la celda B8. Escriba un nombre para asignar la fase, si se aplica para el proyecto, en la celda C8. Escriba el progreso de la fase completa, si se aplica para el proyecto, en la celda D8. Escriba las fechas de inicio y finalización de la fase completa, si se aplica para el proyecto, en las celdas E8 y F8. El gráfico de Gantt rellena automáticamente las fechas adecuadas y aplica un sombreado según el progreso especificado. Para eliminar la fase y trabajar solo con las tareas, elimine esta fila. | B8: RESUMEN | D8: 0 | H8: =IF(OR(ISBLANK(task_start),ISBLANK(task_end)),"",task_end-task_start+1)
B9: CONSTRUCCIÓN DE AULA | D9: 0 | E9: =MIN(E10:E21) -> 46296 | F9: =MAX(F10:F21) -> 46446 | H9: =IF(OR(E9="",F9=""),"",F9-E9+1) -> 151
B10: PRELIMINARES | D10: 0 | E10: =$E$3 -> 46296 | F10: =$E$3+14 -> 46310 | H10: =IF(OR(E10="",F10=""),"",F10-E10+1) -> 15
B11: CIMENTACIÓN | D11: 0 | E11: =$E$3+8 -> 46304 | F11: =$E$3+42 -> 46338 | H11: =IF(OR(E11="",F11=""),"",F11-E11+1) -> 35
B12: PISOS | D12: 0 | E12: =$E$3+100 -> 46396 | F12: =$E$3+125 -> 46421 | H12: =IF(OR(E12="",F12=""),"",F12-E12+1) -> 26
B13: ACERO DE REFUERZO | D13: 0 | E13: =$E$3+20 -> 46316 | F13: =$E$3+60 -> 46356 | H13: =IF(OR(E13="",F13=""),"",F13-E13+1) -> 41
B14: MAMPOSTERÍA | D14: 0 | E14: =$E$3+45 -> 46341 | F14: =$E$3+80 -> 46376 | H14: =IF(OR(E14="",F14=""),"",F14-E14+1) -> 36
B15: ESTRUCTURA DE CUBIERTA Y CUBIERTA | D15: 0 | E15: =$E$3+70 -> 46366 | F15: =$E$3+100 -> 46396 | H15: =IF(OR(E15="",F15=""),"",F15-E15+1) -> 31
B16: IMPERMEABILIZACIONES | D16: 0 | E16: =$E$3+95 -> 46391 | F16: =$E$3+110 -> 46406 | H16: =IF(OR(E16="",F16=""),"",F16-E16+1) -> 16
B17: INSTALACIONES ELÉCTRICAS | D17: 0 | E17: =$E$3+55 -> 46351 | F17: =$E$3+110 -> 46406 | H17: =IF(OR(E17="",F17=""),"",F17-E17+1) -> 56
B18: ILUMINACIÓN | D18: 0 | E18: =$E$3+115 -> 46411 | F18: =$E$3+135 -> 46431 | H18: =IF(OR(E18="",F18=""),"",F18-E18+1) -> 21
B19: CARPINTERÍA METÁLICA | D19: 0 | E19: =$E$3+90 -> 46386 | F19: =$E$3+120 -> 46416 | H19: =IF(OR(E19="",F19=""),"",F19-E19+1) -> 31
B20: PINTURA | D20: 0 | E20: =$E$3+120 -> 46416 | F20: =EDATE($E$3,5)-10 -> 46437 | H20: =IF(OR(E20="",F20=""),"",F20-E20+1) -> 22
B21: ASEO OBRA | D21: 0 | E21: =EDATE($E$3,5)-9 -> 46438 | F21: =EDATE($E$3,5)-1 -> 46446 | H21: =IF(OR(E21="",F21=""),"",F21-E21+1) -> 9
B22: BATERÍA SANITARIA | D22: 0 | E22: =MIN(E23:E32) -> 46301 | F22: =MAX(F23:F32) -> 46431 | H22: =IF(OR(E22="",F22=""),"",F22-E22+1) -> 131
B23: PRELIMINARES | D23: 0 | E23: =$E$3+5 -> 46301 | F23: =$E$3+15 -> 46311 | H23: =IF(OR(E23="",F23=""),"",F23-E23+1) -> 11
B24: EXCAVACIONES Y LLENOS | D24: 0 | E24: =$E$3+12 -> 46308 | F24: =$E$3+30 -> 46326 | H24: =IF(OR(E24="",F24=""),"",F24-E24+1) -> 19
B25: CONCRETOS | D25: 0 | E25: =$E$3+25 -> 46321 | F25: =$E$3+45 -> 46341 | H25: =IF(OR(E25="",F25=""),"",F25-E25+1) -> 21
B26: MAMPOSTERÍA | D26: 0 | E26: =$E$3+40 -> 46336 | F26: =$E$3+65 -> 46361 | H26: =IF(OR(E26="",F26=""),"",F26-E26+1) -> 26
B27: INSTALACIONES ELÉCTRICAS | D27: 0 | E27: =$E$3+55 -> 46351 | F27: =$E$3+95 -> 46391 | H27: =IF(OR(E27="",F27=""),"",F27-E27+1) -> 41
B28: INSTALACIONES HIDRÁULICAS | D28: 0 | E28: =$E$3+45 -> 46341 | F28: =$E$3+85 -> 46381 | H28: =IF(OR(E28="",F28=""),"",F28-E28+1) -> 41
B29: INSTALACIONES SANITARIAS Y APARATOS | D29: 0 | E29: =$E$3+50 -> 46346 | F29: =$E$3+110 -> 46406 | H29: =IF(OR(E29="",F29=""),"",F29-E29+1) -> 61
B30: CARPINTERÍA METÁLICA | D30: 0 | E30: =$E$3+85 -> 46381 | F30: =$E$3+115 -> 46411 | H30: =IF(OR(E30="",F30=""),"",F30-E30+1) -> 31
B31: PINTURA | D31: 0 | E31: =$E$3+105 -> 46401 | F31: =$E$3+135 -> 46431 | H31: =IF(OR(E31="",F31=""),"",F31-E31+1) -> 31
B32: CUBIERTA | D32: 0 | E32: =$E$3+60 -> 46356 | F32: =$E$3+90 -> 46386 | H32: =IF(OR(E32="",F32=""),"",F32-E32+1) -> 31
B33: DURACIÓN TOTAL DEL PROYECTO (MESES) | H33: =DATEDIF(MIN(E10:E21,E23:E32),MAX(F10:F21,F23:F32)+1,"m") -> 5
